Workbook
Name F_10: #REF!
Name F_105: #REF!
Name F_107: #REF!
Name F_11: #REF!
Name F_112: #REF!
Name F_113: #REF!
Name F_117: #REF!
Name F_12: #REF!
Name F_120: #REF!
Name F_122: #REF!
Name F_127: #REF!
Name F_13: #REF!
Name F_14: #REF!
Name F_140: #REF!
Name F_15: #REF!
Name F_150: #REF!
Name F_16: #REF!
Name F_160: #REF!
Name F_17: #REF!
Name F_185: #REF!
Name F_2: #REF!
Name F_205: #REF!
Name F_215: #REF!
Name F_245: #REF!
Name F_250: #REF!
Name F_255: #REF!
Name F_260: #REF!
Name F_270: #REF!
Name F_285: #REF!
Name F_29: #REF!
Name F_290: #REF!
Name F_295: #REF!
Name F_3: #REF!
Name F_30: #REF!
Name F_31: #REF!
Name F_320: #REF!
Name F_33: #REF!
Name F_34: #REF!
Name F_345: #REF!
Name F_35: #REF!
Name F_350: #REF!
Name F_360: #REF!
Name F_37: #REF!
Name F_380: #REF!
Name F_390: #REF!
Name F_395: #REF!
Name F_397: #REF!
Name F_400: #REF!
Name F_405: #REF!
Name F_410: #REF!
Name F_42: #REF!
Name F_420: #REF!
Name F_428: #REF!
Name F_435: #REF!
Name F_440: #REF!
Name F_445: #REF!
Name F_45: #REF!
Name F_450: #REF!
Name F_452: #REF!
Name F_460: #REF!

Sheet Identificação
A1: IDENTIFICAÇÃO
A2: Modalidade* | B2: Concorrência Lei 14.133/21 Eletrônica | D2: N° * | F2: Ano * | G2: 2025
A3: Descrição do Objeto | B3: UNIDADE DE CASA DE MADEIRA
A4: Órgão | B4: Município de Montenegro | F4: CNPJ *
A5: Tipo de Objeto* | B5: Obras e Serviços de Engenharia | C5: N° CENTRAL DE COMPRAS
A6: Preço Total Estimado | B6: ='Orçamento-base'!C6 -> 120295.28
A7: Preço Total Proposto | B7: =Proposta!C6 -> 0
A8: Qtd. Itens Orçamento | B8: =COUNT('Orçamento-base'!B12:B39831) -> 70
A9: Atenção! Para incluir mais de 50 lotes, selecione as células A62 a G62 e arraste as fórmulas para baixo, de acordo com o número de lotes necessário.
A10: *Campos de preenchimento obrigatório | C10: **Campos de preenchimento obrigatório para licitação composta por lotes
A11: Nº do lote** | B11: Descrição do Lote** | C11: Estimativa | G11: Proposta
C12: Valor do lote (R$) | G12: Valor do lote (R$)
A13: 1 | B13: CONSTRUÇÃO UNIDADE DE CASA DE MADEIRA | C13: =SUMIF('Orçamento-base'!$A$12:$A$39833,Identificação!$A13,'Orçamento-base'!$K$12:$K$39833) -> 120295.28 | G13: =SUMIF(Proposta!$A$12:$A$39952,Identificação!$A13,Proposta!$H$12:$H$39952) -> 0
C14: =SUMIF('Orçamento-base'!$A$12:$A$39833,Identificação!$A14,'Orçamento-base'!$K$12:$K$39833) -> 0 | G14: =SUMIF(Proposta!$A$12:$A$39952,Identificação!$A14,Proposta!$H$12:$H$39952) -> 0
C15: =SUMIF('Orçamento-base'!$A$12:$A$39833,Identificação!$A15,'Orçamento-base'!$K$12:$K$39833) -> 0 | G15: =SUMIF(Proposta!$A$12:$A$39952,Identificação!$A15,Proposta!$H$12:$H$39952) -> 0
C16: =SUMIF('Orçamento-base'!$A$12:$A$39833,Identificação!$A16,'Orçamento-base'!$K$12:$K$39833) -> 0 | G16: =SUMIF(Proposta!$A$12:$A$39952,Identificação!$A16,Proposta!$H$12:$H$39952) -> 0
C17: =SUMIF('Orçamento-base'!$A$12:$A$39833,Identificação!$A17,'Orçamento-base'!$K$12:$K$39833) -> 0 | G17: =SUMIF(Proposta!$A$12:$A$39952,Identificação!$A17,Proposta!$H$12:$H$39952) -> 0
C18: =SUMIF('Orçamento-base'!$A$12:$A$39833,Identificação!$A18,'Orçamento-base'!$K$12:$K$39833) -> 0 | G18: =SUMIF(Proposta!$A$12:$A$39952,Identificação!$A18,Proposta!$H$12:$H$39952) -> 0
C19: =SUMIF('Orçamento-base'!$A$12:$A$39833,Identificação!$A19,'Orçamento-base'!$K$12:$K$39833) -> 0 | G19: =SUMIF(Proposta!$A$12:$A$39952,Identificação!$A19,Proposta!$H$12:$H$39952) -> 0
C20: =SUMIF('Orçamento-base'!$A$12:$A$39833,Identificação!$A20,'Orçamento-base'!$K$12:$K$39833) -> 0 | G20: =SUMIF(Proposta!$A$12:$A$39952,Identificação!$A20,Proposta!$H$12:$H$39952) -> 0
C21: =SUMIF('Orçamento-base'!$A$12:$A$39833,Identificação!$A21,'Orçamento-base'!$K$12:$K$39833) -> 0 | G21: =SUMIF(Proposta!$A$12:$A$39952,Identificação!$A21,Proposta!$H$12:$H$39952) -> 0
C22: =SUMIF('Orçamento-base'!$A$12:$A$39833,Identificação!$A22,'Orçamento-base'!$K$12:$K$39833) -> 0 | G22: =SUMIF(Proposta!$A$12:$A$39952,Identificação!$A22,Proposta!$H$12:$H$39952) -> 0
C23: =SUMIF('Orçamento-base'!$A$12:$A$39833,Identificação!$A23,'Orçamento-base'!$K$12:$K$39833) -> 0 | G23: =SUMIF(Proposta!$A$12:$A$39952,Identificação!$A23,Proposta!$H$12:$H$39952) -> 0
C24: =SUMIF('Orçamento-base'!$A$12:$A$39833,Identificação!$A24,'Orçamento-base'!$K$12:$K$39833) -> 0 | G24: =SUMIF(Proposta!$A$12:$A$39952,Identificação!$A24,Proposta!$H$12:$H$39952) -> 0
C25: =SUMIF('Orçamento-base'!$A$12:$A$39833,Identificação!$A25,'Orçamento-base'!$K$12:$K$39833) -> 0 | G25: =SUMIF(Proposta!$A$12:$A$39952,Identificação!$A25,Proposta!$H$12:$H$39952) -> 0
... C62: =SUMIF('Orçamento-base'!$A$12:$A$39833,Identificação!$A62,'Orçamento-base'!$K$12:$K$39833) -> 0 | G62: =SUMIF(Proposta!$A$12:$A$39952,Identificação!$A62,Proposta!$H$12:$H$39952) -> 0

Sheet Orçamento-base
A1: ORÇAMENTO
A2: Modalidade | C2: =IF(Identificação!B2=0,"",Identificação!B2) -> Concorrência Lei 14.133/21 Eletrônica | H2: N° | I2: =IF(Identificação!E2=0,"",Identificação!E2) | J2: Ano | K2: =IF(Identificação!G2=0,"",Identificação!G2) -> 2025
A3: Descrição do Objeto | C3: =IF(Identificação!B3=0,"",Identificação!B3) -> UNIDADE DE CASA DE MADEIRA
A4: Órgão | C4: =IF(Identificação!B4=0,"",Identificação!B4) -> Município de Montenegro | J4: CNPJ | K4: =IF(Identificação!G4=0,"",Identificação!G4)
A5: Tipo de Objeto | C5: =IF(Identificação!B5=0,"",Identificação!B5) -> Obras e Serviços de Engenharia
A6: Preço T. Estimado | C6: =SUMIFS(K12:K39833,B12:B39833,">0",K12:K39833,"<>0") -> 120295.28
A8: Atenção! Para incluir mais de 100 linhas de itens, selecione as células A113 a R113 e arraste as fórmulas para baixo, de acordo com o número de itens necessário.
A9: *Preenchimento obrigatório | F9: **Obrigatório só para Obras e Serviços de Engenharia | H9: ***Obrigatório só para licitação composta por Lotes
A10: Nº do Lote*** | B10: N° Ordem | C10: Nº Item* | D10: Fonte de Referência** | E10: Código de Referência** | F10: Data de Referência** | G10: Descrição do item* | H10: Estimativa | N10: Família | P10: Subfamília | R10: Tipo de Orçamento | S10: Pr. Unit. Material | T10: Pr. Unit. Mão de obra
H11: Qtd.* | I11: Unid.* | J11: Preço unitário (R$)* | K11: Preço Total (R$) | L11: % BDI** | M11: % Encargos Sociais** | N11: Código | O11: Descrição | P11: Código | Q11: Descrição
B12: =IF(AND(G12<>"",H12>0,I12<>"",J12<>0,K12<>0),COUNT($B$11:B11)+1,"") | C12: 1 | G12: SERVIÇOS PRELIMINARES | J12: =IFERROR(IF(S12+T12<>0,ROUND(ROUND(S12,4)+ROUND(T12,4),4),""),"") | K12: =IFERROR(IF(H12*J12<>0,ROUND(ROUND(H12,4)*ROUND(J12,4),2),""),"") | O12: =IF(N12="","",INDIRECT("base!"&ADDRESS(MATCH(N12,#REF!:#REF!,0)+1,4,4))) | Q12: =IF(P12="","",INDIRECT("base!"&ADDRESS(MATCH(CONCATENATE(N12,"|",P12),#REF!:#REF!,0)+1,6,4))) | U12: Material | V12: M.O.
A13: 1 | B13: =IF(AND(G13<>"",H13>0,I13<>"",J13<>0,K13<>0),COUNT($B$11:B12)+1,"") -> 1 | C13: 1.1 | D13: SINAPI | E13: 103689 | F13: 45870 | G13: FORNECIMENTO E INSTALAÇÃO DE PLACA DE OBRA COM CHAPA GALVANIZADA E ESTRUTURA DE MADEIRA. AF_03/2022_PS | H13: 2.5 | I13: m² | J13: =IFERROR(IF(S13+T13<>0,ROUND(ROUND(S13,4)+ROUND(T13,4),4),""),"") -> 580.24 | K13: =IFERROR(IF(H13*J13<>0,ROUND(ROUND(H13,4)*ROUND(J13,4),2),""),"") -> 1450.6 | L13: 0.265 | M13: 0.8325 | O13: =IF(N13="","",INDIRECT("base!"&ADDRESS(MATCH(N13,#REF!:#REF!,0)+1,4,4))) | Q13: =IF(P13="","",INDIRECT("base!"&ADDRESS(MATCH(CONCATENATE(N13,"|",P13),#REF!:#REF!,0)+1,6,4))) | R13: Mão-de-obra e material | S13: =TRUNC(U13*(1+L13),2) -> 38.86 | T13: =TRUNC(V13*(1+L13),2) -> 541.38 | U13: 30.72 | V13: 427.97
A14: 1 | B14: =IF(AND(G14<>"",H14>0,I14<>"",J14<>0,K14<>0),COUNT($B$11:B13)+1,"") -> 2 | C14: 1.2 | D14: SINAPI | E14: 99058 | F14: 45870 | G14: LOCAÇÃO DE PONTO PARA REFERÊNCIA TOPOGRÁFICA. AF_10/2018 | H14: 12 | I14: UN | J14: =IFERROR(IF(S14+T14<>0,ROUND(ROUND(S14,4)+ROUND(T14,4),4),""),"") -> 16.27 | K14: =IFERROR(IF(H14*J14<>0,ROUND(ROUND(H14,4)*ROUND(J14,4),2),""),"") -> 195.24 | L14: 0.265 | M14: 0.8325 | O14: =IF(N14="","",INDIRECT("base!"&ADDRESS(MATCH(N14,#REF!:#REF!,0)+1,4,4))) | Q14: =IF(P14="","",INDIRECT("base!"&ADDRESS(MATCH(CONCATENATE(N14,"|",P14),#REF!:#REF!,0)+1,6,4))) | R14: Mão-de-obra e material | S14: =TRUNC(U14*(1+L14),2) -> 13.9 | T14: =TRUNC(V14*(1+L14),2) -> 2.37 | U14: 10.99 | V14: 1.88
A15: 1 | B15: =IF(AND(G15<>"",H15>0,I15<>"",J15<>0,K15<>0),COUNT($B$11:B14)+1,"") -> 3 | C15: 1.3 | D15: SINAPI | E15: 100575 | F15: 45870 | G15: REGULARIZAÇÃO DE SUPERFÍCIES COM MOTONIVELADORA. AF_09/2024 | H15: 170 | I15: m² | J15: =IFERROR(IF(S15+T15<>0,ROUND(ROUND(S15,4)+ROUND(T15,4),4),""),"") -> 0.8 | K15: =IFERROR(IF(H15*J15<>0,ROUND(ROUND(H15,4)*ROUND(J15,4),2),""),"") -> 136 | L15: 0.265 | M15: 0.8325 | O15: =IF(N15="","",INDIRECT("base!"&ADDRESS(MATCH(N15,#REF!:#REF!,0)+1,4,4))) | Q15: =IF(P15="","",INDIRECT("base!"&ADDRESS(MATCH(CONCATENATE(N15,"|",P15),#REF!:#REF!,0)+1,6,4))) | R15: Mão-de-obra e material | S15: =TRUNC(U15*(1+L15),2) -> 0.29 | T15: =TRUNC(V15*(1+L15),2) -> 0.51 | U15: 0.23 | V15: 0.41
A16: 1 | B16: =IF(AND(G16<>"",H16>0,I16<>"",J16<>0,K16<>0),COUNT($B$11:B15)+1,"") -> 4 | C16: 1.4 | D16: SINAPI | E16: 95634 | F16: 45870 | G16: KIT CAVALETE PARA MEDIÇÃO DE ÁGUA - ENTRADA PRINCIPAL, EM PVC 20 MM (1/2") - FORNECIMENTO E INSTALAÇÃO (EXCLUSIVE HIDRÔMETRO). AF_03/2024 | H16: 1 | I16: UN | J16: =IFERROR(IF(S16+T16<>0,ROUND(ROUND(S16,4)+ROUND(T16,4),4),""),"") -> 292.94 | K16: =IFERROR(IF(H16*J16<>0,ROUND(ROUND(H16,4)*ROUND(J16,4),2),""),"") -> 292.94 | L16: 0.265 | M16: 0.8325 | O16: =IF(N16="","",INDIRECT("base!"&ADDRESS(MATCH(N16,#REF!:#REF!,0)+1,4,4))) | Q16: =IF(P16="","",INDIRECT("base!"&ADDRESS(MATCH(CONCATENATE(N16,"|",P16),#REF!:#REF!,0)+1,6,4))) | R16: Mão-de-obra e material | S16: =TRUNC(U16*(1+L16),2) -> 62.73 | T16: =TRUNC(V16*(1+L16),2) -> 230.21 | U16: 49.59 | V16: 181.99
A17: 1 | B17: =IF(AND(G17<>"",H17>0,I17<>"",J17<>0,K17<>0),COUNT($B$11:B16)+1,"") -> 5 | C17: 1.5 | D17: SINAPI | E17: 101489 | F17: 45870 | G17: ENTRADA DE ENERGIA ELÉTRICA, AÉREA, MONOFÁSICA, COM CAIXA DE SOBREPOR, CABO DE 10 MM2 E DISJUNTOR DIN 50A (NÃO INCLUSO O POSTE DE CONCRETO). AF_07/2020_PS | H17: 1 | I17: UN | J17: =IFERROR(IF(S17+T17<>0,ROUND(ROUND(S17,4)+ROUND(T17,4),4),""),"") -> 1980.41 | K17: =IFERROR(IF(H17*J17<>0,ROUND(ROUND(H17,4)*ROUND(J17,4),2),""),"") -> 1980.41 | L17: 0.265 | M17: 0.8325 | O17: =IF(N17="","",INDIRECT("base!"&ADDRESS(MATCH(N17,#REF!:#REF!,0)+1,4,4))) | Q17: =IF(P17="","",INDIRECT("base!"&ADDRESS(MATCH(CONCATENATE(N17,"|",P17),#REF!:#REF!,0)+1,6,4))) | R17: Mão-de-obra e material | S17: =TRUNC(U17*(1+L17),2) -> 472.65 | T17: =TRUNC(V17*(1+L17),2) -> 1507.76 | U17: 373.64 | V17: 1191.91
A18: 1 | B18: =IF(AND(G18<>"",H18>0,I18<>"",J18<>0,K18<>0),COUNT($B$11:B17)+1,"") -> 6 | C18: 1.6 | D18: SINAPI | E18: 5050 | F18: 45870 | G18: POSTE CONICO CONTINUO EM ACO GALVANIZADO, RETO, FLANGEADO, H = 3 M, DIAMETRO INFERIOR = *95* MM | H18: 1 | I18: UN | J18: =IFERROR(IF(S18+T18<>0,ROUND(ROUND(S18,4)+ROUND(T18,4),4),""),"") -> 714.61 | K18: =IFERROR(IF(H18*J18<>0,ROUND(ROUND(H18,4)*ROUND(J18,4),2),""),"") -> 714.61 | L18: 0.265 | M18: 0.8325 | O18: =IF(N18="","",INDIRECT("base!"&ADDRESS(MATCH(N18,#REF!:#REF!,0)+1,4,4))) | Q18: =IF(P18="","",INDIRECT("base!"&ADDRESS(MATCH(CONCATENATE(N18,"|",P18),#REF!:#REF!,0)+1,6,4))) | R18: Mão-de-obra e material | S18: =TRUNC(U18*(1+L18),2) -> 0 | T18: =TRUNC(V18*(1+L18),2) -> 714.61 | U18: 0 | V18: 564.91
A19: 1 | B19: =IF(AND(G19<>"",H19>0,I19<>"",J19<>0,K19<>0),COUNT($B$11:B18)+1,"") -> 7 | C19: 1.7 | D19: SINAPI | E19: 100600 | F19: 45870 | G19: ASSENTAMENTO DE POSTE DE CONCRETO COM COMPRIMENTO NOMINAL DE 9 M, CARGA NOMINAL DE 300 DAN, ENGASTAMENTO BASE CONCRETADA COM 1 M DE CONCRETO E 0,5 M DE SOLO (NÃO INCLUI FORNECIMENTO). AF_11/2019 | H19: 1 | I19: UN | J19: =IFERROR(IF(S19+T19<>0,ROUND(ROUND(S19,4)+ROUND(T19,4),4),""),"") -> 890.59 | K19: =IFERROR(IF(H19*J19<>0,ROUND(ROUND(H19,4)*ROUND(J19,4),2),""),"") -> 890.59 | L19: 0.265 | M19: 0.8325 | O19: =IF(N19="","",INDIRECT("base!"&ADDRESS(MATCH(N19,#REF!:#REF!,0)+1,4,4))) | Q19: =IF(P19="","",INDIRECT("base!"&ADDRESS(MATCH(CONCATENATE(N19,"|",P19),#REF!:#REF!,0)+1,6,4))) | R19: Mão-de-obra e material | S19: =TRUNC(U19*(1+L19),2) -> 208.54 | T19: =TRUNC(V19*(1+L19),2) -> 682.05 | U19: 164.86 | V19: 539.17
B20: =IF(AND(G20<>"",H20>0,I20<>"",J20<>0,K20<>0),COUNT($B$11:B14)+1,"") | C20: 2 | G20: ESTRUTURA | J20: =IFERROR(IF(S20+T20<>0,ROUND(ROUND(S20,4)+ROUND(T20,4),4),""),"")
A21: 1 | B21: =IF(AND(G21<>"",H21>0,I21<>"",J21<>0,K21<>0),COUNT($B$11:B20)+1,"") -> 8 | C21: 2.1 | D21: SINAPI | E21: 93358 | F21: 45597 | G21: ESCAVAÇÃO MANUAL DE VALA. AF_09/2024 | H21: 3.5 | I21: m³ | J21: =IFERROR(IF(S21+T21<>0,ROUND(ROUND(S21,4)+ROUND(T21,4),4),""),"") -> 111.88 | K21: =IFERROR(IF(H21*J21<>0,ROUND(ROUND(H21,4)*ROUND(J21,4),2),""),"") -> 391.58 | L21: 0.265 | M21: 0.8325 | O21: =IF(N21="","",INDIRECT("base!"&ADDRESS(MATCH(N21,#REF!:#REF!,0)+1,4,4))) | Q21: =IF(P21="","",INDIRECT("base!"&ADDRESS(MATCH(CONCATENATE(N21,"|",P21),#REF!:#REF!,0)+1,6,4))) | R21: Mão-de-obra e material | S21: =TRUNC(U21*(1+L21),2) -> 82.02 | T21: =TRUNC(V21*(1+L21),2) -> 29.86 | U21: 64.84 | V21: 23.61
A22: 1 | B22: =IF(AND(G22<>"",H22>0,I22<>"",J22<>0,K22<>0),COUNT($B$11:B21)+1,"") -> 9 | C22: 2.2 | D22: SINAPI | E22: 100651 | F22: 45870 | G22: ESTACA HÉLICE CONTÍNUA, DIÂMETRO DE 30 CM, INCLUSO CONCRETO FCK=30MPA E ARMADURA MÍNIMA (EXCLUSIVE BOMBEAMENTO, MOBILIZAÇÃO E DESMOBILIZAÇÃO). AF_12/2019_PA | H22: 18 | I22: m | J22: =IFERROR(IF(S22+T22<>0,ROUND(ROUND(S22,4)+ROUND(T22,4),4),""),"") -> 198.38 | K22: =IFERROR(IF(H22*J22<>0,ROUND(ROUND(H22,4)*ROUND(J22,4),2),""),"") -> 3570.84 | L22: 0.265 | M22: 0.8325 | O22: =IF(N22="","",INDIRECT("base!"&ADDRESS(MATCH(N22,#REF!:#REF!,0)+1,4,4))) | Q22: =IF(P22="","",INDIRECT("base!"&ADDRESS(MATCH(CONCATENATE(N22,"|",P22),#REF!:#REF!,0)+1,6,4))) | R22: Mão-de-obra e material | S22: =TRUNC(U22*(1+L22),2) -> 20.03 | T22: =TRUNC(V22*(1+L22),2) -> 178.35 | U22: 15.84 | V22: 140.99
A23: 1 | B23: =IF(AND(G23<>"",H23>0,I23<>"",J23<>0,K23<>0),COUNT($B$11:B22)+1,"") -> 10 | C23: 2.3 | D23: PRÓPRIO | E23: 86 | F23: 45870 | G23: BLOCO DE COROAMENTO 40X40X40, CONCRETO FCK 30MPA - UNID | H23: 12 | I23: UN | J23: =IFERROR(IF(S23+T23<>0,ROUND(ROUND(S23,4)+ROUND(T23,4),4),""),"") -> 238.53 | K23: =IFERROR(IF(H23*J23<>0,ROUND(ROUND(H23,4)*ROUND(J23,4),2),""),"") -> 2862.36 | L23: 0.265 | M23: 0.8325 | O23: =IF(N23="","",INDIRECT("base!"&ADDRESS(MATCH(N23,#REF!:#REF!,0)+1,4,4))) | Q23: =IF(P23="","",INDIRECT("base!"&ADDRESS(MATCH(CONCATENATE(N23,"|",P23),#REF!:#REF!,0)+1,6,4))) | R23: Mão-de-obra e material | S23: =TRUNC(U23*(1+L23),2) -> 58.84 | T23: =TRUNC(V23*(1+L23),2) -> 179.69 | U23: 46.52 | V23: 142.05
A24: 1 | B24: =IF(AND(G24<>"",H24>0,I24<>"",J24<>0,K24<>0),COUNT($B$11:B23)+1,"") -> 11 | C24: 2.4 | D24: PRÓPRIO | E24: 87 | F24: 45870 | G24: VIGA DE BALDRAME 15X30, CONCRETO FCK 30MPA-M | H24: 38.88 | I24: m | J24: =IFERROR(IF(S24+T24<>0,ROUND(ROUND(S24,4)+ROUND(T24,4),4),""),"") -> 218.6 | K24: =IFERROR(IF(H24*J24<>0,ROUND(ROUND(H24,4)*ROUND(J24,4),2),""),"") -> 8499.17 | L24: 0.265 | M24: 0.8325 | O24: =IF(N24="","",INDIRECT("base!"&ADDRESS(MATCH(N24,#REF!:#REF!,0)+1,4,4))) | Q24: =IF(P24="","",INDIRECT("base!"&ADDRESS(MATCH(CONCATENATE(N24,"|",P24),#REF!:#REF!,0)+1,6,4))) | R24: Mão-de-obra e material | S24: =TRUNC(U24*(1+L24),2) -> 45.52 | T24: =TRUNC(V24*(1+L24),2) -> 173.08 | U24: 35.99 | V24: 136.83
A25: 1 | B25: =IF(AND(G25<>"",H25>0,I25<>"",J25<>0,K25<>0),COUNT($B$11:B24)+1,"") -> 12 | C25: 2.5 | D25: PRÓPRIO | E25: 90 | F25: 45870 | G25: ASSENTAMENTO DE PEDRA GRÊS PARA ALICERCE, INCLUINDO TELA DE AÇO SOLDADA, PINO DE AÇO E ARGAMASSA M² | H25: 23.33 | I25: M² | J25: =IFERROR(IF(S25+T25<>0,ROUND(ROUND(S25,4)+ROUND(T25,4),4),""),"") -> 156.46 | K25: =IFERROR(IF(H25*J25<>0,ROUND(ROUND(H25,4)*ROUND(J25,4),2),""),"") -> 3650.21 | L25: 0.265 | M25: 0.8325 | O25: =IF(N25="","",INDIRECT("base!"&ADDRESS(MATCH(N25,#REF!:#REF!,0)+1,4,4))) | Q25: =IF(P25="","",INDIRECT("base!"&ADDRESS(MATCH(CONCATENATE(N25,"|",P25),#REF!:#REF!,0)+1,6,4))) | R25: Mão-de-obra e material | S25: =TRUNC(U25*(1+L25),2) -> 38.63 | T25: =TRUNC(V25*(1+L25),2) -> 117.83 | U25: 30.54 | V25: 93.15
A26: 1 | B26: =IF(AND(G26<>"",H26>0,I26<>"",J26<>0,K26<>0),COUNT($B$11:B25)+1,"") -> 13 | C26: 2.6 | D26: PRÓPRIO | E26: 85 | F26: 45870 | G26: PAREDE EM EUCALIPTO, COM ACABAMENTO EM PINTURA ESMALTE SINTÉTICO - M² | H26: 75.2 | I26: m² | J26: =IFERROR(IF(S26+T26<>0,ROUND(ROUND(S26,4)+ROUND(T26,4),4),""),"") -> 264 | K26: =IFERROR(IF(H26*J26<>0,ROUND(ROUND(H26,4)*ROUND(J26,4),2),""),"") -> 19852.8 | L26: 0.265 | M26: 0.8325 | O26: =IF(N26="","",INDIRECT("base!"&ADDRESS(MATCH(N26,#REF!:#REF!,0)+1,4,4))) | Q26: =IF(P26="","",INDIRECT("base!"&ADDRESS(MATCH(CONCATENATE(N26,"|",P26),#REF!:#REF!,0)+1,6,4))) | R26: Mão-de-obra e material | S26: =TRUNC(U26*(1+L26),2) -> 67.32 | T26: =TRUNC(V26*(1+L26),2) -> 196.68 | U26: 53.22 | V26: 155.48
A27: 1 | B27: =IF(AND(G27<>"",H27>0,I27<>"",J27<>0,K27<>0),COUNT($B$11:B26)+1,"") -> 14 | C27: 2.7 | D27: PRÓPRIO | E27: 88 | F27: 45870 | G27: PILAR EM CONCRETO ARMADO FCK 30MPA 40x20X20CM - M² | H27: 12 | I27: UN | J27: =IFERROR(IF(S27+T27<>0,ROUND(ROUND(S27,4)+ROUND(T27,4),4),""),"") -> 131.76 | K27: =IFERROR(IF(H27*J27<>0,ROUND(ROUND(H27,4)*ROUND(J27,4),2),""),"") -> 1581.12 | L27: 0.265 | M27: 0.8325 | O27: =IF(N27="","",INDIRECT("base!"&ADDRESS(MATCH(N27,#REF!:#REF!,0)+1,4,4))) | Q27: =IF(P27="","",INDIRECT("base!"&ADDRESS(MATCH(CONCATENATE(N27,"|",P27),#REF!:#REF!,0)+1,6,4))) | R27: Mão-de-obra e material | S27: =TRUNC(U27*(1+L27),2) -> 23.51 | T27: =TRUNC(V27*(1+L27),2) -> 108.25 | U27: 18.59 | V27: 85.58
A28: 1 | B28: =IF(AND(G28<>"",H28>0,I28<>"",J28<>0,K28<>0),COUNT($B$11:B27)+1,"") -> 15 | C28: 2.8 | D28: SINAPI | E28: 98557 | F28: 45870 | G28: IMPERMEABILIZAÇÃO DE SUPERFÍCIE COM EMULSÃO ASFÁLTICA, 2 DEMÃOS. AF_09/2023 | H28: 61.9 | I28: m² | J28: =IFERROR(IF(S28+T28<>0,ROUND(ROUND(S28,4)+ROUND(T28,4),4),""),"") -> 59.36 | K28: =IFERROR(IF(H28*J28<>0,ROUND(ROUND(H28,4)*ROUND(J28,4),2),""),"") -> 3674.38 | L28: 0.265 | M28: 0.8325 | O28: =IF(N28="","",INDIRECT("base!"&ADDRESS(MATCH(N28,#REF!:#REF!,0)+1,4,4))) | Q28: =IF(P28="","",INDIRECT("base!"&ADDRESS(MATCH(CONCATENATE(N28,"|",P28),#REF!:#REF!,0)+1,6,4))) | R28: Mão-de-obra e material | S28: =TRUNC(U28*(1+L28),2) -> 14.23 | T28: =TRUNC(V28*(1+L28),2) -> 45.13 | U28: 11.25 | V28: 35.68
A29: 1 | B29: =IF(AND(G29<>"",H29>0,I29<>"",J29<>0,K29<>0),COUNT($B$11:B28)+1,"") -> 16 | C29: 2.9 | D29: SINAPI | E29: 103328 | F29: 45870 | G29: ALVENARIA DE VEDAÇÃO DE BLOCOS CERÂMICOS FURADOS NA HORIZONTAL DE 9X19X19 CM (ESPESSURA 9 CM) E ARGAMASSA DE ASSENTAMENTO COM PREPARO EM BETONEIRA. AF_12/2021 | H29: 16.74 | I29: m² | J29: =IFERROR(IF(S29+T29<>0,ROUND(ROUND(S29,4)+ROUND(T29,4),4),""),"") -> 117.91 | K29: =IFERROR(IF(H29*J29<>0,ROUND(ROUND(H29,4)*ROUND(J29,4),2),""),"") -> 1973.81 | L29: 0.265 | M29: 0.8325 | O29: =IF(N29="","",INDIRECT("base!"&ADDRESS(MATCH(N29,#REF!:#REF!,0)+1,4,4))) | Q29: =IF(P29="","",INDIRECT("base!"&ADDRESS(MATCH(CONCATENATE(N29,"|",P29),#REF!:#REF!,0)+1,6,4))) | R29: Mão-de-obra e material | S29: =TRUNC(U29*(1+L29),2) -> 60.64 | T29: =TRUNC(V29*(1+L29),2) -> 57.27 | U29: 47.94 | V29: 45.28
A30: 1 | B30: =IF(AND(G30<>"",H30>0,I30<>"",J30<>0,K30<>0),COUNT($B$11:B29)+1,"") -> 17 | C30: 2.10 | D30: PRÓPRIO | E30: 89 | F30: 45870 | G30: VIGA BANHIERO 15X30, CONCRETO FCK 30MPA - M | H30: 8.2 | I30: m | J30: =IFERROR(IF(S30+T30<>0,ROUND(ROUND(S30,4)+ROUND(T30,4),4),""),"") -> 218.6 | K30: =IFERROR(IF(H30*J30<>0,ROUND(ROUND(H30,4)*ROUND(J30,4),2),""),"") -> 1792.52 | L30: 0.265 | M30: 0.8325 | O30: =IF(N30="","",INDIRECT("base!"&ADDRESS(MATCH(N30,#REF!:#REF!,0)+1,4,4))) | Q30: =IF(P30="","",INDIRECT("base!"&ADDRESS(MATCH(CONCATENATE(N30,"|",P30),#REF!:#REF!,0)+1,6,4))) | R30: Mão-de-obra e material | S30: =TRUNC(U30*(1+L30),2) -> 45.52 | T30: =TRUNC(V30*(1+L30),2) -> 173.08 | U30: 35.99 | V30: 136.83
A31: 1 | B31: =IF(AND(G31<>"",H31>0,I31<>"",J31<>0,K31<>0),COUNT($B$11:B30)+1,"") -> 18 | C31: 2.11 | D31: SINAPI | E31: 101964 | F31: 45870 | G31: LAJE PRÉ-MOLDADA UNIDIRECIONAL, BIAPOIADA, PARA FORRO, ENCHIMENTO EM CERÂMICA, VIGOTA CONVENCIONAL, ALTURA TOTAL DA LAJE (ENCHIMENTO+CAPA) = (8+3). AF_11/2020_PA | H31: 4 | I31: m² | J31: =IFERROR(IF(S31+T31<>0,ROUND(ROUND(S31,4)+ROUND(T31,4),4),""),"") -> 264.53 | K31: =IFERROR(IF(H31*J31<>0,ROUND(ROUND(H31,4)*ROUND(J31,4),2),""),"") -> 1058.12 | L31: 0.265 | M31: 0.8325 | O31: =IF(N31="","",INDIRECT("base!"&ADDRESS(MATCH(N31,#REF!:#REF!,0)+1,4,4))) | Q31: =IF(P31="","",INDIRECT("base!"&ADDRESS(MATCH(CONCATENATE(N31,"|",P31),#REF!:#REF!,0)+1,6,4))) | R31: Mão-de-obra e material | S31: =TRUNC(U31*(1+L31),2) -> 35.87 | T31: =TRUNC(V31*(1+L31),2) -> 228.66 | U31: 28.36 | V31: 180.76
A32: 1 | B32: =IF(AND(G32<>"",H32>0,I32<>"",J32<>0,K32<>0),COUNT($B$11:B31)+1,"") -> 19 | C32: 2.12 | D32: SINAPI | E32: 93360 | F32: 45870 | G32: REATERRO MECANIZADO DE VALA COM ESCAVADEIRA HIDRÁULICA (CAPACIDADE DA CAÇAMBA: 0,8 M³ / POTÊNCIA: 111 HP), LARGURA DE 1,5 A 2,5 M, PROFUNDIDADE ATÉ 1,5 M, COM SOLO DE 1ª CATEGORIA EM LOCAIS COM ALTO NÍVEL DE INTERFERÊNCIA. AF_04/2016 | H32: 24.76 | I32: m³ | J32: =IFERROR(IF(S32+T32<>0,ROUND(ROUND(S32,4)+ROUND(T32,4),4),""),"") -> 34.79 | K32: =IFERROR(IF(H32*J32<>0,ROUND(ROUND(H32,4)*ROUND(J32,4),2),""),"") -> 861.4 | L32: 0.265 | M32: 0.8325 | O32: =IF(N32="","",INDIRECT("base!"&ADDRESS(MATCH(N32,#REF!:#REF!,0)+1,4,4))) | Q32: =IF(P32="","",INDIRECT("base!"&ADDRESS(MATCH(CONCATENATE(N32,"|",P32),#REF!:#REF!,0)+1,6,4))) | R32: Mão-de-obra e material | S32: =TRUNC(U32*(1+L32),2) -> 13.14 | T32: =TRUNC(V32*(1+L32),2) -> 21.65 | U32: 10.39 | V32: 17.12
... A34: 1 | B34: =IF(AND(G34<>"",H34>0,I34<>"",J34<>0,K34<>0),COUNT($B$11:B33)+1,"") -> 21 | C34: 2.14 | D34: SINAPI | E34: 96622 | F34: 45870 | G34: LASTRO COM MATERIAL GRANULAR, APLICADO EM PISOS OU LAJES SOBRE SOLO, ESPESSURA DE *5 CM*. AF_01/2024 | H34: 1.95 | I34: m³ | J34: =IFERROR(IF(S34+T34<>0,ROUND(ROUND(S34,4)+ROUND(T34,4),4),""),"") -> 251.16 | K34: =IFERROR(IF(H34*J34<>0,ROUND(ROUND(H34,4)*ROUND(J34,4),2),""),"") -> 489.76 | L34: 0.265 | M34: 0.8325 | O34: =IF(N34="","",INDIRECT("base!"&ADDRESS(MATCH(N34,#REF!:#REF!,0)+1,4,4))) | Q34: =IF(P34="","",INDIRECT("base!"&ADDRESS(MATCH(CONCATENATE(N34,"|",P34),#REF!:#REF!,0)+1,6,4))) | R34: Mão-de-obra e material | S34: =TRUNC(U34*(1+L34),2) -> 67.08 | T34: =TRUNC(V34*(1+L34),2) -> 184.08 | U34: 53.03 | V34: 145.52
B35: =IF(AND(G35<>"",H35>0,I35<>"",J35<>0,K35<>0),COUNT($B$11:B28)+1,"") | C35: 3 | G35: ABERTURAS | J35: =IFERROR(IF(S35+T35<>0,ROUND(ROUND(S35,4)+ROUND(T35,4),4),""),"") | K35: =IFERROR(IF(H35*J35<>0,ROUND(ROUND(H35,4)*ROUND(J35,4),2),""),"") | O35: =IF(N35="","",INDIRECT("base!"&ADDRESS(MATCH(N35,#REF!:#REF!,0)+1,4,4))) | Q35: =IF(P35="","",INDIRECT("base!"&ADDRESS(MATCH(CONCATENATE(N35,"|",P35),#REF!:#REF!,0)+1,6,4)))
A36: 1 | B36: =IF(AND(G36<>"",H36>0,I36<>"",J36<>0,K36<>0),COUNT($B$11:B35)+1,"") -> 22 | C36: 3.1 | D36: SINAPI | E36: 100668 | F36: 45870 | G36: JANELA DE MADEIRA (CEDRINHO/ANGELIM OU EQUIV.) TIPO MAXIM-AR, PARA VIDRO, COM BATENTE, ALIZAR E FERRAGENS, EXCLUSIVE VIDRO, ACABAMENTO E CONTRAMARCO, FIXAÇÃO C/ PARAFUSO E ESPUMA - FORNECIMENTO E INSTALAÇÃO. AF_11/2024 | H36: 0.24 | I36: m² | J36: =IFERROR(IF(S36+T36<>0,ROUND(ROUND(S36,4)+ROUND(T36,4),4),""),"") -> 2034.01 | K36: =IFERROR(IF(H36*J36<>0,ROUND(ROUND(H36,4)*ROUND(J36,4),2),""),"") -> 488.16 | L36: 0.265 | M36: 0.8325 | O36: =IF(N36="","",INDIRECT("base!"&ADDRESS(MATCH(N36,#REF!:#REF!,0)+1,4,4))) | Q36: =IF(P36="","",INDIRECT("base!"&ADDRESS(MATCH(CONCATENATE(N36,"|",P36),#REF!:#REF!,0)+1,6,4))) | R36: Mão-de-obra e material | S36: =TRUNC(U36*(1+L36),2) -> 148.43 | T36: =TRUNC(V36*(1+L36),2) -> 1885.58 | U36: 117.34 | V36: 1490.58
A37: 1 | B37: =IF(AND(G37<>"",H37>0,I37<>"",J37<>0,K37<>0),COUNT($B$11:B36)+1,"") -> 23 | C37: 3.2 | D37: SINAPI | E37: 34377 | F37: 45870 | G37: JANELA BASCULANTE, EM ALUMINIO PERFIL 20, 80 X 60 CM (A X L), 4 FLS (1 FIXA E 3 MOVEIS), ACABAMENTO BRANCO OU BRILHANTE, BATENTE DE 3 A 4 CM, COM VIDRO 4 MM, SEM GUARNICAO | H37: 1 | I37: UN | J37: =IFERROR(IF(S37+T37<>0,ROUND(ROUND(S37,4)+ROUND(T37,4),4),""),"") -> 319.96 | K37: =IFERROR(IF(H37*J37<>0,ROUND(ROUND(H37,4)*ROUND(J37,4),2),""),"") -> 319.96 | L37: 0.265 | M37: 0.8325 | O37: =IF(N37="","",INDIRECT("base!"&ADDRESS(MATCH(N37,#REF!:#REF!,0)+1,4,4))) | Q37: =IF(P37="","",INDIRECT("base!"&ADDRESS(MATCH(CONCATENATE(N37,"|",P37),#REF!:#REF!,0)+1,6,4))) | R37: Mão-de-obra e material | S37: =TRUNC(U37*(1+L37),2) -> 0 | T37: =TRUNC(V37*(1+L37),2) -> 319.96 | U37: 0 | V37: 252.94
A38: 1 | B38: =IF(AND(G38<>"",H38>0,I38<>"",J38<>0,K38<>0),COUNT($B$11:B37)+1,"") -> 24 | C38: 3.3 | D38: SINAPI | E38: 10507 | F38: 45870 | G38: VIDRO TEMPERADO INCOLOR E = 10 MM, SEM COLOCACAO | H38: 0.24 | I38: m² | J38: =IFERROR(IF(S38+T38<>0,ROUND(ROUND(S38,4)+ROUND(T38,4),4),""),"") -> 384.77 | K38: =IFERROR(IF(H38*J38<>0,ROUND(ROUND(H38,4)*ROUND(J38,4),2),""),"") -> 92.34 | L38: 0.265 | M38: 0.8325 | O38: =IF(N38="","",INDIRECT("base!"&ADDRESS(MATCH(N38,#REF!:#REF!,0)+1,4,4))) | Q38: =IF(P38="","",INDIRECT("base!"&ADDRESS(MATCH(CONCATENATE(N38,"|",P38),#REF!:#REF!,0)+1,6,4))) | R38: Mão-de-obra e material | S38: =TRUNC(U38*(1+L38),2) -> 0 | T38: =TRUNC(V38*(1+L38),2) -> 384.77 | U38: 0 | V38: 304.17
A39: 1 | B39: =IF(AND(G39<>"",H39>0,I39<>"",J39<>0,K39<>0),COUNT($B$11:B38)+1,"") -> 25 | C39: 3.4 | D39: SINAPI | E39: 100666 | F39: 45870 | G39: JANELA DE MADEIRA (PINUS/EUCALIPTO OU EQUIV.) DE ABRIR COM 4 FOLHAS (2 VENEZIANAS E 2 GUILHOTINAS), COM BATENTE, ALIZAR E FERRAGENS, EXCLUSIVE VIDROS, ACABAMENTO E CONTRAMARCO, FIXAÇÃO C/ PARAFUSO E ESPUMA - FORNECIMENTO E INSTALAÇÃO. AF_11/2024 | H39: 4.08 | I39: m² | J39: =IFERROR(IF(S39+T39<>0,ROUND(ROUND(S39,4)+ROUND(T39,4),4),""),"") -> 1055.9 | K39: =IFERROR(IF(H39*J39<>0,ROUND(ROUND(H39,4)*ROUND(J39,4),2),""),"") -> 4308.07 | L39: 0.265 | M39: 0.8325 | O39: =IF(N39="","",INDIRECT("base!"&ADDRESS(MATCH(N39,#REF!:#REF!,0)+1,4,4))) | Q39: =IF(P39="","",INDIRECT("base!"&ADDRESS(MATCH(CONCATENATE(N39,"|",P39),#REF!:#REF!,0)+1,6,4))) | R39: Mão-de-obra e material | S39: =TRUNC(U39*(1+L39),2) -> 64.65 | T39: =TRUNC(V39*(1+L39),2) -> 991.25 | U39: 51.11 | V39: 783.6
A40: 1 | B40: =IF(AND(G40<>"",H40>0,I40<>"",J40<>0,K40<>0),COUNT($B$11:B39)+1,"") -> 26 | C40: 3.5 | D40: SINAPI | E40: 90821 | F40: 45870 | G40: PORTA DE MADEIRA PARA PINTURA, SEMI-OCA (LEVE OU MÉDIA), 70X210CM, ESPESSURA DE 3,5CM, INCLUSO DOBRADIÇAS - FORNECIMENTO E INSTALAÇÃO. AF_12/2019 | H40: 3 | I40: UN | J40: =IFERROR(IF(S40+T40<>0,ROUND(ROUND(S40,4)+ROUND(T40,4),4),""),"") -> 529.07 | K40: =IFERROR(IF(H40*J40<>0,ROUND(ROUND(H40,4)*ROUND(J40,4),2),""),"") -> 1587.21 | L40: 0.265 | M40: 0.8325 | O40: =IF(N40="","",INDIRECT("base!"&ADDRESS(MATCH(N40,#REF!:#REF!,0)+1,4,4))) | Q40: =IF(P40="","",INDIRECT("base!"&ADDRESS(MATCH(CONCATENATE(N40,"|",P40),#REF!:#REF!,0)+1,6,4))) | R40: Mão-de-obra e material | S40: =TRUNC(U40*(1+L40),2) -> 49.56 | T40: =TRUNC(V40*(1+L40),2) -> 479.51 | U40: 39.18 | V40: 379.06
A41: 1 | B41: =IF(AND(G41<>"",H41>0,I41<>"",J41<>0,K41<>0),COUNT($B$11:B40)+1,"") -> 27 | C41: 3.6 | D41: SINAPI | E41: 90822 | F41: 45870 | G41: PORTA DE MADEIRA PARA PINTURA, SEMI-OCA (LEVE OU MÉDIA), 80X210CM, ESPESSURA DE 3,5CM, INCLUSO DOBRADIÇAS - FORNECIMENTO E INSTALAÇÃO. AF_12/2019 | H41: 2 | I41: UN | J41: =IFERROR(IF(S41+T41<>0,ROUND(ROUND(S41,4)+ROUND(T41,4),4),""),"") -> 565.5 | K41: =IFERROR(IF(H41*J41<>0,ROUND(ROUND(H41,4)*ROUND(J41,4),2),""),"") -> 1131 | L41: 0.265 | M41: 0.8325 | O41: =IF(N41="","",INDIRECT("base!"&ADDRESS(MATCH(N41,#REF!:#REF!,0)+1,4,4))) | Q41: =IF(P41="","",INDIRECT("base!"&ADDRESS(MATCH(CONCATENATE(N41,"|",P41),#REF!:#REF!,0)+1,6,4))) | R41: Mão-de-obra e material | S41: =TRUNC(U41*(1+L41),2) -> 54.17 | T41: =TRUNC(V41*(1+L41),2) -> 511.33 | U41: 42.83 | V41: 404.22
A42: 1 | B42: =IF(AND(G42<>"",H42>0,I42<>"",J42<>0,K42<>0),COUNT($B$11:B41)+1,"") -> 28 | C42: 3.7 | D42: SINAPI | E42: 102230 | F42: 45870 | G42: PINTURA TINTA DE ACABAMENTO (PIGMENTADA) ESMALTE SINTÉTICO BRILHANTE EM MADEIRA, 3 DEMÃOS. AF_01/2021 | H42: 24.18 | I42: m² | J42: =IFERROR(IF(S42+T42<>0,ROUND(ROUND(S42,4)+ROUND(T42,4),4),""),"") -> 31.83 | K42: =IFERROR(IF(H42*J42<>0,ROUND(ROUND(H42,4)*ROUND(J42,4),2),""),"") -> 769.65 | L42: 0.265 | M42: 0.8325 | O42: =IF(N42="","",INDIRECT("base!"&ADDRESS(MATCH(N42,#REF!:#REF!,0)+1,4,4))) | Q42: =IF(P42="","",INDIRECT("base!"&ADDRESS(MATCH(CONCATENATE(N42,"|",P42),#REF!:#REF!,0)+1,6,4))) | R42: Mão-de-obra e material | S42: =TRUNC(U42*(1+L42),2) -> 14.96 | T42: =TRUNC(V42*(1+L42),2) -> 16.87 | U42: 11.83 | V42: 13.34
B43: =IF(AND(G43<>"",H43>0,I43<>"",J43<>0,K43<>0),COUNT($B$11:B36)+1,"") | C43: 4 | G43: COBERTURA | J43: =IFERROR(IF(S43+T43<>0,ROUND(ROUND(S43,4)+ROUND(T43,4),4),""),"") | K43: =IFERROR(IF(H43*J43<>0,ROUND(ROUND(H43,4)*ROUND(J43,4),2),""),"") | O43: =IF(N43="","",INDIRECT("base!"&ADDRESS(MATCH(N43,#REF!:#REF!,0)+1,4,4))) | Q43: =IF(P43="","",INDIRECT("base!"&ADDRESS(MATCH(CONCATENATE(N43,"|",P43),#REF!:#REF!,0)+1,6,4)))
A44: 1 | B44: =IF(AND(G44<>"",H44>0,I44<>"",J44<>0,K44<>0),COUNT($B$11:B42)+1,"") -> 29 | C44: 4.1 | D44: SINAPI | E44: 92545 | F44: 45870 | G44: FABRICAÇÃO E INSTALAÇÃO DE TESOURA INTEIRA EM MADEIRA NÃO APARELHADA, VÃO DE 3 M, PARA TELHA CERÂMICA OU DE CONCRETO, INCLUSO IÇAMENTO. AF_07/2019 | H44: 8 | I44: UN | J44: =IFERROR(IF(S44+T44<>0,ROUND(ROUND(S44,4)+ROUND(T44,4),4),""),"") -> 1251.5 | K44: =IFERROR(IF(H44*J44<>0,ROUND(ROUND(H44,4)*ROUND(J44,4),2),""),"") -> 10012 | L44: 0.265 | M44: 0.8325 | O44: =IF(N44="","",INDIRECT("base!"&ADDRESS(MATCH(N44,#REF!:#REF!,0)+1,4,4))) | Q44: =IF(P44="","",INDIRECT("base!"&ADDRESS(MATCH(CONCATENATE(N44,"|",P44),#REF!:#REF!,0)+1,6,4))) | R44: Mão-de-obra e material | S44: =TRUNC(U44*(1+L44),2) -> 372.61 | T44: =TRUNC(V44*(1+L44),2) -> 878.89 | U44: 294.56 | V44: 694.78
A45: 1 | B45: =IF(AND(G45<>"",H45>0,I45<>"",J45<>0,K45<>0),COUNT($B$11:B44)+1,"") -> 30 | C45: 4.2 | D45: SINAPI | E45: 92543 | F45: 45870 | G45: TRAMA DE MADEIRA COMPOSTA POR TERÇAS PARA TELHADOS DE ATÉ 2 ÁGUAS PARA TELHA ONDULADA DE FIBROCIMENTO, METÁLICA, PLÁSTICA OU TERMOACÚSTICA, INCLUSO TRANSPORTE VERTICAL. AF_07/2019 | H45: 52 | I45: m² | J45: =IFERROR(IF(S45+T45<>0,ROUND(ROUND(S45,4)+ROUND(T45,4),4),""),"") -> 28.13 | K45: =IFERROR(IF(H45*J45<>0,ROUND(ROUND(H45,4)*ROUND(J45,4),2),""),"") -> 1462.76 | L45: 0.265 | M45: 0.8325 | O45: =IF(N45="","",INDIRECT("base!"&ADDRESS(MATCH(N45,#REF!:#REF!,0)+1,4,4))) | Q45: =IF(P45="","",INDIRECT("base!"&ADDRESS(MATCH(CONCATENATE(N45,"|",P45),#REF!:#REF!,0)+1,6,4))) | R45: Mão-de-obra e material | S45: =TRUNC(U45*(1+L45),2) -> 4.93 | T45: =TRUNC(V45*(1+L45),2) -> 23.2 | U45: 3.9 | V45: 18.34
A46: 1 | B46: =IF(AND(G46<>"",H46>0,I46<>"",J46<>0,K46<>0),COUNT($B$11:B45)+1,"") -> 31 | C46: 4.3 | D46: SINAPI | E46: 94207 | F46: 45870 | G46: TELHAMENTO COM TELHA ONDULADA DE FIBROCIMENTO E = 6 MM, COM RECOBRIMENTO LATERAL DE 1/4 DE ONDA PARA TELHADO COM INCLINAÇÃO MAIOR QUE 10°, COM ATÉ 2 ÁGUAS, INCLUSO IÇAMENTO. AF_07/2019 | H46: 52 | I46: m² | J46: =IFERROR(IF(S46+T46<>0,ROUND(ROUND(S46,4)+ROUND(T46,4),4),""),"") -> 63.11 | K46: =IFERROR(IF(H46*J46<>0,ROUND(ROUND(H46,4)*ROUND(J46,4),2),""),"") -> 3281.72 | L46: 0.265 | M46: 0.8325 | O46: =IF(N46="","",INDIRECT("base!"&ADDRESS(MATCH(N46,#REF!:#REF!,0)+1,4,4))) | Q46: =IF(P46="","",INDIRECT("base!"&ADDRESS(MATCH(CONCATENATE(N46,"|",P46),#REF!:#REF!,0)+1,6,4))) | R46: Mão-de-obra e material | S46: =TRUNC(U46*(1+L46),2) -> 6.52 | T46: =TRUNC(V46*(1+L46),2) -> 56.59 | U46: 5.16 | V46: 44.74
A47: 1 | B47: =IF(AND(G47<>"",H47>0,I47<>"",J47<>0,K47<>0),COUNT($B$11:B46)+1,"") -> 32 | C47: 4.4 | D47: SINAPI | E47: 96112 | F47: 45870 | G47: FORRO EM MADEIRA PINUS, PARA AMBIENTES RESIDENCIAIS, INCLUSIVE ESTRUTURA UNIDIRECIONAL DE FIXAÇÃO. AF_08/2023 | H47: 49.27 | I47: m² | J47: =IFERROR(IF(S47+T47<>0,ROUND(ROUND(S47,4)+ROUND(T47,4),4),""),"") -> 174 | K47: =IFERROR(IF(H47*J47<>0,ROUND(ROUND(H47,4)*ROUND(J47,4),2),""),"") -> 8572.98 | L47: 0.265 | M47: 0.8325 | O47: =IF(N47="","",INDIRECT("base!"&ADDRESS(MATCH(N47,#REF!:#REF!,0)+1,4,4))) | Q47: =IF(P47="","",INDIRECT("base!"&ADDRESS(MATCH(CONCATENATE(N47,"|",P47),#REF!:#REF!,0)+1,6,4))) | R47: Mão-de-obra e material | S47: =TRUNC(U47*(1+L47),2) -> 56.22 | T47: =TRUNC(V47*(1+L47),2) -> 117.78 | U47: 44.45 | V47: 93.11
A48: 1 | B48: =IF(AND(G48<>"",H48>0,I48<>"",J48<>0,K48<>0),COUNT($B$11:B47)+1,"") -> 33 | C48: 4.5 | D48: SINAPI | E48: 96122 | F48: 45870 | G48: ACABAMENTOS PARA FORRO (RODA-FORRO EM MADEIRA PINUS). AF_08/2023 | H48: 78.75 | I48: m | J48: =IFERROR(IF(S48+T48<>0,ROUND(ROUND(S48,4)+ROUND(T48,4),4),""),"") -> 54.09 | K48: =IFERROR(IF(H48*J48<>0,ROUND(ROUND(H48,4)*ROUND(J48,4),2),""),"") -> 4259.59 | L48: 0.265 | M48: 0.8325 | O48: =IF(N48="","",INDIRECT("base!"&ADDRESS(MATCH(N48,#REF!:#REF!,0)+1,4,4))) | Q48: =IF(P48="","",INDIRECT("base!"&ADDRESS(MATCH(CONCATENATE(N48,"|",P48),#REF!:#REF!,0)+1,6,4))) | R48: Mão-de-obra e material | S48: =TRUNC(U48*(1+L48),2) -> 12.38 | T48: =TRUNC(V48*(1+L48),2) -> 41.71 | U48: 9.79 | V48: 32.98
B49: =IF(AND(G49<>"",H49>0,I49<>"",J49<>0,K49<>0),COUNT($B$11:B42)+1,"") | C49: 5 | G49: PINTURA E REVESTIMENTOS | J49: =IFERROR(IF(S49+T49<>0,ROUND(ROUND(S49,4)+ROUND(T49,4),4),""),"") | K49: =IFERROR(IF(H49*J49<>0,ROUND(ROUND(H49,4)*ROUND(J49,4),2),""),"") | O49: =IF(N49="","",INDIRECT("base!"&ADDRESS(MATCH(N49,#REF!:#REF!,0)+1,4,4))) | Q49: =IF(P49="","",INDIRECT("base!"&ADDRESS(MATCH(CONCATENATE(N49,"|",P49),#REF!:#REF!,0)+1,6,4)))
A50: 1 | B50: =IF(AND(G50<>"",H50>0,I50<>"",J50<>0,K50<>0),COUNT($B$11:B48)+1,"") -> 34 | C50: 5.1 | D50: SINAPI | E50: 87529 | F50: 45870 | G50: MASSA ÚNICA, EM ARGAMASSA TRAÇO 1:2:8, PREPARO MECÂNICO, APLICADA MANUALMENTE EM PAREDES INTERNAS DE AMBIENTES COM ÁREA ENTRE 5M² E 10M², E = 17,5MM, COM TALISCAS. AF_03/2024 | H50: 39.08 | I50: m² | J50: =IFERROR(IF(S50+T50<>0,ROUND(ROUND(S50,4)+ROUND(T50,4),4),""),"") -> 47.06 | K50: =IFERROR(IF(H50*J50<>0,ROUND(ROUND(H50,4)*ROUND(J50,4),2),""),"") -> 1839.1 | L50: 0.265 | M50: 0.8325 | O50: =IF(N50="","",INDIRECT("base!"&ADDRESS(MATCH(N50,#REF!:#REF!,0)+1,4,4))) | Q50: =IF(P50="","",INDIRECT("base!"&ADDRESS(MATCH(CONCATENATE(N50,"|",P50),#REF!:#REF!,0)+1,6,4))) | R50: Mão-de-obra e material | S50: =TRUNC(U50*(1+L50),2) -> 22.35 | T50: =TRUNC(V50*(1+L50),2) -> 24.71 | U50: 17.67 | V50: 19.54
A51: 1 | B51: =IF(AND(G51<>"",H51>0,I51<>"",J51<>0,K51<>0),COUNT($B$11:B50)+1,"") -> 35 | C51: 5.2 | D51: SINAPI | E51: 93389 | F51: 45870 | G51: REVESTIMENTO CERÂMICO PARA PISO COM PLACAS TIPO ESMALTADA PADRÃO POPULAR DE DIMENSÕES 35X35 CM APLICADA EM AMBIENTES DE ÁREA MENOR QUE 5 M2. AF_02/2023_PE | H51: 35.85 | I51: m² | J51: =IFERROR(IF(S51+T51<>0,ROUND(ROUND(S51,4)+ROUND(T51,4),4),""),"") -> 71.86 | K51: =IFERROR(IF(H51*J51<>0,ROUND(ROUND(H51,4)*ROUND(J51,4),2),""),"") -> 2576.18 | L51: 0.265 | M51: 0.8325 | O51: =IF(N51="","",INDIRECT("base!"&ADDRESS(MATCH(N51,#REF!:#REF!,0)+1,4,4))) | Q51: =IF(P51="","",INDIRECT("base!"&ADDRESS(MATCH(CONCATENATE(N51,"|",P51),#REF!:#REF!,0)+1,6,4))) | R51: Mão-de-obra e material | S51: =TRUNC(U51*(1+L51),2) -> 21.73 | T51: =TRUNC(V51*(1+L51),2) -> 50.13 | U51: 17.18 | V51: 39.63
A52: 1 | B52: =IF(AND(G52<>"",H52>0,I52<>"",J52<>0,K52<>0),COUNT($B$11:B51)+1,"") -> 36 | C52: 5.3 | D52: SINAPI | E52: 93394 | F52: 45870 | G52: REVESTIMENTO CERÂMICO PARA PAREDES INTERNAS COM PLACAS TIPO ESMALTADA PADRÃO POPULAR DE DIMENSÕES 20X20 CM, ARGAMASSA TIPO AC I, APLICADAS EM AMBIENTES DE ÁREA MENOR QUE 5 M2 A MEIA ALTURA DAS PAREDES. AF_06/2014 | H52: 15.79 | I52: m² | J52: =IFERROR(IF(S52+T52<>0,ROUND(ROUND(S52,4)+ROUND(T52,4),4),""),"") -> 77.52 | K52: =IFERROR(IF(H52*J52<>0,ROUND(ROUND(H52,4)*ROUND(J52,4),2),""),"") -> 1224.04 | L52: 0.265 | M52: 0.8325 | O52: =IF(N52="","",INDIRECT("base!"&ADDRESS(MATCH(N52,#REF!:#REF!,0)+1,4,4))) | Q52: =IF(P52="","",INDIRECT("base!"&ADDRESS(MATCH(CONCATENATE(N52,"|",P52),#REF!:#REF!,0)+1,6,4))) | R52: Mão-de-obra e material | S52: =TRUNC(U52*(1+L52),2) -> 29.67 | T52: =TRUNC(V52*(1+L52),2) -> 47.85 | U52: 23.46 | V52: 37.83
A53: 1 | B53: =IF(AND(G53<>"",H53>0,I53<>"",J53<>0,K53<>0),COUNT($B$11:B52)+1,"") -> 37 | C53: 5.4 | D53: SINAPI | E53: 88489 | F53: 45870 | G53: PINTURA LÁTEX ACRÍLICA PREMIUM, APLICAÇÃO MANUAL EM PAREDES, DUAS DEMÃOS. AF_04/2023 | H53: 20.37 | I53: m² | J53: =IFERROR(IF(S53+T53<>0,ROUND(ROUND(S53,4)+ROUND(T53,4),4),""),"") -> 17.15 | K53: =IFERROR(IF(H53*J53<>0,ROUND(ROUND(H53,4)*ROUND(J53,4),2),""),"") -> 349.35 | L53: 0.265 | M53: 0.8325 | O53: =IF(N53="","",INDIRECT("base!"&ADDRESS(MATCH(N53,#REF!:#REF!,0)+1,4,4))) | Q53: =IF(P53="","",INDIRECT("base!"&ADDRESS(MATCH(CONCATENATE(N53,"|",P53),#REF!:#REF!,0)+1,6,4))) | R53: Mão-de-obra e material | S53: =TRUNC(U53*(1+L53),2) -> 5.4 | T53: =TRUNC(V53*(1+L53),2) -> 11.75 | U53: 4.27 | V53: 9.29
B54: =IF(AND(G54<>"",H54>0,I54<>"",J54<>0,K54<>0),COUNT($B$11:B47)+1,"") | C54: 6 | G54: HIDROSSANITÁRIO | J54: =IFERROR(IF(S54+T54<>0,ROUND(ROUND(S54,4)+ROUND(T54,4),4),""),"") | K54: =IFERROR(IF(H54*J54<>0,ROUND(ROUND(H54,4)*ROUND(J54,4),2),""),"") | O54: =IF(N54="","",INDIRECT("base!"&ADDRESS(MATCH(N54,#REF!:#REF!,0)+1,4,4))) | Q54: =IF(P54="","",INDIRECT("base!"&ADDRESS(MATCH(CONCATENATE(N54,"|",P54),#REF!:#REF!,0)+1,6,4)))
A55: 1 | B55: =IF(AND(G55<>"",H55>0,I55<>"",J55<>0,K55<>0),COUNT($B$11:B53)+1,"") -> 38 | C55: 6.1 | D55: SINAPI | E55: 94792 | F55: 45870 | G55: REGISTRO DE GAVETA BRUTO, LATÃO, ROSCÁVEL, 1", COM ACABAMENTO E CANOPLA CROMADOS - FORNECIMENTO E INSTALAÇÃO. AF_08/2021 | H55: 2 | I55: UN | J55: =IFERROR(IF(S55+T55<>0,ROUND(ROUND(S55,4)+ROUND(T55,4),4),""),"") -> 185.12 | K55: =IFERROR(IF(H55*J55<>0,ROUND(ROUND(H55,4)*ROUND(J55,4),2),""),"") -> 370.24 | L55: 0.265 | M55: 0.8325 | O55: =IF(N55="","",INDIRECT("base!"&ADDRESS(MATCH(N55,#REF!:#REF!,0)+1,4,4))) | Q55: =IF(P55="","",INDIRECT("base!"&ADDRESS(MATCH(CONCATENATE(N55,"|",P55),#REF!:#REF!,0)+1,6,4))) | R55: Mão-de-obra e material | S55: =TRUNC(U55*(1+L55),2) -> 12.65 | T55: =TRUNC(V55*(1+L55),2) -> 172.47 | U55: 10 | V55: 136.34
A56: 1 | B56: =IF(AND(G56<>"",H56>0,I56<>"",J56<>0,K56<>0),COUNT($B$11:B55)+1,"") -> 39 | C56: 6.2 | D56: SINAPI | E56: 86884 | F56: 45870 | G56: ENGATE FLEXÍVEL EM PLÁSTICO BRANCO, 1/2" X 30CM - FORNECIMENTO E INSTALAÇÃO. AF_01/2020 | H56: 2 | I56: UN | J56: =IFERROR(IF(S56+T56<>0,ROUND(ROUND(S56,4)+ROUND(T56,4),4),""),"") -> 14.76 | K56: =IFERROR(IF(H56*J56<>0,ROUND(ROUND(H56,4)*ROUND(J56,4),2),""),"") -> 29.52 | L56: 0.265 | M56: 0.8325 | O56: =IF(N56="","",INDIRECT("base!"&ADDRESS(MATCH(N56,#REF!:#REF!,0)+1,4,4))) | Q56: =IF(P56="","",INDIRECT("base!"&ADDRESS(MATCH(CONCATENATE(N56,"|",P56),#REF!:#REF!,0)+1,6,4))) | R56: Mão-de-obra e material | S56: =TRUNC(U56*(1+L56),2) -> 5.04 | T56: =TRUNC(V56*(1+L56),2) -> 9.72 | U56: 3.99 | V56: 7.69
A57: 1 | B57: =IF(AND(G57<>"",H57>0,I57<>"",J57<>0,K57<>0),COUNT($B$11:B56)+1,"") -> 40 | C57: 6.3 | D57: SINAPI | E57: 89355 | F57: 45870 | G57: TUBO, PVC, SOLDÁVEL, DE 20MM, INSTALADO EM RAMAL OU SUB-RAMAL DE ÁGUA - FORNECIMENTO E INSTALAÇÃO. AF_06/2022 | H57: 37.5 | I57: m | J57: =IFERROR(IF(S57+T57<>0,ROUND(ROUND(S57,4)+ROUND(T57,4),4),""),"") -> 26.55 | K57: =IFERROR(IF(H57*J57<>0,ROUND(ROUND(H57,4)*ROUND(J57,4),2),""),"") -> 995.63 | L57: 0.265 | M57: 0.8325 | O57: =IF(N57="","",INDIRECT("base!"&ADDRESS(MATCH(N57,#REF!:#REF!,0)+1,4,4))) | Q57: =IF(P57="","",INDIRECT("base!"&ADDRESS(MATCH(CONCATENATE(N57,"|",P57),#REF!:#REF!,0)+1,6,4))) | R57: Mão-de-obra e material | S57: =TRUNC(U57*(1+L57),2) -> 15.98 | T57: =TRUNC(V57*(1+L57),2) -> 10.57 | U57: 12.64 | V57: 8.36
A58: 1 | B58: =IF(AND(G58<>"",H58>0,I58<>"",J58<>0,K58<>0),COUNT($B$11:B57)+1,"") -> 41 | C58: 6.4 | D58: SINAPI | E58: 89711 | F58: 45870 | G58: TUBO PVC, SERIE NORMAL, ESGOTO PREDIAL, DN 40 MM, FORNECIDO E INSTALADO EM RAMAL DE DESCARGA OU RAMAL DE ESGOTO SANITÁRIO. AF_08/2022 | H58: 8.5 | I58: m | J58: =IFERROR(IF(S58+T58<>0,ROUND(ROUND(S58,4)+ROUND(T58,4),4),""),"") -> 27.97 | K58: =IFERROR(IF(H58*J58<>0,ROUND(ROUND(H58,4)*ROUND(J58,4),2),""),"") -> 237.75 | L58: 0.265 | M58: 0.8325 | O58: =IF(N58="","",INDIRECT("base!"&ADDRESS(MATCH(N58,#REF!:#REF!,0)+1,4,4))) | Q58: =IF(P58="","",INDIRECT("base!"&ADDRESS(MATCH(CONCATENATE(N58,"|",P58),#REF!:#REF!,0)+1,6,4))) | R58: Mão-de-obra e material | S58: =TRUNC(U58*(1+L58),2) -> 14.29 | T58: =TRUNC(V58*(1+L58),2) -> 13.68 | U58: 11.3 | V58: 10.82
A59: 1 | B59: =IF(AND(G59<>"",H59>0,I59<>"",J59<>0,K59<>0),COUNT($B$11:B58)+1,"") -> 42 | C59: 6.5 | D59: SINAPI | E59: 89712 | F59: 45870 | G59: TUBO PVC, SERIE NORMAL, ESGOTO PREDIAL, DN 50 MM, FORNECIDO E INSTALADO EM RAMAL DE DESCARGA OU RAMAL DE ESGOTO SANITÁRIO. AF_08/2022 | H59: 6.5 | I59: m² | J59: =IFERROR(IF(S59+T59<>0,ROUND(ROUND(S59,4)+ROUND(T59,4),4),""),"") -> 35.81 | K59: =IFERROR(IF(H59*J59<>0,ROUND(ROUND(H59,4)*ROUND(J59,4),2),""),"") -> 232.77 | L59: 0.265 | M59: 0.8325 | O59: =IF(N59="","",INDIRECT("base!"&ADDRESS(MATCH(N59,#REF!:#REF!,0)+1,4,4))) | Q59: =IF(P59="","",INDIRECT("base!"&ADDRESS(MATCH(CONCATENATE(N59,"|",P59),#REF!:#REF!,0)+1,6,4))) | R59: Mão-de-obra e material | S59: =TRUNC(U59*(1+L59),2) -> 15.52 | T59: =TRUNC(V59*(1+L59),2) -> 20.29 | U59: 12.27 | V59: 16.04
A60: 1 | B60: =IF(AND(G60<>"",H60>0,I60<>"",J60<>0,K60<>0),COUNT($B$11:B59)+1,"") -> 43 | C60: 6.6 | D60: SINAPI | E60: 89714 | F60: 45870 | G60: TUBO PVC, SERIE NORMAL, ESGOTO PREDIAL, DN 100 MM, FORNECIDO E INSTALADO EM RAMAL DE DESCARGA OU RAMAL DE ESGOTO SANITÁRIO. AF_08/2022 | H60: 4.5 | I60: m | J60: =IFERROR(IF(S60+T60<>0,ROUND(ROUND(S60,4)+ROUND(T60,4),4),""),"") -> 49.85 | K60: =IFERROR(IF(H60*J60<>0,ROUND(ROUND(H60,4)*ROUND(J60,4),2),""),"") -> 224.33 | L60: 0.265 | M60: 0.8325 | O60: =IF(N60="","",INDIRECT("base!"&ADDRESS(MATCH(N60,#REF!:#REF!,0)+1,4,4))) | Q60: =IF(P60="","",INDIRECT("base!"&ADDRESS(MATCH(CONCATENATE(N60,"|",P60),#REF!:#REF!,0)+1,6,4))) | R60: Mão-de-obra e material | S60: =TRUNC(U60*(1+L60),2) -> 21.66 | T60: =TRUNC(V60*(1+L60),2) -> 28.19 | U60: 17.13 | V60: 22.29
A61: 1 | B61: =IF(AND(G61<>"",H61>0,I61<>"",J61<>0,K61<>0),COUNT($B$11:B60)+1,"") -> 44 | C61: 6.7 | D61: SINAPI | E61: 98107 | F61: 45870 | G61: CAIXA DE GORDURA SIMPLES (CAPACIDADE: 36 L), RETANGULAR, EM ALVENARIA COM BLOCOS DE CONCRETO, DIMENSÕES INTERNAS = 0,2X0,4 M, ALTURA INTERNA = 0,8 M. AF_12/2020 | H61: 1 | I61: UN | J61: =IFERROR(IF(S61+T61<>0,ROUND(ROUND(S61,4)+ROUND(T61,4),4),""),"") -> 368.85 | K61: =IFERROR(IF(H61*J61<>0,ROUND(ROUND(H61,4)*ROUND(J61,4),2),""),"") -> 368.85 | L61: 0.265 | M61: 0.8325 | O61: =IF(N61="","",INDIRECT("base!"&ADDRESS(MATCH(N61,#REF!:#REF!,0)+1,4,4))) | Q61: =IF(P61="","",INDIRECT("base!"&ADDRESS(MATCH(CONCATENATE(N61,"|",P61),#REF!:#REF!,0)+1,6,4))) | R61: Mão-de-obra e material | S61: =TRUNC(U61*(1+L61),2) -> 154.35 | T61: =TRUNC(V61*(1+L61),2) -> 214.5 | U61: 122.02 | V61: 169.57
A62: 1 | B62: =IF(AND(G62<>"",H62>0,I62<>"",J62<>0,K62<>0),COUNT($B$11:B61)+1,"") -> 45 | C62: 6.8 | D62: SINAPI | E62: 97897 | F62: 45870 | G62: CAIXA ENTERRADA HIDRÁULICA RETANGULAR, EM CONCRETO PRÉ-MOLDADO, DIMENSÕES INTERNAS: 0,6X0,6X0,5 M. AF_12/2020 | H62: 1 | I62: UN | J62: =IFERROR(IF(S62+T62<>0,ROUND(ROUND(S62,4)+ROUND(T62,4),4),""),"") -> 600.59 | K62: =IFERROR(IF(H62*J62<>0,ROUND(ROUND(H62,4)*ROUND(J62,4),2),""),"") -> 600.59 | L62: 0.265 | M62: 0.8325 | O62: =IF(N62="","",INDIRECT("base!"&ADDRESS(MATCH(N62,#REF!:#REF!,0)+1,4,4))) | Q62: =IF(P62="","",INDIRECT("base!"&ADDRESS(MATCH(CONCATENATE(N62,"|",P62),#REF!:#REF!,0)+1,6,4))) | R62: Mão-de-obra e material | S62: =TRUNC(U62*(1+L62),2) -> 13.9 | T62: =TRUNC(V62*(1+L62),2) -> 586.69 | U62: 10.99 | V62: 463.79
A63: 1 | B63: =IF(AND(G63<>"",H63>0,I63<>"",J63<>0,K63<>0),COUNT($B$11:B62)+1,"") -> 46 | C63: 6.9 | D63: SINAPI | E63: 89709 | F63: 45870 | G63: RALO SIFONADO, PVC, DN 100 X 40 MM, JUNTA SOLDÁVEL, FORNECIDO E INSTALADO EM RAMAL DE DESCARGA OU EM RAMAL DE ESGOTO SANITÁRIO. AF_08/2022 | H63: 1 | I63: UN | J63: =IFERROR(IF(S63+T63<>0,ROUND(ROUND(S63,4)+ROUND(T63,4),4),""),"") -> 25.64 | K63: =IFERROR(IF(H63*J63<>0,ROUND(ROUND(H63,4)*ROUND(J63,4),2),""),"") -> 25.64 | L63: 0.265 | M63: 0.8325 | O63: =IF(N63="","",INDIRECT("base!"&ADDRESS(MATCH(N63,#REF!:#REF!,0)+1,4,4))) | Q63: =IF(P63="","",INDIRECT("base!"&ADDRESS(MATCH(CONCATENATE(N63,"|",P63),#REF!:#REF!,0)+1,6,4))) | R63: Mão-de-obra e material | S63: =TRUNC(U63*(1+L63),2) -> 8.05 | T63: =TRUNC(V63*(1+L63),2) -> 17.59 | U63: 6.37 | V63: 13.91
A64: 1 | B64: =IF(AND(G64<>"",H64>0,I64<>"",J64<>0,K64<>0),COUNT($B$11:B63)+1,"") -> 47 | C64: 6.10 | D64: SINAPI | E64: 98078 | F64: 45870 | G64: SUMIDOURO RETANGULAR, EM ALVENARIA COM TIJOLOS CERÂMICOS MACIÇOS, DIMENSÕES INTERNAS: 0,8 X 1,4 X H=3,0 M, ÁREA DE INFILTRAÇÃO: 13,2 M² (PARA 5 CONTRIBUINTES). AF_12/2020 | H64: 1 | I64: UN | J64: =IFERROR(IF(S64+T64<>0,ROUND(ROUND(S64,4)+ROUND(T64,4),4),""),"") -> 5386.75 | K64: =IFERROR(IF(H64*J64<>0,ROUND(ROUND(H64,4)*ROUND(J64,4),2),""),"") -> 5386.75 | L64: 0.265 | M64: 0.8325 | O64: =IF(N64="","",INDIRECT("base!"&ADDRESS(MATCH(N64,#REF!:#REF!,0)+1,4,4))) | Q64: =IF(P64="","",INDIRECT("base!"&ADDRESS(MATCH(CONCATENATE(N64,"|",P64),#REF!:#REF!,0)+1,6,4))) | R64: Mão-de-obra e material | S64: =TRUNC(U64*(1+L64),2) -> 1821.34 | T64: =TRUNC(V64*(1+L64),2) -> 3565.41 | U64: 1439.8 | V64: 2818.51
A65: 1 | B65: =IF(AND(G65<>"",H65>0,I65<>"",J65<>0,K65<>0),COUNT($B$11:B64)+1,"") -> 48 | C65: 6.11 | D65: SINAPI | E65: 93441 | F65: 45870 | G65: BANCADA GRANITO CINZA 150 X 60 CM, COM CUBA DE EMBUTIR DE AÇO, VÁLVULA AMERICANA EM METAL, SIFÃO FLEXÍVEL EM PVC, ENGATE FLEXÍVEL 30 CM, TORNEIRA CROMADA LONGA, DE PAREDE, 1/2" OU 3/4", P/ COZINHA, PADRÃO POPULAR - FORNEC. E INSTALAÇÃO. AF_01/2020 | H65: 1 | I65: UN | J65: =IFERROR(IF(S65+T65<>0,ROUND(ROUND(S65,4)+ROUND(T65,4),4),""),"") -> 1679.92 | K65: =IFERROR(IF(H65*J65<>0,ROUND(ROUND(H65,4)*ROUND(J65,4),2),""),"") -> 1679.92 | L65: 0.265 | M65: 0.8325 | O65: =IF(N65="","",INDIRECT("base!"&ADDRESS(MATCH(N65,#REF!:#REF!,0)+1,4,4))) | Q65: =IF(P65="","",INDIRECT("base!"&ADDRESS(MATCH(CONCATENATE(N65,"|",P65),#REF!:#REF!,0)+1,6,4))) | R65: Mão-de-obra e material | S65: =TRUNC(U65*(1+L65),2) -> 92.57 | T65: =TRUNC(V65*(1+L65),2) -> 1587.35 | U65: 73.18 | V65: 1254.83
A66: 1 | B66: =IF(AND(G66<>"",H66>0,I66<>"",J66<>0,K66<>0),COUNT($B$11:B65)+1,"") -> 49 | C66: 6.12 | D66: SINAPI | E66: 98052 | F66: 45870 | G66: TANQUE SÉPTICO CIRCULAR, EM CONCRETO PRÉ-MOLDADO, DIÂMETRO INTERNO = 1,10 M, ALTURA INTERNA = 2,50 M, VOLUME ÚTIL: 2138,2 L (PARA 5 CONTRIBUINTES). AF_12/2020_PA | H66: 1 | I66: UN | J66: =IFERROR(IF(S66+T66<>0,ROUND(ROUND(S66,4)+ROUND(T66,4),4),""),"") -> 2727.54 | K66: =IFERROR(IF(H66*J66<>0,ROUND(ROUND(H66,4)*ROUND(J66,4),2),""),"") -> 2727.54 | L66: 0.265 | M66: 0.8325 | O66: =IF(N66="","",INDIRECT("base!"&ADDRESS(MATCH(N66,#REF!:#REF!,0)+1,4,4))) | Q66: =IF(P66="","",INDIRECT("base!"&ADDRESS(MATCH(CONCATENATE(N66,"|",P66),#REF!:#REF!,0)+1,6,4))) | R66: Mão-de-obra e material | S66: =TRUNC(U66*(1+L66),2) -> 290.41 | T66: =TRUNC(V66*(1+L66),2) -> 2437.13 | U66: 229.58 | V66: 1926.59
A67: 1 | B67: =IF(AND(G67<>"",H67>0,I67<>"",J67<>0,K67<>0),COUNT($B$11:B66)+1,"") -> 50 | C67: 6.13 | D67: SINAPI | E67: 95673 | F67: 45870 | G67: HIDRÔMETRO DN 1/2", 1,5 M3/H - FORNECIMENTO E INSTALAÇÃO. AF_03/2024 | H67: 1 | I67: UN | J67: =IFERROR(IF(S67+T67<>0,ROUND(ROUND(S67,4)+ROUND(T67,4),4),""),"") -> 226.84 | K67: =IFERROR(IF(H67*J67<>0,ROUND(ROUND(H67,4)*ROUND(J67,4),2),""),"") -> 226.84 | L67: 0.265 | M67: 0.8325 | O67: =IF(N67="","",INDIRECT("base!"&ADDRESS(MATCH(N67,#REF!:#REF!,0)+1,4,4))) | Q67: =IF(P67="","",INDIRECT("base!"&ADDRESS(MATCH(CONCATENATE(N67,"|",P67),#REF!:#REF!,0)+1,6,4))) | R67: Mão-de-obra e material | S67: =TRUNC(U67*(1+L67),2) -> 21.04 | T67: =TRUNC(V67*(1+L67),2) -> 205.8 | U67: 16.64 | V67: 162.69
... A72: 1 | B72: =IF(AND(G72<>"",H72>0,I72<>"",J72<>0,K72<>0),COUNT($B$11:B71)+1,"") -> 55 | C72: 6.18 | D72: SINAPI | E72: 98058 | F72: 45870 | G72: FILTRO ANAERÓBIO CIRCULAR, EM CONCRETO PRÉ-MOLDADO, DIÂMETRO INTERNO = 1,10 M, ALTURA INTERNA = 1,50 M, VOLUME ÚTIL: 1140,4 L (PARA 5 CONTRIBUINTES). AF_12/2020_PA | H72: 1 | I72: UN | J72: =IFERROR(IF(S72+T72<>0,ROUND(ROUND(S72,4)+ROUND(T72,4),4),""),"") -> 2312.18 | K72: =IFERROR(IF(H72*J72<>0,ROUND(ROUND(H72,4)*ROUND(J72,4),2),""),"") -> 2312.18 | L72: 0.265 | M72: 0.8325 | O72: =IF(N72="","",INDIRECT("base!"&ADDRESS(MATCH(N72,#REF!:#REF!,0)+1,4,4))) | Q72: =IF(P72="","",INDIRECT("base!"&ADDRESS(MATCH(CONCATENATE(N72,"|",P72),#REF!:#REF!,0)+1,6,4))) | R72: Mão-de-obra e material | S72: =TRUNC(U72*(1+L72),2) -> 338.9 | T72: =TRUNC(V72*(1+L72),2) -> 1973.28 | U72: 267.91 | V72: 1559.91
B73: =IF(AND(G73<>"",H73>0,I73<>"",J73<>0,K73<>0),COUNT($B$11:B66)+1,"") | C73: 7 | G73: ELÉTRICO | J73: =IFERROR(IF(S73+T73<>0,ROUND(ROUND(S73,4)+ROUND(T73,4),4),""),"") | K73: =IFERROR(IF(H73*J73<>0,ROUND(ROUND(H73,4)*ROUND(J73,4),2),""),"") | O73: =IF(N73="","",INDIRECT("base!"&ADDRESS(MATCH(N73,#REF!:#REF!,0)+1,4,4))) | Q73: =IF(P73="","",INDIRECT("base!"&ADDRESS(MATCH(CONCATENATE(N73,"|",P73),#REF!:#REF!,0)+1,6,4)))
A74: 1 | B74: =IF(AND(G74<>"",H74>0,I74<>"",J74<>0,K74<>0),COUNT($B$11:B73)+1,"") -> 56 | C74: 7.1 | D74: SINAPI | E74: 101876 | F74: 45870 | G74: QUADRO DE DISTRIBUIÇÃO DE ENERGIA EM PVC, DE EMBUTIR, SEM BARRAMENTO, PARA 6 DISJUNTORES - FORNECIMENTO E INSTALAÇÃO. AF_10/2020 | H74: 1 | I74: UN | J74: =IFERROR(IF(S74+T74<>0,ROUND(ROUND(S74,4)+ROUND(T74,4),4),""),"") -> 136.68 | K74: =IFERROR(IF(H74*J74<>0,ROUND(ROUND(H74,4)*ROUND(J74,4),2),""),"") -> 136.68 | L74: 0.265 | M74: 0.8325 | O74: =IF(N74="","",INDIRECT("base!"&ADDRESS(MATCH(N74,#REF!:#REF!,0)+1,4,4))) | Q74: =IF(P74="","",INDIRECT("base!"&ADDRESS(MATCH(CONCATENATE(N74,"|",P74),#REF!:#REF!,0)+1,6,4))) | R74: Mão-de-obra e material | S74: =TRUNC(U74*(1+L74),2) -> 44.9 | T74: =TRUNC(V74*(1+L74),2) -> 91.78 | U74: 35.5 | V74: 72.56
A75: 1 | B75: =IF(AND(G75<>"",H75>0,I75<>"",J75<>0,K75<>0),COUNT($B$11:B74)+1,"") -> 57 | C75: 7.2 | D75: SINAPI | E75: 93653 | F75: 45870 | G75: DISJUNTOR MONOPOLAR TIPO DIN, CORRENTE NOMINAL DE 10A - FORNECIMENTO E INSTALAÇÃO. AF_10/2020 | H75: 2 | I75: UN | J75: =IFERROR(IF(S75+T75<>0,ROUND(ROUND(S75,4)+ROUND(T75,4),4),""),"") -> 14.24 | K75: =IFERROR(IF(H75*J75<>0,ROUND(ROUND(H75,4)*ROUND(J75,4),2),""),"") -> 28.48 | L75: 0.265 | M75: 0.8325 | O75: =IF(N75="","",INDIRECT("base!"&ADDRESS(MATCH(N75,#REF!:#REF!,0)+1,4,4))) | Q75: =IF(P75="","",INDIRECT("base!"&ADDRESS(MATCH(CONCATENATE(N75,"|",P75),#REF!:#REF!,0)+1,6,4))) | R75: Mão-de-obra e material | S75: =TRUNC(U75*(1+L75),2) -> 1.8 | T75: =TRUNC(V75*(1+L75),2) -> 12.44 | U75: 1.43 | V75: 9.84
A76: 1 | B76: =IF(AND(G76<>"",H76>0,I76<>"",J76<>0,K76<>0),COUNT($B$11:B75)+1,"") -> 58 | C76: 7.3 | D76: SINAPI | E76: 93654 | F76: 45870 | G76: DISJUNTOR MONOPOLAR TIPO DIN, CORRENTE NOMINAL DE 16A - FORNECIMENTO E INSTALAÇÃO. AF_10/2020 | H76: 1 | I76: UN | J76: =IFERROR(IF(S76+T76<>0,ROUND(ROUND(S76,4)+ROUND(T76,4),4),""),"") -> 14.24 | K76: =IFERROR(IF(H76*J76<>0,ROUND(ROUND(H76,4)*ROUND(J76,4),2),""),"") -> 14.24 | L76: 0.265 | M76: 0.8325 | O76: =IF(N76="","",INDIRECT("base!"&ADDRESS(MATCH(N76,#REF!:#REF!,0)+1,4,4))) | Q76: =IF(P76="","",INDIRECT("base!"&ADDRESS(MATCH(CONCATENATE(N76,"|",P76),#REF!:#REF!,0)+1,6,4))) | R76: Mão-de-obra e material | S76: =TRUNC(U76*(1+L76),2) -> 1.8 | T76: =TRUNC(V76*(1+L76),2) -> 12.44 | U76: 1.43 | V76: 9.84
A77: 1 | B77: =IF(AND(G77<>"",H77>0,I77<>"",J77<>0,K77<>0),COUNT($B$11:B76)+1,"") -> 59 | C77: 7.4 | D77: SINAPI | E77: 93657 | F77: 45870 | G77: DISJUNTOR MONOPOLAR TIPO DIN, CORRENTE NOMINAL DE 32A - FORNECIMENTO E INSTALAÇÃO. AF_10/2020 | H77: 1 | I77: UN | J77: =IFERROR(IF(S77+T77<>0,ROUND(ROUND(S77,4)+ROUND(T77,4),4),""),"") -> 18.55 | K77: =IFERROR(IF(H77*J77<>0,ROUND(ROUND(H77,4)*ROUND(J77,4),2),""),"") -> 18.55 | L77: 0.265 | M77: 0.8325 | O77: =IF(N77="","",INDIRECT("base!"&ADDRESS(MATCH(N77,#REF!:#REF!,0)+1,4,4))) | Q77: =IF(P77="","",INDIRECT("base!"&ADDRESS(MATCH(CONCATENATE(N77,"|",P77),#REF!:#REF!,0)+1,6,4))) | R77: Mão-de-obra e material | S77: =TRUNC(U77*(1+L77),2) -> 4.5 | T77: =TRUNC(V77*(1+L77),2) -> 14.05 | U77: 3.56 | V77: 11.11
A78: 1 | B78: =IF(AND(G78<>"",H78>0,I78<>"",J78<>0,K78<>0),COUNT($B$11:B77)+1,"") -> 60 | C78: 7.5 | D78: SINAPI | E78: 91831 | F78: 45870 | G78: ELETRODUTO FLEXÍVEL CORRUGADO, PVC, DN 20 MM (1/2"), PARA CIRCUITOS TERMINAIS, INSTALADO EM FORRO - FORNECIMENTO E INSTALAÇÃO. AF_03/2023_PA | H78: 67.5 | I78: m | J78: =IFERROR(IF(S78+T78<>0,ROUND(ROUND(S78,4)+ROUND(T78,4),4),""),"") -> 23.97 | K78: =IFERROR(IF(H78*J78<>0,ROUND(ROUND(H78,4)*ROUND(J78,4),2),""),"") -> 1617.98 | L78: 0.265 | M78: 0.8325 | O78: =IF(N78="","",INDIRECT("base!"&ADDRESS(MATCH(N78,#REF!:#REF!,0)+1,4,4))) | Q78: =IF(P78="","",INDIRECT("base!"&ADDRESS(MATCH(CONCATENATE(N78,"|",P78),#REF!:#REF!,0)+1,6,4))) | R78: Mão-de-obra e material | S78: =TRUNC(U78*(1+L78),2) -> 10.77 | T78: =TRUNC(V78*(1+L78),2) -> 13.2 | U78: 8.52 | V78: 10.44
A79: 1 | B79: =IF(AND(G79<>"",H79>0,I79<>"",J79<>0,K79<>0),COUNT($B$11:B78)+1,"") -> 61 | C79: 7.6 | D79: SINAPI | E79: 91924 | F79: 45870 | G79: CABO DE COBRE FLEXÍVEL ISOLADO, 1,5 MM², ANTI-CHAMA 450/750 V, PARA CIRCUITOS TERMINAIS - FORNECIMENTO E INSTALAÇÃO. AF_03/2023 | H79: 272.41 | I79: m | J79: =IFERROR(IF(S79+T79<>0,ROUND(ROUND(S79,4)+ROUND(T79,4),4),""),"") -> 3.86 | K79: =IFERROR(IF(H79*J79<>0,ROUND(ROUND(H79,4)*ROUND(J79,4),2),""),"") -> 1051.5 | L79: 0.265 | M79: 0.8325 | O79: =IF(N79="","",INDIRECT("base!"&ADDRESS(MATCH(N79,#REF!:#REF!,0)+1,4,4))) | Q79: =IF(P79="","",INDIRECT("base!"&ADDRESS(MATCH(CONCATENATE(N79,"|",P79),#REF!:#REF!,0)+1,6,4))) | R79: Mão-de-obra e material | S79: =TRUNC(U79*(1+L79),2) -> 1.17 | T79: =TRUNC(V79*(1+L79),2) -> 2.69 | U79: 0.93 | V79: 2.13
A80: 1 | B80: =IF(AND(G80<>"",H80>0,I80<>"",J80<>0,K80<>0),COUNT($B$11:B79)+1,"") -> 62 | C80: 7.7 | D80: SINAPI | E80: 91926 | F80: 45870 | G80: CABO DE COBRE FLEXÍVEL ISOLADO, 2,5 MM², ANTI-CHAMA 450/750 V, PARA CIRCUITOS TERMINAIS - FORNECIMENTO E INSTALAÇÃO. AF_03/2023 | H80: 20 | I80: m | J80: =IFERROR(IF(S80+T80<>0,ROUND(ROUND(S80,4)+ROUND(T80,4),4),""),"") -> 5.6 | K80: =IFERROR(IF(H80*J80<>0,ROUND(ROUND(H80,4)*ROUND(J80,4),2),""),"") -> 112 | L80: 0.265 | M80: 0.8325 | O80: =IF(N80="","",INDIRECT("base!"&ADDRESS(MATCH(N80,#REF!:#REF!,0)+1,4,4))) | Q80: =IF(P80="","",INDIRECT("base!"&ADDRESS(MATCH(CONCATENATE(N80,"|",P80),#REF!:#REF!,0)+1,6,4))) | R80: Mão-de-obra e material | S80: =TRUNC(U80*(1+L80),2) -> 1.49 | T80: =TRUNC(V80*(1+L80),2) -> 4.11 | U80: 1.18 | V80: 3.25
A81: 1 | B81: =IF(AND(G81<>"",H81>0,I81<>"",J81<>0,K81<>0),COUNT($B$11:B80)+1,"") -> 63 | C81: 7.8 | D81: SINAPI | E81: 91930 | F81: 45870 | G81: CABO DE COBRE FLEXÍVEL ISOLADO, 6 MM², ANTI-CHAMA 450/750 V, PARA CIRCUITOS TERMINAIS - FORNECIMENTO E INSTALAÇÃO. AF_03/2023 | H81: 20 | I81: m | J81: =IFERROR(IF(S81+T81<>0,ROUND(ROUND(S81,4)+ROUND(T81,4),4),""),"") -> 12.08 | K81: =IFERROR(IF(H81*J81<>0,ROUND(ROUND(H81,4)*ROUND(J81,4),2),""),"") -> 241.6 | L81: 0.265 | M81: 0.8325 | O81: =IF(N81="","",INDIRECT("base!"&ADDRESS(MATCH(N81,#REF!:#REF!,0)+1,4,4))) | Q81: =IF(P81="","",INDIRECT("base!"&ADDRESS(MATCH(CONCATENATE(N81,"|",P81),#REF!:#REF!,0)+1,6,4))) | R81: Mão-de-obra e material | S81: =TRUNC(U81*(1+L81),2) -> 2.61 | T81: =TRUNC(V81*(1+L81),2) -> 9.47 | U81: 2.07 | V81: 7.49
A82: 1 | B82: =IF(AND(G82<>"",H82>0,I82<>"",J82<>0,K82<>0),COUNT($B$11:B81)+1,"") -> 64 | C82: 7.9 | D82: SINAPI | E82: 91992 | F82: 45870 | G82: TOMADA ALTA DE EMBUTIR (1 MÓDULO), 2P+T 10 A, INCLUINDO SUPORTE E PLACA - FORNECIMENTO E INSTALAÇÃO. AF_03/2023 | H82: 7 | I82: UN | J82: =IFERROR(IF(S82+T82<>0,ROUND(ROUND(S82,4)+ROUND(T82,4),4),""),"") -> 61.4 | K82: =IFERROR(IF(H82*J82<>0,ROUND(ROUND(H82,4)*ROUND(J82,4),2),""),"") -> 429.8 | L82: 0.265 | M82: 0.8325 | O82: =IF(N82="","",INDIRECT("base!"&ADDRESS(MATCH(N82,#REF!:#REF!,0)+1,4,4))) | Q82: =IF(P82="","",INDIRECT("base!"&ADDRESS(MATCH(CONCATENATE(N82,"|",P82),#REF!:#REF!,0)+1,6,4))) | R82: Mão-de-obra e material | S82: =TRUNC(U82*(1+L82),2) -> 32.78 | T82: =TRUNC(V82*(1+L82),2) -> 28.62 | U82: 25.92 | V82: 22.63
A83: 1 | B83: =IF(AND(G83<>"",H83>0,I83<>"",J83<>0,K83<>0),COUNT($B$11:B82)+1,"") -> 65 | C83: 7.10 | D83: SINAPI | E83: 92008 | F83: 45870 | G83: TOMADA BAIXA DE EMBUTIR (2 MÓDULOS), 2P+T 10 A, INCLUINDO SUPORTE E PLACA - FORNECIMENTO E INSTALAÇÃO. AF_03/2023 | H83: 1 | I83: UN | J83: =IFERROR(IF(S83+T83<>0,ROUND(ROUND(S83,4)+ROUND(T83,4),4),""),"") -> 67.39 | K83: =IFERROR(IF(H83*J83<>0,ROUND(ROUND(H83,4)*ROUND(J83,4),2),""),"") -> 67.39 | L83: 0.265 | M83: 0.8325 | O83: =IF(N83="","",INDIRECT("base!"&ADDRESS(MATCH(N83,#REF!:#REF!,0)+1,4,4))) | Q83: =IF(P83="","",INDIRECT("base!"&ADDRESS(MATCH(CONCATENATE(N83,"|",P83),#REF!:#REF!,0)+1,6,4))) | R83: Mão-de-obra e material | S83: =TRUNC(U83*(1+L83),2) -> 28.17 | T83: =TRUNC(V83*(1+L83),2) -> 39.22 | U83: 22.27 | V83: 31.01
A84: 1 | B84: =IF(AND(G84<>"",H84>0,I84<>"",J84<>0,K84<>0),COUNT($B$11:B83)+1,"") -> 66 | C84: 7.11 | D84: SINAPI | E84: 92023 | F84: 45870 | G84: INTERRUPTOR SIMPLES (1 MÓDULO) COM 1 TOMADA DE EMBUTIR 2P+T 10 A, INCLUINDO SUPORTE E PLACA - FORNECIMENTO E INSTALAÇÃO. AF_03/2023 | H84: 2 | I84: UN | J84: =IFERROR(IF(S84+T84<>0,ROUND(ROUND(S84,4)+ROUND(T84,4),4),""),"") -> 70.28 | K84: =IFERROR(IF(H84*J84<>0,ROUND(ROUND(H84,4)*ROUND(J84,4),2),""),"") -> 140.56 | L84: 0.265 | M84: 0.8325 | O84: =IF(N84="","",INDIRECT("base!"&ADDRESS(MATCH(N84,#REF!:#REF!,0)+1,4,4))) | Q84: =IF(P84="","",INDIRECT("base!"&ADDRESS(MATCH(CONCATENATE(N84,"|",P84),#REF!:#REF!,0)+1,6,4))) | R84: Mão-de-obra e material | S84: =TRUNC(U84*(1+L84),2) -> 31.51 | T84: =TRUNC(V84*(1+L84),2) -> 38.77 | U84: 24.91 | V84: 30.65
A85: 1 | B85: =IF(AND(G85<>"",H85>0,I85<>"",J85<>0,K85<>0),COUNT($B$11:B84)+1,"") -> 67 | C85: 7.12 | D85: SINAPI | E85: 91953 | F85: 45870 | G85: INTERRUPTOR SIMPLES (1 MÓDULO), 10A/250V, INCLUINDO SUPORTE E PLACA - FORNECIMENTO E INSTALAÇÃO. AF_03/2023 | H85: 4 | I85: UN | J85: =IFERROR(IF(S85+T85<>0,ROUND(ROUND(S85,4)+ROUND(T85,4),4),""),"") -> 41.33 | K85: =IFERROR(IF(H85*J85<>0,ROUND(ROUND(H85,4)*ROUND(J85,4),2),""),"") -> 165.32 | L85: 0.265 | M85: 0.8325 | O85: =IF(N85="","",INDIRECT("base!"&ADDRESS(MATCH(N85,#REF!:#REF!,0)+1,4,4))) | Q85: =IF(P85="","",INDIRECT("base!"&ADDRESS(MATCH(CONCATENATE(N85,"|",P85),#REF!:#REF!,0)+1,6,4))) | R85: Mão-de-obra e material | S85: =TRUNC(U85*(1+L85),2) -> 18.48 | T85: =TRUNC(V85*(1+L85),2) -> 22.85 | U85: 14.61 | V85: 18.07
... A88: 1 | B88: =IF(AND(G88<>"",H88>0,I88<>"",J88<>0,K88<>0),COUNT($B$11:B87)+1,"") -> 70 | C88: 7.15 | D88: SINAPI | E88: 91996 | F88: 45870 | G88: TOMADA MÉDIA DE EMBUTIR (1 MÓDULO), 2P+T 10 A, INCLUINDO SUPORTE E PLACA - FORNECIMENTO E INSTALAÇÃO. AF_03/2023 | H88: 4 | I88: UN | J88: =IFERROR(IF(S88+T88<>0,ROUND(ROUND(S88,4)+ROUND(T88,4),4),""),"") -> 48.46 | K88: =IFERROR(IF(H88*J88<>0,ROUND(ROUND(H88,4)*ROUND(J88,4),2),""),"") -> 193.84 | L88: 0.265 | M88: 0.8325 | O88: =IF(N88="","",INDIRECT("base!"&ADDRESS(MATCH(N88,#REF!:#REF!,0)+1,4,4))) | Q88: =IF(P88="","",INDIRECT("base!"&ADDRESS(MATCH(CONCATENATE(N88,"|",P88),#REF!:#REF!,0)+1,6,4))) | R88: Mão-de-obra e material | S88: =TRUNC(U88*(1+L88),2) -> 22.84 | T88: =TRUNC(V88*(1+L88),2) -> 25.62 | U88: 18.06 | V88: 20.26
K90: =SUM(K13:K89) -> 120295.28

Sheet Cronograma
B2: CRONOGRAMA DE EXECUÇÃO
B3: Estado do Rio Grande do Sul
B4: Prefeitura Municipal de Montenegro
B5: Secretaria Municipal de Gestão e Planejamento
B6: OBRA: | C6: CASA DE MADEIRA
B7: PROJETO: | C7: CONSTRUÇÃO CASA DE MADEIRA
B8: DATA: | C8: 23 de setembro de 2025
B10: Item | C10: Descrição dos Serviços | D10: VALOR TOTAL | E10: 1º Mês | F10: % | G10: 2º Mês | H10: % | I10: 3º Mês | J10: %
D11: Mat./M.Obra
B12: ='Orçamento-base'!C12 -> 1 | C12: ='Orçamento-base'!G12 -> SERVIÇOS PRELIMINARES | D12: ='Orçamento-base'!K12
B13: ='Orçamento-base'!C13 -> 1.1 | C13: ='Orçamento-base'!G13 -> FORNECIMENTO E INSTALAÇÃO DE PLACA DE OBRA COM CHAPA GALVANIZADA E ESTRUTURA DE MADEIRA. AF_03/2022_PS | D13: ='Orçamento-base'!K13 -> 1450.6 | E13: =TRUNC((D13*F13),2) -> 1450.6 | F13: 1 | G13: - | H13: 0 | I13: - | J13: 0
B14: ='Orçamento-base'!C14 -> 1.2 | C14: ='Orçamento-base'!G14 -> LOCAÇÃO DE PONTO PARA REFERÊNCIA TOPOGRÁFICA. AF_10/2018 | D14: ='Orçamento-base'!K14 -> 195.24 | E14: =TRUNC((D14*F14),2) -> 195.24 | F14: 1 | G14: - | H14: 0 | I14: - | J14: 0
B15: ='Orçamento-base'!C15 -> 1.3 | C15: ='Orçamento-base'!G15 -> REGULARIZAÇÃO DE SUPERFÍCIES COM MOTONIVELADORA. AF_09/2024 | D15: ='Orçamento-base'!K15 -> 136 | E15: =TRUNC((D15*F15),2) -> 136 | F15: 1 | G15: - | H15: 0 | I15: - | J15: 0
B16: ='Orçamento-base'!C16 -> 1.4 | C16: ='Orçamento-base'!G16 -> KIT CAVALETE PARA MEDIÇÃO DE ÁGUA - ENTRADA PRINCIPAL, EM PVC 20 MM (1/2") - FORNECIMENTO E INSTALAÇÃO (EXCLUSIVE HIDRÔMETRO). AF_03/2024 | D16: ='Orçamento-base'!K16 -> 292.94 | E16: =TRUNC((D16*F16),2) -> 292.94 | F16: 1 | G16: - | H16: 0 | I16: - | J16: 0
B17: ='Orçamento-base'!C17 -> 1.5 | C17: ='Orçamento-base'!G17 -> ENTRADA DE ENERGIA ELÉTRICA, AÉREA, MONOFÁSICA, COM CAIXA DE SOBREPOR, CABO DE 10 MM2 E DISJUNTOR DIN 50A (NÃO INCLUSO O POSTE DE CONCRETO). AF_07/2020_PS | D17: ='Orçamento-base'!K17 -> 1980.41 | E17: =TRUNC((D17*F17),2) -> 1980.41 | F17: 1 | G17: - | H17: 0 | I17: - | J17: 0
B18: ='Orçamento-base'!C18 -> 1.6 | C18: ='Orçamento-base'!G18 -> POSTE CONICO CONTINUO EM ACO GALVANIZADO, RETO, FLANGEADO, H = 3 M, DIAMETRO INFERIOR = *95* MM | D18: ='Orçamento-base'!K18 -> 714.61 | E18: =TRUNC((D18*F18),2) -> 714.61 | F18: 1 | G18: - | H18: 0 | I18: - | J18: 0
B19: ='Orçamento-base'!C19 -> 1.7 | C19: ='Orçamento-base'!G19 -> ASSENTAMENTO DE POSTE DE CONCRETO COM COMPRIMENTO NOMINAL DE 9 M, CARGA NOMINAL DE 300 DAN, ENGASTAMENTO BASE CONCRETADA COM 1 M DE CONCRETO E 0,5 M DE SOLO (NÃO INCLUI FORNECIMENTO). AF_11/2019 | D19: ='Orçamento-base'!K19 -> 890.59 | E19: =TRUNC((D19*F19),2) -> 890.59 | F19: 1 | G19: - | H19: 0 | I19: - | J19: 0
B20: ='Orçamento-base'!C20 -> 2 | C20: ='Orçamento-base'!G20 -> ESTRUTURA
B21: ='Orçamento-base'!C21 -> 2.1 | C21: ='Orçamento-base'!G21 -> ESCAVAÇÃO MANUAL DE VALA. AF_09/2024 | D21: ='Orçamento-base'!K21 -> 391.58 | E21: =TRUNC((D21*F21),2) -> 391.58 | F21: 1 | G21: - | H21: 0 | I21: - | J21: 0
B22: ='Orçamento-base'!C22 -> 2.2 | C22: ='Orçamento-base'!G22 -> ESTACA HÉLICE CONTÍNUA, DIÂMETRO DE 30 CM, INCLUSO CONCRETO FCK=30MPA E ARMADURA MÍNIMA (EXCLUSIVE BOMBEAMENTO, MOBILIZAÇÃO E DESMOBILIZAÇÃO). AF_12/2019_PA | D22: ='Orçamento-base'!K22 -> 3570.84 | E22: =TRUNC((D22*F22),2) -> 3570.84 | F22: 1 | G22: - | H22: 0 | I22: - | J22: 0
B23: ='Orçamento-base'!C23 -> 2.3 | C23: ='Orçamento-base'!G23 -> BLOCO DE COROAMENTO 40X40X40, CONCRETO FCK 30MPA - UNID | D23: ='Orçamento-base'!K23 -> 2862.36 | E23: =TRUNC((D23*F23),2) -> 2862.36 | F23: 1 | G23: - | H23: 0 | I23: - | J23: 0
B24: ='Orçamento-base'!C24 -> 2.4 | C24: ='Orçamento-base'!G24 -> VIGA DE BALDRAME 15X30, CONCRETO FCK 30MPA-M | D24: ='Orçamento-base'!K24 -> 8499.17 | E24: =TRUNC((D24*F24),2) -> 8499.17 | F24: 1 | G24: - | H24: 0 | I24: - | J24: 0
B25: ='Orçamento-base'!C25 -> 2.5 | C25: ='Orçamento-base'!G25 -> ASSENTAMENTO DE PEDRA GRÊS PARA ALICERCE, INCLUINDO TELA DE AÇO SOLDADA, PINO DE AÇO E ARGAMASSA M² | D25: ='Orçamento-base'!K25 -> 3650.21 | E25: =TRUNC((D25*F25),2) -> 3650.21 | F25: 1 | G25: - | H25: 0 | I25: - | J25: 0
B26: ='Orçamento-base'!C26 -> 2.6 | C26: ='Orçamento-base'!G26 -> PAREDE EM EUCALIPTO, COM ACABAMENTO EM PINTURA ESMALTE SINTÉTICO - M² | D26: ='Orçamento-base'!K26 -> 19852.8 | E26: =TRUNC((D26*F26),2) -> 19852.8 | F26: 1 | G26: - | H26: 0 | I26: - | J26: 0
B27: ='Orçamento-base'!C27 -> 2.7 | C27: ='Orçamento-base'!G27 -> PILAR EM CONCRETO ARMADO FCK 30MPA 40x20X20CM - M² | D27: ='Orçamento-base'!K27 -> 1581.12 | E27: =TRUNC((D27*F27),2) -> 1581.12 | F27: 1 | G27: - | H27: 0 | I27: - | J27: 0
B28: ='Orçamento-base'!C28 -> 2.8 | C28: ='Orçamento-base'!G28 -> IMPERMEABILIZAÇÃO DE SUPERFÍCIE COM EMULSÃO ASFÁLTICA, 2 DEMÃOS. AF_09/2023 | D28: ='Orçamento-base'!K28 -> 3674.38 | E28: =TRUNC((D28*F28),2) -> 3674.38 | F28: 1 | G28: - | H28: 0 | I28: - | J28: 0
B29: ='Orçamento-base'!C29 -> 2.9 | C29: ='Orçamento-base'!G29 -> ALVENARIA DE VEDAÇÃO DE BLOCOS CERÂMICOS FURADOS NA HORIZONTAL DE 9X19X19 CM (ESPESSURA 9 CM) E ARGAMASSA DE ASSENTAMENTO COM PREPARO EM BETONEIRA. AF_12/2021 | D29: ='Orçamento-base'!K29 -> 1973.81 | E29: =TRUNC((D29*F29),2) -> 1973.81 | F29: 1 | G29: - | H29: 0 | I29: - | J29: 0
B30: ='Orçamento-base'!C30 -> 2.10 | C30: ='Orçamento-base'!G30 -> VIGA BANHIERO 15X30, CONCRETO FCK 30MPA - M | D30: ='Orçamento-base'!K30 -> 1792.52 | E30: =TRUNC((D30*F30),2) -> 1792.52 | F30: 1 | G30: - | H30: 0 | I30: - | J30: 0
B31: ='Orçamento-base'!C31 -> 2.11 | C31: ='Orçamento-base'!G31 -> LAJE PRÉ-MOLDADA UNIDIRECIONAL, BIAPOIADA, PARA FORRO, ENCHIMENTO EM CERÂMICA, VIGOTA CONVENCIONAL, ALTURA TOTAL DA LAJE (ENCHIMENTO+CAPA) = (8+3). AF_11/2020_PA | D31: ='Orçamento-base'!K31 -> 1058.12 | E31: =TRUNC((D31*F31),2) -> 1058.12 | F31: 1 | G31: - | H31: 0 | I31: - | J31: 0
B32: ='Orçamento-base'!C32 -> 2.12 | C32: ='Orçamento-base'!G32 -> REATERRO MECANIZADO DE VALA COM ESCAVADEIRA HIDRÁULICA (CAPACIDADE DA CAÇAMBA: 0,8 M³ / POTÊNCIA: 111 HP), LARGURA DE 1,5 A 2,5 M, PROFUNDIDADE ATÉ 1,5 M, COM SOLO DE 1ª CATEGORIA EM LOCAIS COM ALTO NÍVEL DE INTERFERÊNCIA. AF_04/2016 | D32: ='Orçamento-base'!K32 -> 861.4 | E32: =TRUNC((D32*F32),2) -> 861.4 | F32: 1 | G32: - | H32: 0 | I32: - | J32: 0
B33: ='Orçamento-base'!C33 -> 2.13 | C33: ='Orçamento-base'!G33 -> LASTRO DE CONCRETO MAGRO, APLICADO EM PISOS, LAJES SOBRE SOLO OU RADIERS, ESPESSURA DE 3 CM. AF_01/2024 | D33: ='Orçamento-base'!K33 -> 971.93 | E33: - | F33: 0 | G33: =TRUNC((D33*H33),2) -> 971.93 | H33: 1 | I33: - | J33: 0
B34: ='Orçamento-base'!C34 -> 2.14 | C34: ='Orçamento-base'!G34 -> LASTRO COM MATERIAL GRANULAR, APLICADO EM PISOS OU LAJES SOBRE SOLO, ESPESSURA DE *5 CM*. AF_01/2024 | D34: ='Orçamento-base'!K34 -> 489.76 | E34: - | F34: 0 | G34: =TRUNC((D34*H34),2) -> 489.76 | H34: 1 | I34: - | J34: 0
B35: ='Orçamento-base'!C35 -> 3 | C35: ='Orçamento-base'!G35 -> ABERTURAS | D35: ='Orçamento-base'!K35
B36: ='Orçamento-base'!C36 -> 3.1 | C36: ='Orçamento-base'!G36 -> JANELA DE MADEIRA (CEDRINHO/ANGELIM OU EQUIV.) TIPO MAXIM-AR, PARA VIDRO, COM BATENTE, ALIZAR E FERRAGENS, EXCLUSIVE VIDRO, ACABAMENTO E CONTRAMARCO, FIXAÇÃO C/ PARAFUSO E ESPUMA - FORNECIMENTO E INSTALAÇÃO. AF_11/2024 | D36: ='Orçamento-base'!K36 -> 488.16 | E36: - | F36: 0 | G36: =TRUNC((D36*H36),2) -> 488.16 | H36: 1 | I36: - | J36: 0
B37: ='Orçamento-base'!C37 -> 3.2 | C37: ='Orçamento-base'!G37 -> JANELA BASCULANTE, EM ALUMINIO PERFIL 20, 80 X 60 CM (A X L), 4 FLS (1 FIXA E 3 MOVEIS), ACABAMENTO BRANCO OU BRILHANTE, BATENTE DE 3 A 4 CM, COM VIDRO 4 MM, SEM GUARNICAO | D37: ='Orçamento-base'!K37 -> 319.96 | E37: - | F37: 0 | G37: =TRUNC((D37*H37),2) -> 319.96 | H37: 1 | I37: - | J37: 0
B38: ='Orçamento-base'!C38 -> 3.3 | C38: ='Orçamento-base'!G38 -> VIDRO TEMPERADO INCOLOR E = 10 MM, SEM COLOCACAO | D38: ='Orçamento-base'!K38 -> 92.34 | E38: - | F38: 0 | G38: =TRUNC((D38*H38),2) -> 92.34 | H38: 1 | I38: - | J38: 0
B39: ='Orçamento-base'!C39 -> 3.4 | C39: ='Orçamento-base'!G39 -> JANELA DE MADEIRA (PINUS/EUCALIPTO OU EQUIV.) DE ABRIR COM 4 FOLHAS (2 VENEZIANAS E 2 GUILHOTINAS), COM BATENTE, ALIZAR E FERRAGENS, EXCLUSIVE VIDROS, ACABAMENTO E CONTRAMARCO, FIXAÇÃO C/ PARAFUSO E ESPUMA - FORNECIMENTO E INSTALAÇÃO. AF_11/2024 | D39: ='Orçamento-base'!K39 -> 4308.07 | E39: - | F39: 0 | G39: =TRUNC((D39*H39),2) -> 4308.07 | H39: 1 | I39: - | J39: 0
B40: ='Orçamento-base'!C40 -> 3.5 | C40: ='Orçamento-base'!G40 -> PORTA DE MADEIRA PARA PINTURA, SEMI-OCA (LEVE OU MÉDIA), 70X210CM, ESPESSURA DE 3,5CM, INCLUSO DOBRADIÇAS - FORNECIMENTO E INSTALAÇÃO. AF_12/2019 | D40: ='Orçamento-base'!K40 -> 1587.21 | E40: - | F40: 0 | G40: =TRUNC((D40*H40),2) -> 1587.21 | H40: 1 | I40: - | J40: 0
B41: ='Orçamento-base'!C41 -> 3.6 | C41: ='Orçamento-base'!G41 -> PORTA DE MADEIRA PARA PINTURA, SEMI-OCA (LEVE OU MÉDIA), 80X210CM, ESPESSURA DE 3,5CM, INCLUSO DOBRADIÇAS - FORNECIMENTO E INSTALAÇÃO. AF_12/2019 | D41: ='Orçamento-base'!K41 -> 1131 | E41: - | F41: 0 | G41: =TRUNC((D41*H41),2) -> 1131 | H41: 1 | I41: - | J41: 0
B42: ='Orçamento-base'!C42 -> 3.7 | C42: ='Orçamento-base'!G42 -> PINTURA TINTA DE ACABAMENTO (PIGMENTADA) ESMALTE SINTÉTICO BRILHANTE EM MADEIRA, 3 DEMÃOS. AF_01/2021 | D42: ='Orçamento-base'!K42 -> 769.65 | E42: - | F42: 0 | G42: =TRUNC((D42*H42),2) -> 769.65 | H42: 1 | I42: - | J42: 0
B43: ='Orçamento-base'!C43 -> 4 | C43: ='Orçamento-base'!G43 -> COBERTURA | D43: ='Orçamento-base'!K43
B44: ='Orçamento-base'!C44 -> 4.1 | C44: ='Orçamento-base'!G44 -> FABRICAÇÃO E INSTALAÇÃO DE TESOURA INTEIRA EM MADEIRA NÃO APARELHADA, VÃO DE 3 M, PARA TELHA CERÂMICA OU DE CONCRETO, INCLUSO IÇAMENTO. AF_07/2019 | D44: ='Orçamento-base'!K44 -> 10012 | E44: - | F44: 0 | G44: =TRUNC((D44*H44),2) -> 10012 | H44: 1 | I44: - | J44: 0
B45: ='Orçamento-base'!C45 -> 4.2 | C45: ='Orçamento-base'!G45 -> TRAMA DE MADEIRA COMPOSTA POR TERÇAS PARA TELHADOS DE ATÉ 2 ÁGUAS PARA TELHA ONDULADA DE FIBROCIMENTO, METÁLICA, PLÁSTICA OU TERMOACÚSTICA, INCLUSO TRANSPORTE VERTICAL. AF_07/2019 | D45: ='Orçamento-base'!K45 -> 1462.76 | E45: - | F45: 0 | G45: =TRUNC((D45*H45),2) -> 1462.76 | H45: 1 | I45: - | J45: 0
B46: ='Orçamento-base'!C46 -> 4.3 | C46: ='Orçamento-base'!G46 -> TELHAMENTO COM TELHA ONDULADA DE FIBROCIMENTO E = 6 MM, COM RECOBRIMENTO LATERAL DE 1/4 DE ONDA PARA TELHADO COM INCLINAÇÃO MAIOR QUE 10°, COM ATÉ 2 ÁGUAS, INCLUSO IÇAMENTO. AF_07/2019 | D46: ='Orçamento-base'!K46 -> 3281.72 | E46: - | F46: 0 | G46: =TRUNC((D46*H46),2) -> 3281.72 | H46: 1 | I46: - | J46: 0
B47: ='Orçamento-base'!C47 -> 4.4 | C47: ='Orçamento-base'!G47 -> FORRO EM MADEIRA PINUS, PARA AMBIENTES RESIDENCIAIS, INCLUSIVE ESTRUTURA UNIDIRECIONAL DE FIXAÇÃO. AF_08/2023 | D47: ='Orçamento-base'!K47 -> 8572.98 | E47: - | F47: 0 | G47: =TRUNC((D47*H47),2) -> 8572.98 | H47: 1 | I47: - | J47: 0
B48: ='Orçamento-base'!C48 -> 4.5 | C48: ='Orçamento-base'!G48 -> ACABAMENTOS PARA FORRO (RODA-FORRO EM MADEIRA PINUS). AF_08/2023 | D48: ='Orçamento-base'!K48 -> 4259.59 | E48: - | F48: 0 | G48: =TRUNC((D48*H48),2) -> 4259.59 | H48: 1 | I48: - | J48: 0
B49: ='Orçamento-base'!C49 -> 5 | C49: ='Orçamento-base'!G49 -> PINTURA E REVESTIMENTOS | D49: ='Orçamento-base'!K49
B50: ='Orçamento-base'!C50 -> 5.1 | C50: ='Orçamento-base'!G50 -> MASSA ÚNICA, EM ARGAMASSA TRAÇO 1:2:8, PREPARO MECÂNICO, APLICADA MANUALMENTE EM PAREDES INTERNAS DE AMBIENTES COM ÁREA ENTRE 5M² E 10M², E = 17,5MM, COM TALISCAS. AF_03/2024 | D50: ='Orçamento-base'!K50 -> 1839.1 | E50: - | F50: 0 | G50: =TRUNC((D50*H50),2) -> 1839.1 | H50: 1 | I50: - | J50: 0
B51: ='Orçamento-base'!C51 -> 5.2 | C51: ='Orçamento-base'!G51 -> REVESTIMENTO CERÂMICO PARA PISO COM PLACAS TIPO ESMALTADA PADRÃO POPULAR DE DIMENSÕES 35X35 CM APLICADA EM AMBIENTES DE ÁREA MENOR QUE 5 M2. AF_02/2023_PE | D51: ='Orçamento-base'!K51 -> 2576.18 | E51: - | F51: 0 | G51: - | H51: 0 | I51: =TRUNC((D51*J51),2) -> 2576.18 | J51: 1
B52: ='Orçamento-base'!C52 -> 5.3 | C52: ='Orçamento-base'!G52 -> REVESTIMENTO CERÂMICO PARA PAREDES INTERNAS COM PLACAS TIPO ESMALTADA PADRÃO POPULAR DE DIMENSÕES 20X20 CM, ARGAMASSA TIPO AC I, APLICADAS EM AMBIENTES DE ÁREA MENOR QUE 5 M2 A MEIA ALTURA DAS PAREDES. AF_06/2014 | D52: ='Orçamento-base'!K52 -> 1224.04 | E52: - | F52: 0 | G52: - | H52: 0 | I52: =TRUNC((D52*J52),2) -> 1224.04 | J52: 1
B53: ='Orçamento-base'!C53 -> 5.4 | C53: ='Orçamento-base'!G53 -> PINTURA LÁTEX ACRÍLICA PREMIUM, APLICAÇÃO MANUAL EM PAREDES, DUAS DEMÃOS. AF_04/2023 | D53: ='Orçamento-base'!K53 -> 349.35 | E53: - | F53: 0 | G53: - | H53: 0 | I53: =TRUNC((D53*J53),2) -> 349.35 | J53: 1
B54: ='Orçamento-base'!C54 -> 6 | C54: ='Orçamento-base'!G54 -> HIDROSSANITÁRIO | D54: ='Orçamento-base'!K54
B55: ='Orçamento-base'!C55 -> 6.1 | C55: ='Orçamento-base'!G55 -> REGISTRO DE GAVETA BRUTO, LATÃO, ROSCÁVEL, 1", COM ACABAMENTO E CANOPLA CROMADOS - FORNECIMENTO E INSTALAÇÃO. AF_08/2021 | D55: ='Orçamento-base'!K55 -> 370.24 | E55: - | F55: 0 | G55: - | H55: 0 | I55: =TRUNC((D55*J55),2) -> 370.24 | J55: 1
B56: ='Orçamento-base'!C56 -> 6.2 | C56: ='Orçamento-base'!G56 -> ENGATE FLEXÍVEL EM PLÁSTICO BRANCO, 1/2" X 30CM - FORNECIMENTO E INSTALAÇÃO. AF_01/2020 | D56: ='Orçamento-base'!K56 -> 29.52 | E56: - | F56: 0 | G56: - | H56: 0 | I56: =TRUNC((D56*J56),2) -> 29.52 | J56: 1
B57: ='Orçamento-base'!C57 -> 6.3 | C57: ='Orçamento-base'!G57 -> TUBO, PVC, SOLDÁVEL, DE 20MM, INSTALADO EM RAMAL OU SUB-RAMAL DE ÁGUA - FORNECIMENTO E INSTALAÇÃO. AF_06/2022 | D57: ='Orçamento-base'!K57 -> 995.63 | E57: - | F57: 0 | G57: - | H57: 0 | I57: =TRUNC((D57*J57),2) -> 995.63 | J57: 1
B58: ='Orçamento-base'!C58 -> 6.4 | C58: ='Orçamento-base'!G58 -> TUBO PVC, SERIE NORMAL, ESGOTO PREDIAL, DN 40 MM, FORNECIDO E INSTALADO EM RAMAL DE DESCARGA OU RAMAL DE ESGOTO SANITÁRIO. AF_08/2022 | D58: ='Orçamento-base'!K58 -> 237.75 | E58: - | F58: 0 | G58: - | H58: 0 | I58: =TRUNC((D58*J58),2) -> 237.75 | J58: 1
B59: ='Orçamento-base'!C59 -> 6.5 | C59: ='Orçamento-base'!G59 -> TUBO PVC, SERIE NORMAL, ESGOTO PREDIAL, DN 50 MM, FORNECIDO E INSTALADO EM RAMAL DE DESCARGA OU RAMAL DE ESGOTO SANITÁRIO. AF_08/2022 | D59: ='Orçamento-base'!K59 -> 232.77 | E59: - | F59: 0 | G59: - | H59: 0 | I59: =TRUNC((D59*J59),2) -> 232.77 | J59: 1
B60: ='Orçamento-base'!C60 -> 6.6 | C60: ='Orçamento-base'!G60 -> TUBO PVC, SERIE NORMAL, ESGOTO PREDIAL, DN 100 MM, FORNECIDO E INSTALADO EM RAMAL DE DESCARGA OU RAMAL DE ESGOTO SANITÁRIO. AF_08/2022 | D60: ='Orçamento-base'!K60 -> 224.33 | E60: - | F60: 0 | G60: - | H60: 0 | I60: =TRUNC((D60*J60),2) -> 224.33 | J60: 1
B61: ='Orçamento-base'!C61 -> 6.7 | C61: ='Orçamento-base'!G61 -> CAIXA DE GORDURA SIMPLES (CAPACIDADE: 36 L), RETANGULAR, EM ALVENARIA COM BLOCOS DE CONCRETO, DIMENSÕES INTERNAS = 0,2X0,4 M, ALTURA INTERNA = 0,8 M. AF_12/2020 | D61: ='Orçamento-base'!K61 -> 368.85 | E61: - | F61: 0 | G61: - | H61: 0 | I61: =TRUNC((D61*J61),2) -> 368.85 | J61: 1
B62: ='Orçamento-base'!C62 -> 6.8 | C62: ='Orçamento-base'!G62 -> CAIXA ENTERRADA HIDRÁULICA RETANGULAR, EM CONCRETO PRÉ-MOLDADO, DIMENSÕES INTERNAS: 0,6X0,6X0,5 M. AF_12/2020 | D62: ='Orçamento-base'!K62 -> 600.59 | E62: - | F62: 0 | G62: - | H62: 0 | I62: =TRUNC((D62*J62),2) -> 600.59 | J62: 1
B63: ='Orçamento-base'!C63 -> 6.9 | C63: ='Orçamento-base'!G63 -> RALO SIFONADO, PVC, DN 100 X 40 MM, JUNTA SOLDÁVEL, FORNECIDO E INSTALADO EM RAMAL DE DESCARGA OU EM RAMAL DE ESGOTO SANITÁRIO. AF_08/2022 | D63: ='Orçamento-base'!K63 -> 25.64 | E63: - | F63: 0 | G63: - | H63: 0 | I63: =TRUNC((D63*J63),2) -> 25.64 | J63: 1
B64: ='Orçamento-base'!C64 -> 6.10 | C64: ='Orçamento-base'!G64 -> SUMIDOURO RETANGULAR, EM ALVENARIA COM TIJOLOS CERÂMICOS MACIÇOS, DIMENSÕES INTERNAS: 0,8 X 1,4 X H=3,0 M, ÁREA DE INFILTRAÇÃO: 13,2 M² (PARA 5 CONTRIBUINTES). AF_12/2020 | D64: ='Orçamento-base'!K64 -> 5386.75 | E64: - | F64: 0 | G64: - | H64: 0 | I64: =TRUNC((D64*J64),2) -> 5386.75 | J64: 1
B65: ='Orçamento-base'!C65 -> 6.11 | C65: ='Orçamento-base'!G65 -> BANCADA GRANITO CINZA 150 X 60 CM, COM CUBA DE EMBUTIR DE AÇO, VÁLVULA AMERICANA EM METAL, SIFÃO FLEXÍVEL EM PVC, ENGATE FLEXÍVEL 30 CM, TORNEIRA CROMADA LONGA, DE PAREDE, 1/2" OU 3/4", P/ COZINHA, PADRÃO POPULAR - FORNEC. E INSTALAÇÃO. AF_01/2020 | D65: ='Orçamento-base'!K65 -> 1679.92 | E65: - | F65: 0 | G65: - | H65: 0 | I65: =TRUNC((D65*J65),2) -> 1679.92 | J65: 1
B66: ='Orçamento-base'!C66 -> 6.12 | C66: ='Orçamento-base'!G66 -> TANQUE SÉPTICO CIRCULAR, EM CONCRETO PRÉ-MOLDADO, DIÂMETRO INTERNO = 1,10 M, ALTURA INTERNA = 2,50 M, VOLUME ÚTIL: 2138,2 L (PARA 5 CONTRIBUINTES). AF_12/2020_PA | D66: ='Orçamento-base'!K66 -> 2727.54 | E66: - | F66: 0 | G66: - | H66: 0 | I66: =TRUNC((D66*J66),2) -> 2727.54 | J66: 1
... B72: ='Orçamento-base'!C72 -> 6.18 | C72: ='Orçamento-base'!G72 -> FILTRO ANAERÓBIO CIRCULAR, EM CONCRETO PRÉ-MOLDADO, DIÂMETRO INTERNO = 1,10 M, ALTURA INTERNA = 1,50 M, VOLUME ÚTIL: 1140,4 L (PARA 5 CONTRIBUINTES). AF_12/2020_PA | D72: ='Orçamento-base'!K72 -> 2312.18 | E72: - | F72: 0 | G72: - | H72: 0 | I72: =TRUNC((D72*J72),2) -> 2312.18 | J72: 1
B73: ='Orçamento-base'!C73 -> 7 | C73: ='Orçamento-base'!G73 -> ELÉTRICO | D73: ='Orçamento-base'!K73
B74: ='Orçamento-base'!C74 -> 7.1 | C74: ='Orçamento-base'!G74 -> QUADRO DE DISTRIBUIÇÃO DE ENERGIA EM PVC, DE EMBUTIR, SEM BARRAMENTO, PARA 6 DISJUNTORES - FORNECIMENTO E INSTALAÇÃO. AF_10/2020 | D74: ='Orçamento-base'!K74 -> 136.68 | E74: - | F74: 0 | G74: - | H74: 0 | I74: =TRUNC((D74*J74),2) -> 136.68 | J74: 1
B75: ='Orçamento-base'!C75 -> 7.2 | C75: ='Orçamento-base'!G75 -> DISJUNTOR MONOPOLAR TIPO DIN, CORRENTE NOMINAL DE 10A - FORNECIMENTO E INSTALAÇÃO. AF_10/2020 | D75: ='Orçamento-base'!K75 -> 28.48 | E75: - | F75: 0 | G75: - | H75: 0 | I75: =TRUNC((D75*J75),2) -> 28.48 | J75: 1
B76: ='Orçamento-base'!C76 -> 7.3 | C76: ='Orçamento-base'!G76 -> DISJUNTOR MONOPOLAR TIPO DIN, CORRENTE NOMINAL DE 16A - FORNECIMENTO E INSTALAÇÃO. AF_10/2020 | D76: ='Orçamento-base'!K76 -> 14.24 | E76: - | F76: 0 | G76: - | H76: 0 | I76: =TRUNC((D76*J76),2) -> 14.24 | J76: 1
B77: ='Orçamento-base'!C77 -> 7.4 | C77: ='Orçamento-base'!G77 -> DISJUNTOR MONOPOLAR TIPO DIN, CORRENTE NOMINAL DE 32A - FORNECIMENTO E INSTALAÇÃO. AF_10/2020 | D77: ='Orçamento-base'!K77 -> 18.55 | E77: - | F77: 0 | G77: - | H77: 0 | I77: =TRUNC((D77*J77),2) -> 18.55 | J77: 1
B78: ='Orçamento-base'!C78 -> 7.5 | C78: ='Orçamento-base'!G78 -> ELETRODUTO FLEXÍVEL CORRUGADO, PVC, DN 20 MM (1/2"), PARA CIRCUITOS TERMINAIS, INSTALADO EM FORRO - FORNECIMENTO E INSTALAÇÃO. AF_03/2023_PA | D78: ='Orçamento-base'!K78 -> 1617.98 | E78: - | F78: 0 | G78: - | H78: 0 | I78: =TRUNC((D78*J78),2) -> 1617.98 | J78: 1
B79: ='Orçamento-base'!C79 -> 7.6 | C79: ='Orçamento-base'!G79 -> CABO DE COBRE FLEXÍVEL ISOLADO, 1,5 MM², ANTI-CHAMA 450/750 V, PARA CIRCUITOS TERMINAIS - FORNECIMENTO E INSTALAÇÃO. AF_03/2023 | D79: ='Orçamento-base'!K79 -> 1051.5 | E79: - | F79: 0 | G79: - | H79: 0 | I79: =TRUNC((D79*J79),2) -> 1051.5 | J79: 1
B80: ='Orçamento-base'!C80 -> 7.7 | C80: ='Orçamento-base'!G80 -> CABO DE COBRE FLEXÍVEL ISOLADO, 2,5 MM², ANTI-CHAMA 450/750 V, PARA CIRCUITOS TERMINAIS - FORNECIMENTO E INSTALAÇÃO. AF_03/2023 | D80: ='Orçamento-base'!K80 -> 112 | E80: - | F80: 0 | G80: - | H80: 0 | I80: =TRUNC((D80*J80),2) -> 112 | J80: 1
B81: ='Orçamento-base'!C81 -> 7.8 | C81: ='Orçamento-base'!G81 -> CABO DE COBRE FLEXÍVEL ISOLADO, 6 MM², ANTI-CHAMA 450/750 V, PARA CIRCUITOS TERMINAIS - FORNECIMENTO E INSTALAÇÃO. AF_03/2023 | D81: ='Orçamento-base'!K81 -> 241.6 | E81: - | F81: 0 | G81: - | H81: 0 | I81: =TRUNC((D81*J81),2) -> 241.6 | J81: 1
B82: ='Orçamento-base'!C82 -> 7.9 | C82: ='Orçamento-base'!G82 -> TOMADA ALTA DE EMBUTIR (1 MÓDULO), 2P+T 10 A, INCLUINDO SUPORTE E PLACA - FORNECIMENTO E INSTALAÇÃO. AF_03/2023 | D82: ='Orçamento-base'!K82 -> 429.8 | E82: - | F82: 0 | G82: - | H82: 0 | I82: =TRUNC((D82*J82),2) -> 429.8 | J82: 1
B83: ='Orçamento-base'!C83 -> 7.10 | C83: ='Orçamento-base'!G83 -> TOMADA BAIXA DE EMBUTIR (2 MÓDULOS), 2P+T 10 A, INCLUINDO SUPORTE E PLACA - FORNECIMENTO E INSTALAÇÃO. AF_03/2023 | D83: ='Orçamento-base'!K83 -> 67.39 | E83: - | F83: 0 | G83: - | H83: 0 | I83: =TRUNC((D83*J83),2) -> 67.39 | J83: 1
B84: ='Orçamento-base'!C84 -> 7.11 | C84: ='Orçamento-base'!G84 -> INTERRUPTOR SIMPLES (1 MÓDULO) COM 1 TOMADA DE EMBUTIR 2P+T 10 A, INCLUINDO SUPORTE E PLACA - FORNECIMENTO E INSTALAÇÃO. AF_03/2023 | D84: ='Orçamento-base'!K84 -> 140.56 | E84: - | F84: 0 | G84: - | H84: 0 | I84: =TRUNC((D84*J84),2) -> 140.56 | J84: 1
B85: ='Orçamento-base'!C85 -> 7.12 | C85: ='Orçamento-base'!G85 -> INTERRUPTOR SIMPLES (1 MÓDULO), 10A/250V, INCLUINDO SUPORTE E PLACA - FORNECIMENTO E INSTALAÇÃO. AF_03/2023 | D85: ='Orçamento-base'!K85 -> 165.32 | E85: - | F85: 0 | G85: - | H85: 0 | I85: =TRUNC((D85*J85),2) -> 165.32 | J85: 1
... B88: ='Orçamento-base'!C88 -> 7.15 | C88: ='Orçamento-base'!G88 -> TOMADA MÉDIA DE EMBUTIR (1 MÓDULO), 2P+T 10 A, INCLUINDO SUPORTE E PLACA - FORNECIMENTO E INSTALAÇÃO. AF_03/2023 | D88: ='Orçamento-base'!K88 -> 193.84 | E88: - | F88: 0 | G88: - | H88: 0 | I88: =TRUNC((D88*J88),2) -> 193.84 | J88: 1
B89: TOTAL DAS MEDIÇÕES | E89: =SUM(E13:E88) -> 55428.7 | F89: 0.4893 | G89: =SUM(G13:G88) -> 39586.23 | H89: 0.3001 | I89: =SUM(I13:I88) -> 25280.35 | J89: 0.2105
B90: MEDIÇÕES ACUMULADAS | E90: =E89+G89+I89 -> 120295.28 | J90: 1

Sheet Proposta
A1: PROPOSTA
A2: Modalidade | C2: =IF(Identificação!B2=0,"",Identificação!B2) -> Concorrência Lei 14.133/21 Eletrônica | E2: N° | F2: =IF(Identificação!E2=0,"",Identificação!E2) | G2: Ano | H2: =IF(Identificação!G2=0,"",Identificação!G2) -> 2025
A3: Descrição do Objeto | C3: =IF(Identificação!B3=0,"",Identificação!B3) -> UNIDADE DE CASA DE MADEIRA
A4: Licitante | G4: CNPJ*
A5: Tipo de Objeto | C5: =IF(Identificação!B5=0,"",Identificação!B5) -> Obras e Serviços de Engenharia
A6: Preço Total Proposto | C6: =SUMIFS(H12:H39952,B12:B39952,">0",H12:H39952,"<>0") -> 0
A7: Atenção! Se existirem itens sem preço proposto, deixe a célula do preço unitário proposto em branco.
A8: Para incluir itens da proposta, selecione as células A13 a K13 e arraste para baixo, de acordo com o número de itens cadastrado na planilha Orçamento-base.
A9: *Campos de preenchimento obrigatório | F9: **Obrigatório só para Obras e Serviços de Engenharia
A10: Nº do lote | B10: Nº Ordem | C10: Nº Item | D10: Descrição do item | E10: Proposta
E11: Qtd. | F11: Unid. | G11: Preço unitário (R$)* | H11: Preço Total (R$) | I11: % BDI** | J11: % Encargos Sociais** | K11: Percentual de Desconto | L11: Pr. Unit. Material | M11: Pr. Unit. Mão de obra
A12: =IF('Orçamento-base'!A12>0,'Orçamento-base'!A12,"") | B12: ='Orçamento-base'!B12 | C12: =IF('Orçamento-base'!C12>0,'Orçamento-base'!C12,"") -> 1 | D12: =IF('Orçamento-base'!G12>0,'Orçamento-base'!G12,"") -> SERVIÇOS PRELIMINARES | E12: =IF('Orçamento-base'!H12>0,'Orçamento-base'!H12,"") | F12: =IF('Orçamento-base'!I12>0,'Orçamento-base'!I12,"") | G12: =IFERROR(IF(L12+M12<>0,ROUND(ROUND(L12,4)+ROUND(M12,4),4),""),"") | H12: =IFERROR(IF(E12*G12<>0,ROUND(ROUND(E12,4)*ROUND(G12,4),2),""),"")
A13: =IF('Orçamento-base'!A13>0,'Orçamento-base'!A13,"") -> 1 | B13: ='Orçamento-base'!B13 -> 1 | C13: =IF('Orçamento-base'!C13>0,'Orçamento-base'!C13,"") -> 1.1 | D13: =IF('Orçamento-base'!G13>0,'Orçamento-base'!G13,"") -> FORNECIMENTO E INSTALAÇÃO DE PLACA DE OBRA COM CHAPA GALVANIZADA E ESTRUTURA DE MADEIRA. AF_03/2022_PS | E13: =IF('Orçamento-base'!H13>0,'Orçamento-base'!H13,"") -> 2.5 | F13: =IF('Orçamento-base'!I13>0,'Orçamento-base'!I13,"") -> m² | G13: =IFERROR(IF(L13+M13<>0,ROUND(ROUND(L13,4)+ROUND(M13,4),4),""),"") | H13: =IFERROR(IF(E13*G13<>0,ROUND(ROUND(E13,4)*ROUND(G13,4),2),""),"")
A14: =IF('Orçamento-base'!A14>0,'Orçamento-base'!A14,"") -> 1 | B14: ='Orçamento-base'!B14 -> 2 | C14: =IF('Orçamento-base'!C14>0,'Orçamento-base'!C14,"") -> 1.2 | D14: =IF('Orçamento-base'!G14>0,'Orçamento-base'!G14,"") -> LOCAÇÃO DE PONTO PARA REFERÊNCIA TOPOGRÁFICA. AF_10/2018 | E14: =IF('Orçamento-base'!H14>0,'Orçamento-base'!H14,"") -> 12 | F14: =IF('Orçamento-base'!I14>0,'Orçamento-base'!I14,"") -> UN | G14: =IFERROR(IF(L14+M14<>0,ROUND(ROUND(L14,4)+ROUND(M14,4),4),""),"") | H14: =IFERROR(IF(E14*G14<>0,ROUND(ROUND(E14,4)*ROUND(G14,4),2),""),"")
A15: =IF('Orçamento-base'!A15>0,'Orçamento-base'!A15,"") -> 1 | B15: ='Orçamento-base'!B15 -> 3 | C15: =IF('Orçamento-base'!C15>0,'Orçamento-base'!C15,"") -> 1.3 | D15: =IF('Orçamento-base'!G15>0,'Orçamento-base'!G15,"") -> REGULARIZAÇÃO DE SUPERFÍCIES COM MOTONIVELADORA. AF_09/2024 | E15: =IF('Orçamento-base'!H15>0,'Orçamento-base'!H15,"") -> 170 | F15: =IF('Orçamento-base'!I15>0,'Orçamento-base'!I15,"") -> m² | G15: =IFERROR(IF(L15+M15<>0,ROUND(ROUND(L15,4)+ROUND(M15,4),4),""),"") | H15: =IFERROR(IF(E15*G15<>0,ROUND(ROUND(E15,4)*ROUND(G15,4),2),""),"")
A16: =IF('Orçamento-base'!A16>0,'Orçamento-base'!A16,"") -> 1 | B16: ='Orçamento-base'!B16 -> 4 | C16: =IF('Orçamento-base'!C16>0,'Orçamento-base'!C16,"") -> 1.4 | D16: =IF('Orçamento-base'!G16>0,'Orçamento-base'!G16,"") -> KIT CAVALETE PARA MEDIÇÃO DE ÁGUA - ENTRADA PRINCIPAL, EM PVC 20 MM (1/2") - FORNECIMENTO E INSTALAÇÃO (EXCLUSIVE HIDRÔMETRO). AF_03/2024 | E16: =IF('Orçamento-base'!H16>0,'Orçamento-base'!H16,"") -> 1 | F16: =IF('Orçamento-base'!I16>0,'Orçamento-base'!I16,"") -> UN | G16: =IFERROR(IF(L16+M16<>0,ROUND(ROUND(L16,4)+ROUND(M16,4),4),""),"") | H16: =IFERROR(IF(E16*G16<>0,ROUND(ROUND(E16,4)*ROUND(G16,4),2),""),"")
A17: =IF('Orçamento-base'!A17>0,'Orçamento-base'!A17,"") -> 1 | B17: ='Orçamento-base'!B17 -> 5 | C17: =IF('Orçamento-base'!C17>0,'Orçamento-base'!C17,"") -> 1.5 | D17: =IF('Orçamento-base'!G17>0,'Orçamento-base'!G17,"") -> ENTRADA DE ENERGIA ELÉTRICA, AÉREA, MONOFÁSICA, COM CAIXA DE SOBREPOR, CABO DE 10 MM2 E DISJUNTOR DIN 50A (NÃO INCLUSO O POSTE DE CONCRETO). AF_07/2020_PS | E17: =IF('Orçamento-base'!H17>0,'Orçamento-base'!H17,"") -> 1 | F17: =IF('Orçamento-base'!I17>0,'Orçamento-base'!I17,"") -> UN | G17: =IFERROR(IF(L17+M17<>0,ROUND(ROUND(L17,4)+ROUND(M17,4),4),""),"") | H17: =IFERROR(IF(E17*G17<>0,ROUND(ROUND(E17,4)*ROUND(G17,4),2),""),"")
A18: =IF('Orçamento-base'!A18>0,'Orçamento-base'!A18,"") -> 1 | B18: ='Orçamento-base'!B18 -> 6 | C18: =IF('Orçamento-base'!C18>0,'Orçamento-base'!C18,"") -> 1.6 | D18: =IF('Orçamento-base'!G18>0,'Orçamento-base'!G18,"") -> POSTE CONICO CONTINUO EM ACO GALVANIZADO, RETO, FLANGEADO, H = 3 M, DIAMETRO INFERIOR = *95* MM | E18: =IF('Orçamento-base'!H18>0,'Orçamento-base'!H18,"") -> 1 | F18: =IF('Orçamento-base'!I18>0,'Orçamento-base'!I18,"") -> UN | G18: =IFERROR(IF(L18+M18<>0,ROUND(ROUND(L18,4)+ROUND(M18,4),4),""),"") | H18: =IFERROR(IF(E18*G18<>0,ROUND(ROUND(E18,4)*ROUND(G18,4),2),""),"")
A19: =IF('Orçamento-base'!A19>0,'Orçamento-base'!A19,"") -> 1 | B19: ='Orçamento-base'!B19 -> 7 | C19: =IF('Orçamento-base'!C19>0,'Orçamento-base'!C19,"") -> 1.7 | D19: =IF('Orçamento-base'!G19>0,'Orçamento-base'!G19,"") -> ASSENTAMENTO DE POSTE DE CONCRETO COM COMPRIMENTO NOMINAL DE 9 M, CARGA NOMINAL DE 300 DAN, ENGASTAMENTO BASE CONCRETADA COM 1 M DE CONCRETO E 0,5 M DE SOLO (NÃO INCLUI FORNECIMENTO). AF_11/2019 | E19: =IF('Orçamento-base'!H19>0,'Orçamento-base'!H19,"") -> 1 | F19: =IF('Orçamento-base'!I19>0,'Orçamento-base'!I19,"") -> UN | G19: =IFERROR(IF(L19+M19<>0,ROUND(ROUND(L19,4)+ROUND(M19,4),4),""),"") | H19: =IFERROR(IF(E19*G19<>0,ROUND(ROUND(E19,4)*ROUND(G19,4),2),""),"")
A20: =IF('Orçamento-base'!A20>0,'Orçamento-base'!A20,"") | B20: ='Orçamento-base'!B20 | C20: =IF('Orçamento-base'!C20>0,'Orçamento-base'!C20,"") -> 2 | D20: =IF('Orçamento-base'!G20>0,'Orçamento-base'!G20,"") -> ESTRUTURA | E20: =IF('Orçamento-base'!H20>0,'Orçamento-base'!H20,"") | F20: =IF('Orçamento-base'!I20>0,'Orçamento-base'!I20,"") | G20: =IFERROR(IF(L20+M20<>0,ROUND(ROUND(L20,4)+ROUND(M20,4),4),""),"") | H20: =IFERROR(IF(E20*G20<>0,ROUND(ROUND(E20,4)*ROUND(G20,4),2),""),"")
A21: =IF('Orçamento-base'!A21>0,'Orçamento-base'!A21,"") -> 1 | B21: ='Orçamento-base'!B21 -> 8 | C21: =IF('Orçamento-base'!C21>0,'Orçamento-base'!C21,"") -> 2.1 | D21: =IF('Orçamento-base'!G21>0,'Orçamento-base'!G21,"") -> ESCAVAÇÃO MANUAL DE VALA. AF_09/2024 | E21: =IF('Orçamento-base'!H21>0,'Orçamento-base'!H21,"") -> 3.5 | F21: =IF('Orçamento-base'!I21>0,'Orçamento-base'!I21,"") -> m³ | G21: =IFERROR(IF(L21+M21<>0,ROUND(ROUND(L21,4)+ROUND(M21,4),4),""),"") | H21: =IFERROR(IF(E21*G21<>0,ROUND(ROUND(E21,4)*ROUND(G21,4),2),""),"")
A22: =IF('Orçamento-base'!A22>0,'Orçamento-base'!A22,"") -> 1 | B22: ='Orçamento-base'!B22 -> 9 | C22: =IF('Orçamento-base'!C22>0,'Orçamento-base'!C22,"") -> 2.2 | D22: =IF('Orçamento-base'!G22>0,'Orçamento-base'!G22,"") -> ESTACA HÉLICE CONTÍNUA, DIÂMETRO DE 30 CM, INCLUSO CONCRETO FCK=30MPA E ARMADURA MÍNIMA (EXCLUSIVE BOMBEAMENTO, MOBILIZAÇÃO E DESMOBILIZAÇÃO). AF_12/2019_PA | E22: =IF('Orçamento-base'!H22>0,'Orçamento-base'!H22,"") -> 18 | F22: =IF('Orçamento-base'!I22>0,'Orçamento-base'!I22,"") -> m | G22: =IFERROR(IF(L22+M22<>0,ROUND(ROUND(L22,4)+ROUND(M22,4),4),""),"") | H22: =IFERROR(IF(E22*G22<>0,ROUND(ROUND(E22,4)*ROUND(G22,4),2),""),"")
A23: =IF('Orçamento-base'!A23>0,'Orçamento-base'!A23,"") -> 1 | B23: ='Orçamento-base'!B23 -> 10 | C23: =IF('Orçamento-base'!C23>0,'Orçamento-base'!C23,"") -> 2.3 | D23: =IF('Orçamento-base'!G23>0,'Orçamento-base'!G23,"") -> BLOCO DE COROAMENTO 40X40X40, CONCRETO FCK 30MPA - UNID | E23: =IF('Orçamento-base'!H23>0,'Orçamento-base'!H23,"") -> 12 | F23: =IF('Orçamento-base'!I23>0,'Orçamento-base'!I23,"") -> UN | G23: =IFERROR(IF(L23+M23<>0,ROUND(ROUND(L23,4)+ROUND(M23,4),4),""),"") | H23: =IFERROR(IF(E23*G23<>0,ROUND(ROUND(E23,4)*ROUND(G23,4),2),""),"")
... A88: =IF('Orçamento-base'!A88>0,'Orçamento-base'!A88,"") -> 1 | B88: ='Orçamento-base'!B88 -> 70 | C88: =IF('Orçamento-base'!C88>0,'Orçamento-base'!C88,"") -> 7.15 | D88: =IF('Orçamento-base'!G88>0,'Orçamento-base'!G88,"") -> TOMADA MÉDIA DE EMBUTIR (1 MÓDULO), 2P+T 10 A, INCLUINDO SUPORTE E PLACA - FORNECIMENTO E INSTALAÇÃO. AF_03/2023 | E88: =IF('Orçamento-base'!H88>0,'Orçamento-base'!H88,"") -> 4 | F88: =IF('Orçamento-base'!I88>0,'Orçamento-base'!I88,"") -> UN | G88: =IFERROR(IF(L88+M88<>0,ROUND(ROUND(L88,4)+ROUND(M88,4),4),""),"") | H88: =IFERROR(IF(E88*G88<>0,ROUND(ROUND(E88,4)*ROUND(G88,4),2),""),"")

Sheet BDI
A1: PREFEITURA MUNICIPAL DE MONTENEGRO/RS
A2: SECRETARIA MUNICIPAL DE OBRAS PÚBLICAS
A4: COMPOSIÇÃO ANALÍTICA DA TAXA DE BONIFICAÇÃO E DESPESAS INDIRETAS (BDI)
A7: Obra: CONSTRUÇÃO UNIDADE DE CASA DE MADEIRA
A11: 1.0 | B11: CUSTOS INDIRETOS | D11: =SUM(D12:D15) -> 0.055
A12: 1.1 | B12: Administração Central e Local | D12: 0.03
A13: 1.2 | B13: Seguros + Garantia | D13: 0.008
A14: 1.3 | B14: Riscos | D14: 0.0097
A15: 1.5 | B15: Despesas Financeiras | D15: 0.0073
A17: 2.0 | B17: TRIBUTOS | D17: =SUM(D18:D21) -> 0.1115
A18: 2.1 | B18: Pis | D18: 0.0065
A19: 2.2 | B19: Cofins | D19: 0.03
A20: 2.3 | B20: ISS | D20: 0.03
A21: 2.4 | B21: CPRB | D21: 0.045
A23: 3.0 | B23: LUCRO | D23: =D24 -> 0.065
A24: 3.1 | B24: Lucro | D24: 0.065
A26: 4.0 | B26: TAXA TOTAL DE BDI | D26: =(((1+D12+D13+D14)*(1+D15)*(1+D24))/(1-D17))-1 -> 0.26499251
A28: Segundo Acórdão 2622/2013 do Tribunal de Contas da União – TCU, o cálculo do BDI deve ser feito da seguinte maneira:
A32: AC → Administração Central
A33: S → Seguro
A34: R → Riscos
A35: G → Garantia
A36: DF → Despesas Financeiras
A37: L → Taxa de Lucro/Remuneração
A38: I → Incidência de Impostos (PIS, COFINS e ISS)

Sheet Encargos Sociais
A1: PREFEITURA MUNICIPAL DE MONTENEGRO/RS
A2: SECRETARIA MUNICIPAL DE OBRAS PÚBLICAS
A4: COMPOSIÇÃO DE ENCARGOS SOCIAIS SOBRE A MÃO DE OBRA
A7: Obra: CONSTRUÇÃO CASA DE MADEIRA
A9: COD | B9: DESCRIÇÃO
A10: GRUPO A | C10: =SUM(C11:C18) -> 0.168
A11: A1 | B11: INSS | C11: 0
A12: A2 | B12: SESI | C12: 0.015
A13: A3 | B13: SENAI | C13: 0.01
A14: A4 | B14: INCRA | C14: 0.002
A15: A5 | B15: SEBRAE | C15: 0.006
A16: A6 | B16: Salário Educação | C16: 0.025
A17: A7 | B17: Seguro Contra Acidentes de Trabalho | C17: 0.03
A18: A8 | B18: FGTS | C18: 0.08
A20: GRUPO B | C20: =SUM(C21:C30) -> 0.4808
A21: B1 | B21: Repouso Semanal Remunerado | C21: 0.1793
A22: B2 | B22: Feriados | C22: 0.0424
A23: B3 | B23: Auxílio-Enfermidade | C23: 0.0085
A24: B4 | B24: 13º Salário | C24: 0.1102
A25: B5 | B25: Licença Paternidade | C25: 0.0006
A26: B6 | B26: Faltas Justificadas | C26: 0.0073
A27: B7 | B27: Dias de Chuva | C27: 0.0155
A28: B8 | B28: Auxílio Acidente de Trabalho | C28: 0.001
A29: B9 | B29: Férias Gozadas | C29: 0.1156
A30: B10 | B30: Licença Maternidade | C30: 0.0004
A32: GRUPO C | C32: =SUM(C33:C37) -> 0.099
A33: C1 | B33: Aviso Prévio Indenizado | C33: 0.0459
A34: C2 | B34: Aviso Prévio Trabalhado | C34: 0.0011
A35: C3 | B35: Férias Indenizadas | C35: 0.0226
A36: C4 | B36: Depósito Rescisão Sem Justa Causa | C36: 0.0255
A37: C5 | B37: Indenização Adicional | C37: 0.0039
A39: GRUPO D | C39: =SUM(C40:C41) -> 0.0847
A40: D1 | B40: Reincidência de Grupo A s/ Grupo B | C40: 0.0808
A41: D2 | B41: Reincidência de Grupo A s/ sobre C2 e Reincidência do A8 s/C1 | C41: 0.0039
A43: 4.0 | B43: TOTAL (A+B+C+D) | C43: =C10+C20+C32+C39 -> 0.8325

Sheet Composições Próprias
A1: Composição Própria - 085
A2: Código | C2: 085
A3: Descrição | C3: PAREDE EM EUCALIPTO, COM ACABAMENTO EM PINTURA ESMALTE SINTÉTICO - M²
A4: Data | C4: 06/2024
A5: Estado | C5: Rio Grande do Sul
A6: Tipo | C6: PARE - PAREDES/PAINEIS
A7: Unidade | C7: m²
A8: Valor sem Desoneração | C8: 203,68
A9: Valor com Desoneração | C9: 196,17
B10: codigo | C10: Descrição | D10: Tipo | E10: Unidade | F10: Valor sem Desoneração | G10: Valor com Desoneração | H10: Coeficiente | I10: Valor sem Desoneração | J10: Valor com Desoneração
A11: C | B11: 88273 SINAPI | C11: MARCENEIRO COM ENCARGOS COMPLEMENTARES | D11: SEDI - SERVIÇOS DIVERSOS | E11: H | F11: 25,21 | G11: 22,50 | H11: 1,0 | I11: 25,21 | J11: 22,50
A12: C | B12: 88310 SINAPI | C12: PINTOR COM ENCARGOS COMPLEMENTARES | D12: SEDI - SERVIÇOS DIVERSOS | E12: H | F12: 28,55 | G12: 25,62 | H12: 0,5 | I12: 14,27 | J12: 12,81
A13: C | B13: 102230 SINAPI | C13: PINTURA TINTA DE ACABAMENTO (PIGMENTADA) ESMALTE SINTÉTICO BRILHANTE EM MADEIRA, 3 DEMÃOS. AF_01/2021 | D13: PINT - PINTURAS | E13: m² | F13: 24,05 | G13: 22,38 | H13: 2,0 | I13: 48,10 | J13: 44,76
A14: I | B14: 00039436 SINAPI | C14: PARAFUSO DRY WALL, EM ACO FOSFATIZADO, CABECA TROMBETA E PONTA AGULHA (TA), COMPRIMENTO 35 MM | D14: Material | E14: UN | F14: 0,18 | G14: 0,18 | H14: 30,0 | I14: 5,40 | J14: 5,40
A15: I | B15: 00004509 SINAPI | C15: SARRAFO *2,5 X 10* CM EM PINUS, MISTA OU EQUIVALENTE DA REGIAO - BRUTA | D15: Material | E15: M | F15: 3,48 | G15: 3,48 | H15: 2,0 | I15: 6,96 | J15: 6,96
A16: I | B16: D.04.000.035511 CPOS | C16: Tabua aparelhada em cambará, cedrinho, cupuíba, eucalipto-citriodora, eucalipto-saligna, garapa, pinus-elioti, de 10 x 2 cm - macho/fêmea | D16: Material | E16: m² | F16: 77,26 | G16: 77,26 | H16: 1,0 | I16: 77,26 | J16: 77,26
A17: I | B17: 00004500 SINAPI | C17: VIGA *7,5 X 10* CM EM PINUS, MISTA OU EQUIVALENTE DA REGIAO - BRUTA | D17: Material | E17: M | F17: 13,24 | G17: 13,24 | H17: 2,0 | I17: 26,48 | J17: 26,48
A18: Composição Própria - 086
A19: Código | C19: 086
A20: Descrição | C20: BLOCO DE COROAMENTO 40X40X40, CONCRETO FCK 30MPA - UNID
A21: Data
A22: Estado | C22: Rio Grande do Sul
A23: Tipo | C23: FUES - FUNDAÇÕES E ESTRUTURAS
A24: Unidade | C24: UN
A25: Valor sem Desoneração | C25: 180,65
A26: Valor com Desoneração | C26: 174,01
B27: codigo | C27: Descrição | D27: Tipo | E27: Unidade | F27: Valor sem Desoneração | G27: Valor com Desoneração | H27: Coeficiente | I27: Valor sem Desoneração | J27: Valor com Desoneração
A28: C | B28: 96555 SINAPI | C28: CONCRETAGEM DE BLOCO DE COROAMENTO OU VIGA BALDRAME, FCK 30 MPA, COM USO DE JERICA - LANÇAMENTO, ADENSAMENTO E ACABAMENTO. AF_01/2024 | D28: FUES - FUNDAÇÕES E ESTRUTURAS | E28: m³ | F28: 751,74 | G28: 726,66 | H28: 0,065 | I28: 48,86 | J28: 47,23
A29: C | B29: 92802 SINAPI | C29: CORTE E DOBRA DE AÇO CA-50, DIÂMETRO DE 8,0 MM. AF_06/2022 | D29: FUES - FUNDAÇÕES E ESTRUTURAS | E29: KG | F29: 9,98 | G29: 9,92 | H29: 6,32 | I29: 63,07 | J29: 62,69
A30: C | B30: 93358 SINAPI | C30: ESCAVAÇÃO MANUAL DE VALA COM PROFUNDIDADE MENOR OU IGUAL A 1,30 M. AF_02/2021 | D30: MOVT - MOVIMENTO DE TERRA | E30: m³ | F30: 88,61 | G30: 79,43 | H30: 0,064 | I30: 5,67 | J30: 5,08
A31: C | B31: 96531 SINAPI | C31: FABRICAÇÃO, MONTAGEM E DESMONTAGEM DE FÔRMA PARA BLOCO DE COROAMENTO, EM MADEIRA SERRADA, E=25 MM, 2 UTILIZAÇÕES. AF_01/2024 | D31: FUES - FUNDAÇÕES E ESTRUTURAS | E31: m² | F31: 96,12 | G31: 89,91 | H31: 0,64 | I31: 61,51 | J31: 57,54
A32: C | B32: 96621 SINAPI | C32: LASTRO COM MATERIAL GRANULAR, APLICAÇÃO EM BLOCOS DE COROAMENTO, ESPESSURA DE *5 CM*. AF_01/2024 | D32: FUES - FUNDAÇÕES E ESTRUTURAS | E32: m³ | F32: 193,45 | G32: 184,44 | H32: 0,008 | I32: 1,54 | J32: 1,47
A33: Composição Própria - 087
A34: Código | C34: 087
A35: Descrição | C35: VIGA DE BALDRAME 15X30, CONCRETO FCK 30MPA-M
A36: Data
A37: Estado | C37: Rio Grande do Sul
A38: Tipo | C38: FUES - FUNDAÇÕES E ESTRUTURAS
A39: Unidade | C39: M
A40: Valor sem Desoneração | C40: 187,68
A41: Valor com Desoneração | C41: 182,54
B42: codigo | C42: Descrição | D42: Tipo | E42: Unidade | F42: Valor sem Desoneração | G42: Valor com Desoneração | H42: Coeficiente | I42: Valor sem Desoneração | J42: Valor com Desoneração
A43: C | B43: 96555 SINAPI | C43: CONCRETAGEM DE BLOCO DE COROAMENTO OU VIGA BALDRAME, FCK 30 MPA, COM USO DE JERICA - LANÇAMENTO, ADENSAMENTO E ACABAMENTO. AF_01/2024 | D43: FUES - FUNDAÇÕES E ESTRUTURAS | E43: m³ | F43: 751,74 | G43: 726,66 | H43: 0,05 | I43: 37,58 | J43: 36,33
A44: C | B44: 92801 SINAPI | C44: CORTE E DOBRA DE AÇO CA-50, DIÂMETRO DE 6,3 MM. AF_06/2022 | D44: FUES - FUNDAÇÕES E ESTRUTURAS | E44: KG | F44: 10,04 | G44: 9,93 | H44: 1,176 | I44: 11,80 | J44: 11,67
A45: C | B45: 92802 SINAPI | C45: CORTE E DOBRA DE AÇO CA-50, DIÂMETRO DE 8,0 MM. AF_06/2022 | D45: FUES - FUNDAÇÕES E ESTRUTURAS | E45: KG | F45: 9,98 | G45: 9,92 | H45: 1,58 | I45: 15,76 | J45: 15,67
A46: C | B46: 92265 SINAPI | C46: FABRICAÇÃO DE FÔRMA PARA VIGAS, EM CHAPA DE MADEIRA COMPENSADA RESINADA, E = 17 MM. AF_09/2020 | D46: FUES - FUNDAÇÕES E ESTRUTURAS | E46: m² | F46: 153,14 | G46: 148,57 | H46: 0,8 | I46: 122,51 | J46: 118,85
A47: Composição Própria - 088
A48: Código | C48: 088
A49: Descrição | C49: PILAR EM CONCRETO ARMADO FCK 30MPA 40x20Xx0CM - M²
A50: Data
A51: Estado | C51: Rio Grande do Sul
A52: Tipo | C52: FUES - FUNDAÇÕES E ESTRUTURAS
A53: Unidade | C53: m²
A54: Valor sem Desoneração | C54: 110,43
A55: Valor com Desoneração | C55: 107,78
B56: codigo | C56: Descrição | D56: Tipo | E56: Unidade | F56: Valor sem Desoneração | G56: Valor com Desoneração | H56: Coeficiente | I56: Valor sem Desoneração | J56: Valor com Desoneração
A57: C | B57: 103669 SINAPI | C57: CONCRETAGEM DE PILARES, FCK = 25 MPA, COM USO DE BALDES - LANÇAMENTO, ADENSAMENTO E ACABAMENTO. AF_02/2022 | D57: FUES - FUNDAÇÕES E ESTRUTURAS | E57: m³ | F57: 961,76 | G57: 930,21 | H57: 0,02 | I57: 19,23 | J57: 18,60
A58: C | B58: 92801 SINAPI | C58: CORTE E DOBRA DE AÇO CA-50, DIÂMETRO DE 6,3 MM. AF_06/2022 | D58: FUES - FUNDAÇÕES E ESTRUTURAS | E58: KG | F58: 10,04 | G58: 9,93 | H58: 1,176 | I58: 11,80 | J58: 11,67
A59: C | B59: 92802 SINAPI | C59: CORTE E DOBRA DE AÇO CA-50, DIÂMETRO DE 8,0 MM. AF_06/2022 | D59: FUES - FUNDAÇÕES E ESTRUTURAS | E59: KG | F59: 9,98 | G59: 9,92 | H59: 1,58 | I59: 15,76 | J59: 15,67
A60: C | B60: 92263 SINAPI | C60: FABRICAÇÃO DE FÔRMA PARA PILARES E ESTRUTURAS SIMILARES, EM CHAPA DE MADEIRA COMPENSADA RESINADA, E = 17 MM. AF_09/2020 | D60: FUES - FUNDAÇÕES E ESTRUTURAS | E60: m² | F60: 198,90 | G60: 193,28 | H60: 0,32 | I60: 63,64 | J60: 61,84
A61: Composição Própria - 089
A62: Código | C62: 089
A63: Descrição | C63: VIGA BANHIERO 15X30, CONCRETO FCK 30MPA - M
A64: Data
A65: Estado | C65: Rio Grande do Sul
A66: Tipo | C66: FUES - FUNDAÇÕES E ESTRUTURAS
A67: Unidade | C67: M
A68: Valor sem Desoneração | C68: 187,68
A69: Valor com Desoneração | C69: 182,54
B70: codigo | C70: Descrição | D70: Tipo | E70: Unidade | F70: Valor sem Desoneração | G70: Valor com Desoneração | H70: Coeficiente | I70: Valor sem Desoneração | J70: Valor com Desoneração
A71: C | B71: 96555 SINAPI | C71: CONCRETAGEM DE BLOCO DE COROAMENTO OU VIGA BALDRAME, FCK 30 MPA, COM USO DE JERICA - LANÇAMENTO, ADENSAMENTO E ACABAMENTO. AF_01/2024 | D71: FUES - FUNDAÇÕES E ESTRUTURAS | E71: m³ | F71: 751,74 | G71: 726,66 | H71: 0,05 | I71: 37,58 | J71: 36,33
A72: C | B72: 92801 SINAPI | C72: CORTE E DOBRA DE AÇO CA-50, DIÂMETRO DE 6,3 MM. AF_06/2022 | D72: FUES - FUNDAÇÕES E ESTRUTURAS | E72: KG | F72: 10,04 | G72: 9,93 | H72: 1,176 | I72: 11,80 | J72: 11,67
A73: C | B73: 92802 SINAPI | C73: CORTE E DOBRA DE AÇO CA-50, DIÂMETRO DE 8,0 MM. AF_06/2022 | D73: FUES - FUNDAÇÕES E ESTRUTURAS | E73: KG | F73: 9,98 | G73: 9,92 | H73: 1,58 | I73: 15,76 | J73: 15,67
A74: C | B74: 92265 SINAPI | C74: FABRICAÇÃO DE FÔRMA PARA VIGAS, EM CHAPA DE MADEIRA COMPENSADA RESINADA, E = 17 MM. AF_09/2020 | D74: FUES - FUNDAÇÕES E ESTRUTURAS | E74: m² | F74: 153,14 | G74: 148,57 | H74: 0,8 | I74: 122,51 | J74: 118,85
A75: Composição Própria - 090
A76: Código | C76: 090
A77: Descrição | C77: ASSENTAMENTO DE PEDRA GRÊS PARA ALICERCE, INCLUINDO TELA DE AÇO SOLDADA, PINO DE AÇO E ARGAMASSA M²
A78: Data
A79: Estado | C79: Rio Grande do Sul
A80: Tipo | C80: FUES - FUNDAÇÕES E ESTRUTURAS
A81: Unidade | C81: m²
A82: Valor sem Desoneração | C82: 131,73
A83: Valor com Desoneração | C83: 128,30
B84: codigo | C84: Descrição | D84: Tipo | E84: Unidade | F84: Valor sem Desoneração | G84: Valor com Desoneração | H84: Coeficiente | I84: Valor sem Desoneração | J84: Valor com Desoneração
A85: C | B85: CP08 Emp | C85: ASSENTAMENTO DE PEDRA GRÊS PARA ALICERCE INCLUINDO ARGAMASSA | D85: ASTU - ASSENTAMENTO DE TUBOS E PECAS | E85: m² | F85: 128,35 | G85: 124,92 | H85: 1,0 | I85: 128,35 | J85: 124,92
A86: I | B86: 00037395 SINAPI | C86: PINO DE ACO COM FURO, HASTE = 27 MM (ACAO DIRETA) | D86: Material | E86: CENTO | F86: 44,78 | G86: 44,78 | H86: 0,01 | I86: 0,44 | J86: 0,44
A87: I | B87: 00034548 SINAPI | C87: TELA DE ACO SOLDADA GALVANIZADA/ZINCADA PARA ALVENARIA, FIO D = *1,20 A 1,70* MM, MALHA 15 X 15 MM, (C X L) *50 X 17,5* CM | D87: Material | E87: M | F87: 6,98 | G87: 6,98 | H87: 0,42 | I87: 2,93 | J87: 2,93
A88: Composição Própria - CP08
A89: Código | C89: CP08
A90: Descrição | C90: ASSENTAMENTO DE PEDRA GRÊS PARA ALICERCE INCLUINDO ARGAMASSA
A91: Data | C91: 04/2023
A92: Estado | C92: Rio Grande do Sul
A93: Tipo | C93: ASTU - ASSENTAMENTO DE TUBOS E PECAS
A94: Unidade | C94: m²
A95: Valor sem Desoneração | C95: 128,35
A96: Valor com Desoneração | C96: 124,92
B97: codigo | C97: Descrição | D97: Tipo | E97: Unidade | F97: Valor sem Desoneração | G97: Valor com Desoneração | H97: Coeficiente | I97: Valor sem Desoneração | J97: Valor com Desoneração
A98: C | B98: 87292 SINAPI | C98: ARGAMASSA TRAÇO 1:2:8 (EM VOLUME DE CIMENTO, CAL E AREIA MÉDIA ÚMIDA) PARA EMBOÇO/MASSA ÚNICA/ASSENTAMENTO DE ALVENARIA DE VEDAÇÃO, PREPARO MECÂNICO COM BETONEIRA 400 L. AF_08/2019 | D98: Argamassas | E98: m³ | F98: 613,44 | G98: 599,22 | H98: 0,0138 | I98: 8,46 | J98: 8,26
A99: C | B99: 88309 SINAPI | C99: PEDREIRO COM ENCARGOS COMPLEMENTARES | D99: Livro SINAPI: Cálculos e Parâmetros | E99: H | F99: 28,07 | G99: 25,72 | H99: 0,99 | I99: 27,78 | J99: 25,46
A100: C | B100: 88316 SINAPI | C100: SERVENTE COM ENCARGOS COMPLEMENTARES | D100: Livro SINAPI: Cálculos e Parâmetros | E100: H | F100: 23,26 | G100: 21,43 | H100: 0,495 | I100: 11,51 | J100: 10,60
...

Sheet Preço de Mercado
A1: PEDRA GRÊS MÉDIA - ENTRE 10 E 12CM DE ESPESSURA
A2: Descrição dos Serviços
A4: CNPJ | C4: RAZÃO SOCIAL | D4: FONTE | F4: VALOR UNITÁRIO(R$)
A5: 91.845.735/0004-14 | C5: LF Comercial de Bens LTDA | D5: https://www.g-haus.com.br/pedra-alicerce-media/p | F5: 6.19
A6: 03.627.964/0001-52 | C6: Materiais de Construção Fachi | D6: https://fachi.com.br/produto/113445-pedra-alicerce-grossa | F6: 4.03
A7: 91.730.218/0001-57 | C7: FERRAGEM PONTO SUL LTDA | D7: https://ferragempontosul.com.br/product/206105/details/ | F7: 3.2
D8: MEDIANA | F8: 4.03

Sheet Memorial de Cálculo
A2: MEMÓRIA DE CÁLCULO
A4: Itens | B4: Descrição | C4: Unidade | D4: Quantidade | E4: Base de cálculo
A5: ='Orçamento-base'!C13 -> 1.1 | B5: ='Orçamento-base'!G13 -> FORNECIMENTO E INSTALAÇÃO DE PLACA DE OBRA COM CHAPA GALVANIZADA E ESTRUTURA DE MADEIRA. AF_03/2022_PS | C5: ='Orçamento-base'!I13 -> m² | D5: ='Orçamento-base'!H13 -> 2.5 | E5: = 1m x 1m
A6: ='Orçamento-base'!C14 -> 1.2 | B6: ='Orçamento-base'!G14 -> LOCAÇÃO DE PONTO PARA REFERÊNCIA TOPOGRÁFICA. AF_10/2018 | C6: ='Orçamento-base'!I14 -> UN | D6: ='Orçamento-base'!H14 -> 12 | E6: conforme planta de fundações
A7: ='Orçamento-base'!C15 -> 1.3 | B7: ='Orçamento-base'!G15 -> REGULARIZAÇÃO DE SUPERFÍCIES COM MOTONIVELADORA. AF_09/2024 | C7: ='Orçamento-base'!I15 -> m² | D7: ='Orçamento-base'!H15 -> 170 | E7: área de intervenção do terreno a ser utilizado
A8: ='Orçamento-base'!C16 -> 1.4 | B8: ='Orçamento-base'!G16 -> KIT CAVALETE PARA MEDIÇÃO DE ÁGUA - ENTRADA PRINCIPAL, EM PVC 20 MM (1/2") - FORNECIMENTO E INSTALAÇÃO (EXCLUSIVE HIDRÔMETRO). AF_03/2024 | C8: ='Orçamento-base'!I16 -> UN | D8: ='Orçamento-base'!H16 -> 1 | E8: conforme projeto
A9: ='Orçamento-base'!C17 -> 1.5 | B9: ='Orçamento-base'!G17 -> ENTRADA DE ENERGIA ELÉTRICA, AÉREA, MONOFÁSICA, COM CAIXA DE SOBREPOR, CABO DE 10 MM2 E DISJUNTOR DIN 50A (NÃO INCLUSO O POSTE DE CONCRETO). AF_07/2020_PS | C9: ='Orçamento-base'!I17 -> UN | D9: ='Orçamento-base'!H17 -> 1 | E9: conforme projeto
A10: ='Orçamento-base'!C18 -> 1.6 | B10: ='Orçamento-base'!G18 -> POSTE CONICO CONTINUO EM ACO GALVANIZADO, RETO, FLANGEADO, H = 3 M, DIAMETRO INFERIOR = *95* MM | C10: ='Orçamento-base'!I18 -> UN | D10: ='Orçamento-base'!H18 -> 1 | E10: conforme projeto
A11: ='Orçamento-base'!C19 -> 1.7 | B11: ='Orçamento-base'!G19 -> ASSENTAMENTO DE POSTE DE CONCRETO COM COMPRIMENTO NOMINAL DE 9 M, CARGA NOMINAL DE 300 DAN, ENGASTAMENTO BASE CONCRETADA COM 1 M DE CONCRETO E 0,5 M DE SOLO (NÃO INCLUI FORNECIMENTO). AF_11/2019 | C11: ='Orçamento-base'!I19 -> UN | D11: ='Orçamento-base'!H19 -> 1 | E11: conforme projeto
A12: ='Orçamento-base'!C20 -> 2 | B12: ='Orçamento-base'!G20 -> ESTRUTURA
A13: ='Orçamento-base'!C21 -> 2.1 | B13: ='Orçamento-base'!G21 -> ESCAVAÇÃO MANUAL DE VALA. AF_09/2024 | C13: ='Orçamento-base'!I21 -> m³ | D13: ='Orçamento-base'!H21 -> 3.5 | E13: = 38,88m x 0,20, x 0,45m | F13: *
A14: ='Orçamento-base'!C22 -> 2.2 | B14: ='Orçamento-base'!G22 -> ESTACA HÉLICE CONTÍNUA, DIÂMETRO DE 30 CM, INCLUSO CONCRETO FCK=30MPA E ARMADURA MÍNIMA (EXCLUSIVE BOMBEAMENTO, MOBILIZAÇÃO E DESMOBILIZAÇÃO). AF_12/2019_PA | C14: ='Orçamento-base'!I22 -> m | D14: ='Orçamento-base'!H22 -> 18 | E14: = 12 x 1,5m
A15: ='Orçamento-base'!C23 -> 2.3 | B15: ='Orçamento-base'!G23 -> BLOCO DE COROAMENTO 40X40X40, CONCRETO FCK 30MPA - UNID | C15: ='Orçamento-base'!I23 -> UN | D15: ='Orçamento-base'!H23 -> 12 | E15: conforme planta de fundações
A16: ='Orçamento-base'!C24 -> 2.4 | B16: ='Orçamento-base'!G24 -> VIGA DE BALDRAME 15X30, CONCRETO FCK 30MPA-M | C16: ='Orçamento-base'!I24 -> m | D16: ='Orçamento-base'!H24 -> 38.88 | E16: perimetro externo da casa e perimetro das paredes internas | F16: *
A17: ='Orçamento-base'!C25 -> 2.5 | B17: ='Orçamento-base'!G25 -> ASSENTAMENTO DE PEDRA GRÊS PARA ALICERCE, INCLUINDO TELA DE AÇO SOLDADA, PINO DE AÇO E ARGAMASSA M² | C17: ='Orçamento-base'!I25 -> M² | D17: ='Orçamento-base'!H25 -> 23.33 | E17: = 38,88m x 0,20m x 3 | F17: *
A18: ='Orçamento-base'!C26 -> 2.6 | B18: ='Orçamento-base'!G26 -> PAREDE EM EUCALIPTO, COM ACABAMENTO EM PINTURA ESMALTE SINTÉTICO - M² | C18: ='Orçamento-base'!I26 -> m² | D18: ='Orçamento-base'!H26 -> 75.2 | E18: =2,7m x 31,33m - aberturas 9,39m² | F18: *
A19: ='Orçamento-base'!C27 -> 2.7 | B19: ='Orçamento-base'!G27 -> PILAR EM CONCRETO ARMADO FCK 30MPA 40x20X20CM - M² | C19: ='Orçamento-base'!I27 -> UN | D19: ='Orçamento-base'!H27 -> 12 | E19: conforme planta de fundações | F19: *
A20: ='Orçamento-base'!C28 -> 2.8 | B20: ='Orçamento-base'!G28 -> IMPERMEABILIZAÇÃO DE SUPERFÍCIE COM EMULSÃO ASFÁLTICA, 2 DEMÃOS. AF_09/2023 | C20: ='Orçamento-base'!I28 -> m² | D20: ='Orçamento-base'!H28 -> 61.9 | E20: = (38,88 x 0,15)+(38,88 x 0,75) + (35,88 x 0,75) | F20: *
A21: ='Orçamento-base'!C29 -> 2.9 | B21: ='Orçamento-base'!G29 -> ALVENARIA DE VEDAÇÃO DE BLOCOS CERÂMICOS FURADOS NA HORIZONTAL DE 9X19X19 CM (ESPESSURA 9 CM) E ARGAMASSA DE ASSENTAMENTO COM PREPARO EM BETONEIRA. AF_12/2021 | C21: ='Orçamento-base'!I29 -> m² | D21: ='Orçamento-base'!H29 -> 16.74 | E21: = 8,2m x 2,25m - aberturas 1,71m²
A22: ='Orçamento-base'!C30 -> 2.10 | B22: ='Orçamento-base'!G30 -> VIGA BANHIERO 15X30, CONCRETO FCK 30MPA - M | C22: ='Orçamento-base'!I30 -> m | D22: ='Orçamento-base'!H30 -> 8.2 | E22: conforme projeto
A23: ='Orçamento-base'!C31 -> 2.11 | B23: ='Orçamento-base'!G31 -> LAJE PRÉ-MOLDADA UNIDIRECIONAL, BIAPOIADA, PARA FORRO, ENCHIMENTO EM CERÂMICA, VIGOTA CONVENCIONAL, ALTURA TOTAL DA LAJE (ENCHIMENTO+CAPA) = (8+3). AF_11/2020_PA | C23: ='Orçamento-base'!I31 -> m² | D23: ='Orçamento-base'!H31 -> 4 | E23: conforme projeto
A24: ='Orçamento-base'!C32 -> 2.12 | B24: ='Orçamento-base'!G32 -> REATERRO MECANIZADO DE VALA COM ESCAVADEIRA HIDRÁULICA (CAPACIDADE DA CAÇAMBA: 0,8 M³ / POTÊNCIA: 111 HP), LARGURA DE 1,5 A 2,5 M, PROFUNDIDADE ATÉ 1,5 M, COM SOLO DE 1ª CATEGORIA EM LOCAIS COM ALTO NÍVEL DE INTERFERÊNCIA. AF_04/2016 | C24: ='Orçamento-base'!I32 -> m³ | D24: ='Orçamento-base'!H32 -> 24.76 | E24: =(15,34m + 2,86m + 14,82m) x 0,75m | F24: *
A25: ='Orçamento-base'!C33 -> 2.13 | B25: ='Orçamento-base'!G33 -> LASTRO DE CONCRETO MAGRO, APLICADO EM PISOS, LAJES SOBRE SOLO OU RADIERS, ESPESSURA DE 3 CM. AF_01/2024 | C25: ='Orçamento-base'!I33 -> m² | D25: ='Orçamento-base'!H33 -> 38.63 | E25: área de piso conforme projeto
A26: ='Orçamento-base'!C34 -> 2.14 | B26: ='Orçamento-base'!G34 -> LASTRO COM MATERIAL GRANULAR, APLICADO EM PISOS OU LAJES SOBRE SOLO, ESPESSURA DE *5 CM*. AF_01/2024 | C26: ='Orçamento-base'!I34 -> m³ | D26: ='Orçamento-base'!H34 -> 1.95 | E26: = 38,63m² x 0,05m
A27: ='Orçamento-base'!C35 -> 3 | B27: ='Orçamento-base'!G35 -> ABERTURAS
A28: ='Orçamento-base'!C36 -> 3.1 | B28: ='Orçamento-base'!G36 -> JANELA DE MADEIRA (CEDRINHO/ANGELIM OU EQUIV.) TIPO MAXIM-AR, PARA VIDRO, COM BATENTE, ALIZAR E FERRAGENS, EXCLUSIVE VIDRO, ACABAMENTO E CONTRAMARCO, FIXAÇÃO C/ PARAFUSO E ESPUMA - FORNECIMENTO E INSTALAÇÃO. AF_11/2024 | C28: ='Orçamento-base'!I36 -> m² | D28: ='Orçamento-base'!H36 -> 0.24 | E28: = 0,40 x 0,60
A29: ='Orçamento-base'!C37 -> 3.2 | B29: ='Orçamento-base'!G37 -> JANELA BASCULANTE, EM ALUMINIO PERFIL 20, 80 X 60 CM (A X L), 4 FLS (1 FIXA E 3 MOVEIS), ACABAMENTO BRANCO OU BRILHANTE, BATENTE DE 3 A 4 CM, COM VIDRO 4 MM, SEM GUARNICAO | C29: ='Orçamento-base'!I37 -> UN | D29: ='Orçamento-base'!H37 -> 1 | E29: conforme projeto
A30: ='Orçamento-base'!C38 -> 3.3 | B30: ='Orçamento-base'!G38 -> VIDRO TEMPERADO INCOLOR E = 10 MM, SEM COLOCACAO | C30: ='Orçamento-base'!I38 -> m² | D30: ='Orçamento-base'!H38 -> 0.24 | E30: = 0,40 x 0,60
A31: ='Orçamento-base'!C39 -> 3.4 | B31: ='Orçamento-base'!G39 -> JANELA DE MADEIRA (PINUS/EUCALIPTO OU EQUIV.) DE ABRIR COM 4 FOLHAS (2 VENEZIANAS E 2 GUILHOTINAS), COM BATENTE, ALIZAR E FERRAGENS, EXCLUSIVE VIDROS, ACABAMENTO E CONTRAMARCO, FIXAÇÃO C/ PARAFUSO E ESPUMA - FORNECIMENTO E INSTALAÇÃO. AF_11/2024 | C31: ='Orçamento-base'!I39 -> m² | D31: ='Orçamento-base'!H39 -> 4.08 | E31: = (1,44m² x 2) + 1,20m² | F31: *
A32: ='Orçamento-base'!C40 -> 3.5 | B32: ='Orçamento-base'!G40 -> PORTA DE MADEIRA PARA PINTURA, SEMI-OCA (LEVE OU MÉDIA), 70X210CM, ESPESSURA DE 3,5CM, INCLUSO DOBRADIÇAS - FORNECIMENTO E INSTALAÇÃO. AF_12/2019 | C32: ='Orçamento-base'!I40 -> UN | D32: ='Orçamento-base'!H40 -> 3 | E32: conforme projeto
A33: ='Orçamento-base'!C41 -> 3.6 | B33: ='Orçamento-base'!G41 -> PORTA DE MADEIRA PARA PINTURA, SEMI-OCA (LEVE OU MÉDIA), 80X210CM, ESPESSURA DE 3,5CM, INCLUSO DOBRADIÇAS - FORNECIMENTO E INSTALAÇÃO. AF_12/2019 | C33: ='Orçamento-base'!I41 -> UN | D33: ='Orçamento-base'!H41 -> 2 | E33: conforme projeto
A34: ='Orçamento-base'!C42 -> 3.7 | B34: ='Orçamento-base'!G42 -> PINTURA TINTA DE ACABAMENTO (PIGMENTADA) ESMALTE SINTÉTICO BRILHANTE EM MADEIRA, 3 DEMÃOS. AF_01/2021 | C34: ='Orçamento-base'!I42 -> m² | D34: ='Orçamento-base'!H42 -> 24.18 | E34: = janelas madeira: 8,64m² portas madeiras: 15,54m² | F34: *
A35: ='Orçamento-base'!C43 -> 4 | B35: ='Orçamento-base'!G43 -> COBERTURA
A36: ='Orçamento-base'!C44 -> 4.1 | B36: ='Orçamento-base'!G44 -> FABRICAÇÃO E INSTALAÇÃO DE TESOURA INTEIRA EM MADEIRA NÃO APARELHADA, VÃO DE 3 M, PARA TELHA CERÂMICA OU DE CONCRETO, INCLUSO IÇAMENTO. AF_07/2019 | C36: ='Orçamento-base'!I44 -> UN | D36: ='Orçamento-base'!H44 -> 8 | E36: conforme projeto
A37: ='Orçamento-base'!C45 -> 4.2 | B37: ='Orçamento-base'!G45 -> TRAMA DE MADEIRA COMPOSTA POR TERÇAS PARA TELHADOS DE ATÉ 2 ÁGUAS PARA TELHA ONDULADA DE FIBROCIMENTO, METÁLICA, PLÁSTICA OU TERMOACÚSTICA, INCLUSO TRANSPORTE VERTICAL. AF_07/2019 | C37: ='Orçamento-base'!I45 -> m² | D37: ='Orçamento-base'!H45 -> 52 | E37: área de telhado conforme projeto
A38: ='Orçamento-base'!C46 -> 4.3 | B38: ='Orçamento-base'!G46 -> TELHAMENTO COM TELHA ONDULADA DE FIBROCIMENTO E = 6 MM, COM RECOBRIMENTO LATERAL DE 1/4 DE ONDA PARA TELHADO COM INCLINAÇÃO MAIOR QUE 10°, COM ATÉ 2 ÁGUAS, INCLUSO IÇAMENTO. AF_07/2019 | C38: ='Orçamento-base'!I46 -> m² | D38: ='Orçamento-base'!H46 -> 52 | E38: área de telhado conforme projeto
A39: ='Orçamento-base'!C47 -> 4.4 | B39: ='Orçamento-base'!G47 -> FORRO EM MADEIRA PINUS, PARA AMBIENTES RESIDENCIAIS, INCLUSIVE ESTRUTURA UNIDIRECIONAL DE FIXAÇÃO. AF_08/2023 | C39: ='Orçamento-base'!I47 -> m² | D39: ='Orçamento-base'!H47 -> 49.27 | E39: = 3,35m² + 3,35m² + 6,72m² + 2,86m² + 7,93m² + 1,2m² + 7,93m² +8,62m² + 7,31m³ | F39: *
A40: ='Orçamento-base'!C48 -> 4.5 | B40: ='Orçamento-base'!G48 -> ACABAMENTOS PARA FORRO (RODA-FORRO EM MADEIRA PINUS). AF_08/2023 | C40: ='Orçamento-base'!I48 -> m | D40: ='Orçamento-base'!H48 -> 78.75 | E40: = 11,29m+4,6m+7m+11,28m+17,2m+27,38m | F40: *
A41: ='Orçamento-base'!C49 -> 5 | B41: ='Orçamento-base'!G49 -> PINTURA E REVESTIMENTOS
A42: ='Orçamento-base'!C50 -> 5.1 | B42: ='Orçamento-base'!G50 -> MASSA ÚNICA, EM ARGAMASSA TRAÇO 1:2:8, PREPARO MECÂNICO, APLICADA MANUALMENTE EM PAREDES INTERNAS DE AMBIENTES COM ÁREA ENTRE 5M² E 10M², E = 17,5MM, COM TALISCAS. AF_03/2024 | C42: ='Orçamento-base'!I50 -> m² | D42: ='Orçamento-base'!H50 -> 39.08 | E42: = (8,2m x 2,7m) + (7m x 2,5m) + 2,86m - abeturas | F42: *
A43: ='Orçamento-base'!C51 -> 5.2 | B43: ='Orçamento-base'!G51 -> REVESTIMENTO CERÂMICO PARA PISO COM PLACAS TIPO ESMALTADA PADRÃO POPULAR DE DIMENSÕES 35X35 CM APLICADA EM AMBIENTES DE ÁREA MENOR QUE 5 M2. AF_02/2023_PE | C43: ='Orçamento-base'!I51 -> m² | D43: ='Orçamento-base'!H51 -> 35.85 | E43: = 7,92m² + 7,31m² + 1,2m² + 2,86m² + 8,62m² + 7,93m²
A44: ='Orçamento-base'!C52 -> 5.3 | B44: ='Orçamento-base'!G52 -> REVESTIMENTO CERÂMICO PARA PAREDES INTERNAS COM PLACAS TIPO ESMALTADA PADRÃO POPULAR DE DIMENSÕES 20X20 CM, ARGAMASSA TIPO AC I, APLICADAS EM AMBIENTES DE ÁREA MENOR QUE 5 M2 A MEIA ALTURA DAS PAREDES. AF_06/2014 | C44: ='Orçamento-base'!I52 -> m² | D44: ='Orçamento-base'!H52 -> 15.79 | E44: = 7m x 2,5m - aberturas 1,71m² | F44: *
A45: ='Orçamento-base'!C53 -> 5.4 | B45: ='Orçamento-base'!G53 -> PINTURA LÁTEX ACRÍLICA PREMIUM, APLICAÇÃO MANUAL EM PAREDES, DUAS DEMÃOS. AF_04/2023 | C45: ='Orçamento-base'!I53 -> m² | D45: ='Orçamento-base'!H53 -> 20.37 | E45: = 8,2m 2,7m - aberturas 1,77m² | F45: *
A46: ='Orçamento-base'!C54 -> 6 | B46: ='Orçamento-base'!G54 -> HIDROSSANITÁRIO
A47: ='Orçamento-base'!C55 -> 6.1 | B47: ='Orçamento-base'!G55 -> REGISTRO DE GAVETA BRUTO, LATÃO, ROSCÁVEL, 1", COM ACABAMENTO E CANOPLA CROMADOS - FORNECIMENTO E INSTALAÇÃO. AF_08/2021 | C47: ='Orçamento-base'!I55 -> UN | D47: ='Orçamento-base'!H55 -> 2 | E47: conforme projeto
A48: ='Orçamento-base'!C56 -> 6.2 | B48: ='Orçamento-base'!G56 -> ENGATE FLEXÍVEL EM PLÁSTICO BRANCO, 1/2" X 30CM - FORNECIMENTO E INSTALAÇÃO. AF_01/2020 | C48: ='Orçamento-base'!I56 -> UN | D48: ='Orçamento-base'!H56 -> 2 | E48: conforme projeto
A49: ='Orçamento-base'!C57 -> 6.3 | B49: ='Orçamento-base'!G57 -> TUBO, PVC, SOLDÁVEL, DE 20MM, INSTALADO EM RAMAL OU SUB-RAMAL DE ÁGUA - FORNECIMENTO E INSTALAÇÃO. AF_06/2022 | C49: ='Orçamento-base'!I57 -> m | D49: ='Orçamento-base'!H57 -> 37.5 | E49: conforme projeto
A50: ='Orçamento-base'!C58 -> 6.4 | B50: ='Orçamento-base'!G58 -> TUBO PVC, SERIE NORMAL, ESGOTO PREDIAL, DN 40 MM, FORNECIDO E INSTALADO EM RAMAL DE DESCARGA OU RAMAL DE ESGOTO SANITÁRIO. AF_08/2022 | C50: ='Orçamento-base'!I58 -> m | D50: ='Orçamento-base'!H58 -> 8.5 | E50: conforme projeto
A51: ='Orçamento-base'!C59 -> 6.5 | B51: ='Orçamento-base'!G59 -> TUBO PVC, SERIE NORMAL, ESGOTO PREDIAL, DN 50 MM, FORNECIDO E INSTALADO EM RAMAL DE DESCARGA OU RAMAL DE ESGOTO SANITÁRIO. AF_08/2022 | C51: ='Orçamento-base'!I59 -> m² | D51: ='Orçamento-base'!H59 -> 6.5 | E51: conforme projeto
A52: ='Orçamento-base'!C60 -> 6.6 | B52: ='Orçamento-base'!G60 -> TUBO PVC, SERIE NORMAL, ESGOTO PREDIAL, DN 100 MM, FORNECIDO E INSTALADO EM RAMAL DE DESCARGA OU RAMAL DE ESGOTO SANITÁRIO. AF_08/2022 | C52: ='Orçamento-base'!I60 -> m | D52: ='Orçamento-base'!H60 -> 4.5 | E52: conforme projeto
A53: ='Orçamento-base'!C61 -> 6.7 | B53: ='Orçamento-base'!G61 -> CAIXA DE GORDURA SIMPLES (CAPACIDADE: 36 L), RETANGULAR, EM ALVENARIA COM BLOCOS DE CONCRETO, DIMENSÕES INTERNAS = 0,2X0,4 M, ALTURA INTERNA = 0,8 M. AF_12/2020 | C53: ='Orçamento-base'!I61 -> UN | D53: ='Orçamento-base'!H61 -> 1 | E53: conforme projeto
A54: ='Orçamento-base'!C62 -> 6.8 | B54: ='Orçamento-base'!G62 -> CAIXA ENTERRADA HIDRÁULICA RETANGULAR, EM CONCRETO PRÉ-MOLDADO, DIMENSÕES INTERNAS: 0,6X0,6X0,5 M. AF_12/2020 | C54: ='Orçamento-base'!I62 -> UN | D54: ='Orçamento-base'!H62 -> 1 | E54: conforme projeto
A55: ='Orçamento-base'!C63 -> 6.9 | B55: ='Orçamento-base'!G63 -> RALO SIFONADO, PVC, DN 100 X 40 MM, JUNTA SOLDÁVEL, FORNECIDO E INSTALADO EM RAMAL DE DESCARGA OU EM RAMAL DE ESGOTO SANITÁRIO. AF_08/2022 | C55: ='Orçamento-base'!I63 -> UN | D55: ='Orçamento-base'!H63 -> 1 | E55: conforme projeto
A56: ='Orçamento-base'!C64 -> 6.10 | B56: ='Orçamento-base'!G64 -> SUMIDOURO RETANGULAR, EM ALVENARIA COM TIJOLOS CERÂMICOS MACIÇOS, DIMENSÕES INTERNAS: 0,8 X 1,4 X H=3,0 M, ÁREA DE INFILTRAÇÃO: 13,2 M² (PARA 5 CONTRIBUINTES). AF_12/2020 | C56: ='Orçamento-base'!I64 -> UN | D56: ='Orçamento-base'!H64 -> 1 | E56: conforme projeto
A57: ='Orçamento-base'!C65 -> 6.11 | B57: ='Orçamento-base'!G65 -> BANCADA GRANITO CINZA 150 X 60 CM, COM CUBA DE EMBUTIR DE AÇO, VÁLVULA AMERICANA EM METAL, SIFÃO FLEXÍVEL EM PVC, ENGATE FLEXÍVEL 30 CM, TORNEIRA CROMADA LONGA, DE PAREDE, 1/2" OU 3/4", P/ COZINHA, PADRÃO POPULAR - FORNEC. E INSTALAÇÃO. AF_01/2020 | C57: ='Orçamento-base'!I65 -> UN | D57: ='Orçamento-base'!H65 -> 1 | E57: conforme projeto
A58: ='Orçamento-base'!C66 -> 6.12 | B58: ='Orçamento-base'!G66 -> TANQUE SÉPTICO CIRCULAR, EM CONCRETO PRÉ-MOLDADO, DIÂMETRO INTERNO = 1,10 M, ALTURA INTERNA = 2,50 M, VOLUME ÚTIL: 2138,2 L (PARA 5 CONTRIBUINTES). AF_12/2020_PA | C58: ='Orçamento-base'!I66 -> UN | D58: ='Orçamento-base'!H66 -> 1 | E58: conforme projeto
... A64: ='Orçamento-base'!C72 -> 6.18 | B64: ='Orçamento-base'!G72 -> FILTRO ANAERÓBIO CIRCULAR, EM CONCRETO PRÉ-MOLDADO, DIÂMETRO INTERNO = 1,10 M, ALTURA INTERNA = 1,50 M, VOLUME ÚTIL: 1140,4 L (PARA 5 CONTRIBUINTES). AF_12/2020_PA | C64: ='Orçamento-base'!I72 -> UN | D64: ='Orçamento-base'!H72 -> 1 | E64: conforme projeto
A65: ='Orçamento-base'!C73 -> 7 | B65: ='Orçamento-base'!G73 -> ELÉTRICO
A66: ='Orçamento-base'!C74 -> 7.1 | B66: ='Orçamento-base'!G74 -> QUADRO DE DISTRIBUIÇÃO DE ENERGIA EM PVC, DE EMBUTIR, SEM BARRAMENTO, PARA 6 DISJUNTORES - FORNECIMENTO E INSTALAÇÃO. AF_10/2020 | C66: ='Orçamento-base'!I74 -> UN | D66: ='Orçamento-base'!H74 -> 1 | E66: conforme projeto
A67: ='Orçamento-base'!C75 -> 7.2 | B67: ='Orçamento-base'!G75 -> DISJUNTOR MONOPOLAR TIPO DIN, CORRENTE NOMINAL DE 10A - FORNECIMENTO E INSTALAÇÃO. AF_10/2020 | C67: ='Orçamento-base'!I75 -> UN | D67: ='Orçamento-base'!H75 -> 2 | E67: conforme projeto
A68: ='Orçamento-base'!C76 -> 7.3 | B68: ='Orçamento-base'!G76 -> DISJUNTOR MONOPOLAR TIPO DIN, CORRENTE NOMINAL DE 16A - FORNECIMENTO E INSTALAÇÃO. AF_10/2020 | C68: ='Orçamento-base'!I76 -> UN | D68: ='Orçamento-base'!H76 -> 1 | E68: conforme projeto
A69: ='Orçamento-base'!C77 -> 7.4 | B69: ='Orçamento-base'!G77 -> DISJUNTOR MONOPOLAR TIPO DIN, CORRENTE NOMINAL DE 32A - FORNECIMENTO E INSTALAÇÃO. AF_10/2020 | C69: ='Orçamento-base'!I77 -> UN | D69: ='Orçamento-base'!H77 -> 1 | E69: conforme projeto
A70: ='Orçamento-base'!C78 -> 7.5 | B70: ='Orçamento-base'!G78 -> ELETRODUTO FLEXÍVEL CORRUGADO, PVC, DN 20 MM (1/2"), PARA CIRCUITOS TERMINAIS, INSTALADO EM FORRO - FORNECIMENTO E INSTALAÇÃO. AF_03/2023_PA | C70: ='Orçamento-base'!I78 -> m | D70: ='Orçamento-base'!H78 -> 67.5 | E70: conforme projeto
A71: ='Orçamento-base'!C79 -> 7.6 | B71: ='Orçamento-base'!G79 -> CABO DE COBRE FLEXÍVEL ISOLADO, 1,5 MM², ANTI-CHAMA 450/750 V, PARA CIRCUITOS TERMINAIS - FORNECIMENTO E INSTALAÇÃO. AF_03/2023 | C71: ='Orçamento-base'!I79 -> m | D71: ='Orçamento-base'!H79 -> 272.41 | E71: conforme projeto
A72: ='Orçamento-base'!C80 -> 7.7 | B72: ='Orçamento-base'!G80 -> CABO DE COBRE FLEXÍVEL ISOLADO, 2,5 MM², ANTI-CHAMA 450/750 V, PARA CIRCUITOS TERMINAIS - FORNECIMENTO E INSTALAÇÃO. AF_03/2023 | C72: ='Orçamento-base'!I80 -> m | D72: ='Orçamento-base'!H80 -> 20 | E72: conforme projeto
A73: ='Orçamento-base'!C81 -> 7.8 | B73: ='Orçamento-base'!G81 -> CABO DE COBRE FLEXÍVEL ISOLADO, 6 MM², ANTI-CHAMA 450/750 V, PARA CIRCUITOS TERMINAIS - FORNECIMENTO E INSTALAÇÃO. AF_03/2023 | C73: ='Orçamento-base'!I81 -> m | D73: ='Orçamento-base'!H81 -> 20 | E73: conforme projeto
A74: ='Orçamento-base'!C82 -> 7.9 | B74: ='Orçamento-base'!G82 -> TOMADA ALTA DE EMBUTIR (1 MÓDULO), 2P+T 10 A, INCLUINDO SUPORTE E PLACA - FORNECIMENTO E INSTALAÇÃO. AF_03/2023 | C74: ='Orçamento-base'!I82 -> UN | D74: ='Orçamento-base'!H82 -> 7 | E74: conforme projeto
A75: ='Orçamento-base'!C83 -> 7.10 | B75: ='Orçamento-base'!G83 -> TOMADA BAIXA DE EMBUTIR (2 MÓDULOS), 2P+T 10 A, INCLUINDO SUPORTE E PLACA - FORNECIMENTO E INSTALAÇÃO. AF_03/2023 | C75: ='Orçamento-base'!I83 -> UN | D75: ='Orçamento-base'!H83 -> 1 | E75: conforme projeto
A76: ='Orçamento-base'!C84 -> 7.11 | B76: ='Orçamento-base'!G84 -> INTERRUPTOR SIMPLES (1 MÓDULO) COM 1 TOMADA DE EMBUTIR 2P+T 10 A, INCLUINDO SUPORTE E PLACA - FORNECIMENTO E INSTALAÇÃO. AF_03/2023 | C76: ='Orçamento-base'!I84 -> UN | D76: ='Orçamento-base'!H84 -> 2 | E76: conforme projeto
A77: ='Orçamento-base'!C85 -> 7.12 | B77: ='Orçamento-base'!G85 -> INTERRUPTOR SIMPLES (1 MÓDULO), 10A/250V, INCLUINDO SUPORTE E PLACA - FORNECIMENTO E INSTALAÇÃO. AF_03/2023 | C77: ='Orçamento-base'!I85 -> UN | D77: ='Orçamento-base'!H85 -> 4 | E77: conforme projeto
... A80: ='Orçamento-base'!C88 -> 7.15 | B80: ='Orçamento-base'!G88 -> TOMADA MÉDIA DE EMBUTIR (1 MÓDULO), 2P+T 10 A, INCLUINDO SUPORTE E PLACA - FORNECIMENTO E INSTALAÇÃO. AF_03/2023 | C80: ='Orçamento-base'!I88 -> UN | D80: ='Orçamento-base'!H88 -> 4 | E80: conforme projeto

Sheet Tipo de Objeto x Familia
A1: Tipo de Objeto | B1: Código | C1: Família | D1: apoio1 | E1: apoio2 | F1: Tipo de Objeto | G1: Código Família | H1: Família
A2: Compras | B2: 2 | C2: equipamentos/materiais p/escritorio/escola/artes plasticas | D2: 1 | E2: =IF(A2=$F$2,B2,"") | F2: =IF(Identificação!$B$5=0,"",Identificação!$B$5) -> Obras e Serviços de Engenharia | G2: =IFERROR(SMALL($E$2:$E$250,D2),"") -> 7 | H2: =IFERROR(VLOOKUP(G2,#REF!,2,FALSE),"")
A3: Compras e Outros Serviços | B3: 2 | C3: equipamentos/materiais p/escritorio/escola/artes plasticas | D3: 2 | E3: =IF(A3=$F$2,B3,"") | G3: =IFERROR(SMALL($E$2:$E$250,D3),"") -> 8 | H3: =IFERROR(VLOOKUP(G3,#REF!,2,FALSE),"")
A4: Compras e Outros Serviços | B4: 3 | C4: servicos técnicos: projetos/auditorias/ consultorias/assessorias | D4: 3 | E4: =IF(A4=$F$2,B4,"") | G4: =IFERROR(SMALL($E$2:$E$250,D4),"") -> 9 | H4: =IFERROR(VLOOKUP(G4,#REF!,2,FALSE),"")
A5: Outros Serviços | B5: 3 | C5: servicos técnicos: projetos/auditorias/ consultorias/assessorias | D5: 4 | E5: =IF(A5=$F$2,B5,"") | G5: =IFERROR(SMALL($E$2:$E$250,D5),"") -> 10 | H5: =IFERROR(VLOOKUP(G5,#REF!,2,FALSE),"")
A6: Obras e Serviços de Engenharia | B6: 7 | C6: serviços de engenharia/obras: resíduos sólidos | D6: 5 | E6: =IF(A6=$F$2,B6,"") -> 7 | G6: =IFERROR(SMALL($E$2:$E$250,D6),"") -> 11 | H6: =IFERROR(VLOOKUP(G6,#REF!,2,FALSE),"")
A7: Obras e Serviços de Engenharia | B7: 8 | C7: serviços de engenharia/obras: edificações | D7: 6 | E7: =IF(A7=$F$2,B7,"") -> 8 | G7: =IFERROR(SMALL($E$2:$E$250,D7),"") -> 12 | H7: =IFERROR(VLOOKUP(G7,#REF!,2,FALSE),"")
A8: Obras e Serviços de Engenharia | B8: 9 | C8: serviços de engenharia/obras: rodovias, ferrovias e aeroportos | D8: 7 | E8: =IF(A8=$F$2,B8,"") -> 9 | G8: =IFERROR(SMALL($E$2:$E$250,D8),"") -> 13 | H8: =IFERROR(VLOOKUP(G8,#REF!,2,FALSE),"")
A9: Obras e Serviços de Engenharia | B9: 10 | C9: serviços de engenharia/obras: obras-de-arte-especiais | D9: 8 | E9: =IF(A9=$F$2,B9,"") -> 10 | G9: =IFERROR(SMALL($E$2:$E$250,D9),"") -> 14 | H9: =IFERROR(VLOOKUP(G9,#REF!,2,FALSE),"")
A10: Obras e Serviços de Engenharia | B10: 11 | C10: serviços de engenharia/obras: urbanização | D10: 9 | E10: =IF(A10=$F$2,B10,"") -> 11 | G10: =IFERROR(SMALL($E$2:$E$250,D10),"") -> 15 | H10: =IFERROR(VLOOKUP(G10,#REF!,2,FALSE),"")
A11: Obras e Serviços de Engenharia | B11: 12 | C11: serviços de engenharia/obras: infraestrutura de energia | D11: 10 | E11: =IF(A11=$F$2,B11,"") -> 12 | G11: =IFERROR(SMALL($E$2:$E$250,D11),"") -> 16 | H11: =IFERROR(VLOOKUP(G11,#REF!,2,FALSE),"")
A12: Obras e Serviços de Engenharia | B12: 13 | C12: serviços de engenharia/obras: saneamento | D12: 11 | E12: =IF(A12=$F$2,B12,"") -> 13 | G12: =IFERROR(SMALL($E$2:$E$250,D12),"") -> 17 | H12: =IFERROR(VLOOKUP(G12,#REF!,2,FALSE),"")
A13: Obras e Serviços de Engenharia | B13: 14 | C13: serviços de engenharia/obras: obras portuárias, marítimas e fluviais | D13: 12 | E13: =IF(A13=$F$2,B13,"") -> 14 | G13: =IFERROR(SMALL($E$2:$E$250,D13),"") | H13: =IFERROR(VLOOKUP(G13,#REF!,2,FALSE),"")
A14: Obras e Serviços de Engenharia | B14: 15 | C14: serviços de engenharia/obras: serviços especializados para construção | D14: 13 | E14: =IF(A14=$F$2,B14,"") -> 15 | G14: =IFERROR(SMALL($E$2:$E$250,D14),"") | H14: =IFERROR(VLOOKUP(G14,#REF!,2,FALSE),"")
... A250: Compras e Outros Serviços | B250: 990 | C250: produtos quimicos de limpeza/higiene | D250: 249 | E250: =IF(A250=$F$2,B250,"") | G250: =IFERROR(SMALL($E$2:$E$250,D250),"") | H250: =IFERROR(VLOOKUP(G250,#REF!,2,FALSE),"")
